Workbook

Sheet 1. ESTABLECIMIENTO CONTEXTO 
B1: MAPA DE RIESGOS DE PROCESO | L1: CÓDIGO: F-GM-29
L2: VERSIÓN: 05
L3: FECHA: 30/03/2022
L4: PÁGINA: 1 de 3
A6: 4.2.1. ESTABLECIMIENTO DEL CONTEXTO
A9: PROCESO: | D9: Gestión de Comunicaciones
A10: FECHA DE ELABORACIÓN O ACTUALIZACIÓN: | E10: Diciembre de 2021
A11: RESPONSABLE (s) DE ELABORACIÓN O ACTUALIZACIÓN | F11: Marcela Joya
A14: Factor: Externo/Interno/Proceso | D14: Variable | G14: ¿Cómo me puede afectar?
G15: CARÁCTER: Positivo/negativo | I15: Breve análisis
A16: Factor Externo | C16: Factor Externo | D16: Cambio de Administración | G16: POSITIVO | H16: POSITIVO | I16: El cambio de administración pudiera llevar a que se reestructuren los procesos de manera positiva, incluyendo el de comunicaciones.
A17: Factor Externo | C17: Factor Interno | D17: Cambio en la planeación estratégica | G17: POSITIVO | H17: NEGATIVO | I17: Cambio de los objetivos estratégicos del Instituto, lo cual podría llevar a priorizar nuevos aspectos de interés, donde uno de los temas podrían ser las estrategias comunicacionales. Pudieran surgir nuevas formas de comunicar.
A18: Factor Externo | C18: Factor de proceso | D18: Directrices comunicacionales de la Alcaldía | G18: NEGATIVO | I18: Existe desarticulación entre y las estrategias externas y las necesidades de comunicación interna.
A19: Factor Externo | D19: Reputación negativa | G19: NEGATIVO | I19: Genera obstáculos en los flujos de comunicación hacia los grupos de interés. Genera distorsiones en los mensajes, percepción de inestabilidad hacia el Instituto.
A20: Factor Externo | D20: Participación en espacios de ciudad | G20: POSITIVO | I20: Puede llevar a desplegar estrategias de posicionamiento de marca como Instituto, que puede agregar valor y visibilizan en el rol del instituto hacia la comunidad.
A21: Factor Externo | D21: Conflictos coyunturales | G21: NEGATIVO | I21: Genera inestabilidad, perdida de credibilidad, desconfianza en la labor del Instituto
A22: Factor Externo | D22: Relaciones interinstitucionales | G22: POSITIVO | I22: Conlleva al desarrollo de estrategias conjuntas enfocadas al cumplimiento del objeto social del Instituto. Las relaciones se pudieran fortalecer permitiendo el cumplimiento de las metas.
A23: Factor Externo | D23: Manipulación de la información desde fuentes externas | G23: NEGATIVO | I23: Manejos indebidos de la información que puede desvirtuar el mensaje original afectando el tema de imagen de la entidad.
A24: Factor Externo | D24: Retroalimentación desde grupos de interés | G24: POSITIVO | I24: Lo cual permite la retroalimentación del proceso y la mejora continua del mismo.
A25: Factor Externo | D25: Adopción de nuevas tecnologías | G25: POSITIVO | I25: Esto puede llevar a que al adoptar las nuevas tecnologías de parte del Instituto se mejore la comunicación con los usuarios, genera nuevas culturas de servicios.
A26: Factor Interno | D26: Alineación de objetivos estratégicos | G26: NEGATIVO | I26: Desarticulación, una incoherencia entre los objetivos planteados y el paso a paso para conseguirlos. Falta de coordinación entre equipos, fallas en la comunicación interna. Afecta la toma de decisiones para un objetivo común
A27: Factor Interno | D27: Ambiente físico | G27: NEGATIVO | I27: Actualmente el proceso y en general el Instituto no cuenta con condiciones optimas en términos de espacios de trabajo para el adecuado desempeño laboral.
A28: Factor Interno | D28: Competencias del personal | G28: POSITIVO | I28: Las competencias del equipo de comunicación propician una consecución de buenos resultados enfocados al cumplimiento del plan de comunicaciones. El equipo del proceso de comunicaciones desarrolla las actividades con propiedad enfocado a el cumplimiento del directrices estratégicas
A29: Factor Interno | D29: Distorsión de la información | G29: NEGATIVO | I29: Deteriora el clima laboral, afecta la productividad del proceso, afecta la imagen de los servidores públicos y el relacionamiento entre los mismos.
A30: Factor Interno | D30: Trabajo en equipo | G30: POSITIVO | I30: Existe una articulaciones entre los roles y responsabilidad de los integrantes del equipo de trabajo lo cual permite superar de buena forma situaciones difíciles.
... A33: Factor Interno | D33: Inestabilidad en el personal del proceso | G33: NEGATIVO | I33: Genera inestabilidad en el proceso en relación al desarrollo de las funciones, se pude presentar fuga de conocimientos y desarticulación en la dinámica de trabajo.

Sheet 2. MATRIZ DE RIESGOS
D1: MAPA DE RIESGOS DE PROCESO | AG1: CÓDIGO: F-GM-29
AG2: VERSIÓN: 04
AG3: FECHA: 21/12/2021
AG4: PÁGINA: 3 de 3
A6: PROCESO: | D6: Gestión de Comunicaciones | F6: FECHA DE ELABORACIÓN O ACTUALIZACIÓN: | H6: marzo de 2025
F7: RESPONSABLE (s) DE ELABORACIÓN O ACTUALIZACIÓN | H7: Asesor de Comunicaciones
A8: OBJETIVO: | D8: Definir las estrategias comunicacionales del Instituto Social de Vivienda y Hábitat de Medellín, ISVIMED, garantizando la satisfacción de los públicos objetivos.
A9: ALCANCE: | D9: Diseño, formulación, implementación y seguimiento a las estrategias comunicacionales
A11: 4.2. IDENTIFICACION DEL RIESGO | J11: 4.3. EVALUACIÓN DEL RIESGO | AI11: 4.4. TRATAMIENTO DEL RIESGO | AK11: SEGUIMIENTO TRIMESTRE 1 DE 2026 | AL11: RELACIÓN DE EVIDENCIAS IMPORTANTE:- RELACIONAR LOS ENLACES SOBRE MATERIALIZACION DE RIESGOS Y SOBRE APLICACIÓN DE CONTROLES -LAS EVIDENCIAS SOBRE APLICACIÓN DE CONTROLES SON LAS QUE SE ENCUENTRAN EN LA COLUMNA X - RELACIONARLAS UNA A UNA CON EL ENLACE CORRESPONDIENTE. | AM11: SEGUIMIENTO TRIMESTRE 2 DE 2026 | AN11: RELACIÓN DE EVIDENCIAS IMPORTANTE:- RELACIONAR LOS ENLACES SOBRE MATERIALIZACION DE RIESGOS Y SOBRE APLICACIÓN DE CONTROLES -LAS EVIDENCIAS SOBRE APLICACIÓN DE CONTROLES SON LAS QUE SE ENCUENTRAN EN LA COLUMNA X - RELACIONARLAS UNA A UNA CON EL ENLACE CORRESPONDIENTE. | AO11: SEGUIMIENTO TRIMESTRE 3 DE 2026 | AP11: RELACIÓN DE EVIDENCIAS IMPORTANTE:- RELACIONAR LOS ENLACES SOBRE MATERIALIZACION DE RIESGOS Y SOBRE APLICACIÓN DE CONTROLES -LAS EVIDENCIAS SOBRE APLICACIÓN DE CONTROLES SON LAS QUE SE ENCUENTRAN EN LA COLUMNA X - RELACIONARLAS UNA A UNA CON EL ENLACE CORRESPONDIENTE. | AQ11: SEGUIMIENTO TRIMESTRE 4 DE 2026 | AR11: RELACIÓN DE EVIDENCIAS IMPORTANTE:- RELACIONAR LOS ENLACES SOBRE MATERIALIZACION DE RIESGOS Y SOBRE APLICACIÓN DE CONTROLES -LAS EVIDENCIAS SOBRE APLICACIÓN DE CONTROLES SON LAS QUE SE ENCUENTRAN EN LA COLUMNA X - RELACIONARLAS UNA A UNA CON EL ENLACE CORRESPONDIENTE.
A12: Referencia | B12: Objetivo / Requisto a cumplir | C12: Temática / Linea de Acción | D12: 1. QUE? | E12: 2. COMO SE REFLEJA? | F12: 3. POR QUE? (Evento Potencial Principal) | G12: Descripción del Riesgo (1+2+3) | H12: Causa (Evento Potencial Intermedio) | I12: Clasificación del Riesgo | J12: EVALUACION DE RIESGO INHERENTE | O12: VALORACION DE CONTROLES | AD12: EVALUACION DEL RIESGO RESIDUAL | AI12: Tratamiento | AJ12: FORMULAR ACCIONES ESPECIFICAS
J13: Probabilidad Inherente | K13: % | L13: Impacto Inherente | M13: % | N13: Zona de Riesgo Inherente | O13: No. Control | P13: Descripción del Control (Medida Actual) | Q13: Afectación | R13: Atributos | Y13: Probabilidad Residual | Z13: Probabilidad Residual | AA13: % | AB13: Impacto Residual | AC13: % | AD13: Probabilidad Residual Final | AE13: % | AF13: Impacto Residual Final | AG13: % | AH13: Zona de Riesgo Residual Final | AJ13: VER ACCION #
R14: Tipo | S14: Implementación | T14: Calificación | U14: Documentación | V14: Frecuencia | W14: Evidencia | X14: Nombre de la evidencia
A15: GC5 | B15: lograr un 70% de noticias, menciones y ruedas de prensa con percepción positiva de manera semestral. Garantizar que el 100% de los productos gráficos y digitales estén acordes al Manual de marca y a los lineamientos de Publicidad y Marca del Distrito de Medellín en cada vigencia. | C15: Gestión de Prensa y Medios de Comunicación (Comunicación Externa) | D15: Posibilidad de afectación reputacional del Instituto | E15: reflejada en: - la existencia de menciones negativas en el monitoreo de medios de comunicación - Cancelación del Plan de Pauta en medios de comunicación y cierre de cuentas de redes sociales por parte de la Secretaría de Comunicaciones del Distrito | F15: debido a que las noticias, menciones, ruedas de prensa y productos gráficos y digitales no impacten de manera positiva la gestión y reputación del Instituto. | G15: Posibilidad de afectación reputacional del Instituto reflejada reflejada en la existencia de menciones negativas en el monitoreo de medios de comunicación, asi como la cancelación del Plan de Pauta en medios de comunicación por parte de la Jefatura de Prensa del Distrito, debido a que las noticias, menciones y ruedas de prensa no impacten de manera positiva la gestión y reputación del Instituto | H15: 1. Las noticias, menciones, ruedas de prensa y contenidos digitales no están aprobados según lineamientos de la Secretaria de Comunicaciones del Distrito. | I15: Gestión | J15: Alta | K15: =IF(J15="","",IF(J15="Muy Baja",0.2,IF(J15="Baja",0.4,IF(J15="Media",0.6,IF(J15="Alta",0.8,IF(J15="Muy Alta",1,)))))) -> 0.8 | L15: Mayor | M15: =IF(L15="","",IF(L15="Leve",0.2,IF(L15="Menor",0.4,IF(L15="Moderado",0.6,IF(L15="Mayor",0.8,IF(L15="Catastrófico",1,)))))) -> 0.8 | N15: =IF(OR(AND(J15="Muy Baja",L15="Leve"),AND(J15="Muy Baja",L15="Menor"),AND(J15="Baja",L15="Leve")),"Bajo",IF(OR(AND(J15="Muy baja",L15="Moderado"),AND(J15="Baja",L15="Menor"),AND(J15="Baja",L15="Moderado"),AND(J15="Media",L15="Leve"),AND(J15="Media",L15="Menor"),AND(J15="Media",L15="Moderado"),AND(J15="Alta",L15="Leve"),AND(J15="Alta",L15="Menor")),"Moderado",IF(OR(AND(J15="Muy Baja",L15="Mayor"),AND(J15="Baja",L15="Mayor"),AND(J15="Media",L15="Mayor"),AND(J15="Alta",L15="Moderado"),AND(J15="Alta",L15="Mayor"),AND(J15="Muy Alta",L15="Leve"),AND(J15="Muy Alta",L15="Menor"),AND(J15="Muy Alta",L15="Moderado"),AND(J15="Muy Alta",L15="Mayor")),"Alto",IF(OR(AND(J15="Muy Baja",L15="Catastrófico"),AND(J15="Baja",L15="Catastrófico"),AND(J15="Media",L15="Catastrófico"),AND(J15="Alta",L15="Catastrófico"),AND(J15="Muy Alta",L15="Catastrófico")),"Extremo","")))) -> Alto | O15: 1 | P15: Las noticias, menciones, ruedas de prensa y contenidos digitales que van a ser sometidas a aprobación con la Secretaría de Comunicaciones del Distrito son analizadas en el Equipo Primario del proceso de Comunicaciones con el objetivo de incluirlos en la Matriz de contenidos de comunicaciones del Distrito. El enlace de comunicaciones del Isvimed envía la matriz de contenidos al enlace de comunicaciones del Distrito para que sean analizados y viabilizados en el Comité que se realiza de manera semanal con todas las dependencias y descentralizados del Conglomerado Público de Medellín. | Q15: =IF(OR(R15="Preventivo",R15="Detectivo"),"Probabilidad",IF(R15="Correctivo","Impacto","")) -> Probabilidad | R15: Preventivo | S15: Manual | T15: =IF(AND(R15="Preventivo",S15="Automático"),"50%",IF(AND(R15="Preventivo",S15="Manual"),"40%",IF(AND(R15="Detectivo",S15="Automático"),"40%",IF(AND(R15="Detectivo",S15="Manual"),"30%",IF(AND(R15="Correctivo",S15="Automático"),"35%",IF(AND(R15="Correctivo",S15="Manual"),"25%","")))))) -> 40% | U15: Sin Documentar | V15: Aleatoria | W15: Con Registro | X15: Matriz de contenidos de comunicaciones del Distrito contenidos aprobados | Y15: =IFERROR(IF(Q15="Probabilidad",(K15-(+K15*T15)),IF(Q15="Impacto",K15,"")),"") -> 0.48 | Z15: =IFERROR(IF(Y15="","",IF(Y15<=0.2,"Muy Baja",IF(Y15<=0.4,"Baja",IF(Y15<=0.6,"Media",IF(Y15<=0.8,"Alta","Muy Alta"))))),"") -> Media | AA15: =+Y15 -> 0.48 | AB15: =IFERROR(IF(AC15="","",IF(AC15<=0.2,"Leve",IF(AC15<=0.4,"Menor",IF(AC15<=0.6,"Moderado",IF(AC15<=0.8,"Mayor","Catastrófico"))))),"") -> Mayor | AC15: =IFERROR(IF(Q15="Impacto",(M15-(+M15*T15)),IF(Q15="Probabilidad",M15,"")),"") -> 0.8 | AD15: =IFERROR(IF(AE15=0,"",IF(AND(AE15>0,AE15<=0.2),"Muy Baja",IF(AE15<=0.4,"Baja",IF(AE15<=0.6,"Media",IF(AE15<=0.8,"Alta","Muy Alta"))))),"") -> Media | AE15: =MIN(Y15:Y17) -> 0.48 | AF15: =IFERROR(IF(AG15=0,"",IF(AND(AG15>0,AG15<=0.2),"Leve",IF(AG15<=0.4,"Menor",IF(AG15<=0.6,"Moderado",IF(AG15<=0.8,"Mayor","Catastrófico"))))),"") -> Moderado | AG15: =MIN(AC15:AC17) -> 0.6 | AH15: =IFERROR(IF(OR(AND(AD15="Muy Baja",AF15="Leve"),AND(AD15="Muy Baja",AF15="Menor"),AND(AD15="Baja",AF15="Leve")),"Bajo",IF(OR(AND(AD15="Muy Baja",AF15="Moderado"),AND(AD15="Baja",AF15="Menor"),AND(AD15="Baja",AF15="Moderado"),AND(AD15="Media",AF15="Leve"),AND(AD15="Media",AF15="Menor"),AND(AD15="Media",AF15="Moderado"),AND(AD15="Alta",AF15="Leve"),AND(AD15="Alta",AF15="Menor")),"Moderado",IF(OR(AND(AD15="Muy Baja",AF15="Mayor"),AND(AD15="Baja",AF15="Mayor"),AND(AD15="Media",AF15="Mayor"),AND(AD15="Alta",AF15="Moderado"),AND(AD15="Alta",AF15="Mayor"),AND(AD15="Muy Alta",AF15="Leve"),AND(AD15="Muy Alta",AF15="Menor"),AND(AD15="Muy Alta",AF15="Moderado"),AND(AD15="Muy Alta",AF15="Mayor")),"Alto",IF(OR(AND(AD15="Muy Baja",AF15="Catastrófico"),AND(AD15="Baja",AF15="Catastrófico"),AND(AD15="Media",AF15="Catastrófico"),AND(AD15="Alta",AF15="Catastrófico"),AND(AD15="Muy Alta",AF15="Catastrófico")),"Extremo","")))),"") -> Moderado | AI15: Reducir (mitigar) | AK15: Identificación de Riesgos: Durante el primer trimestre de 2026 se mantienen tanto el evento potencial principal como los eventos potenciales intermedios. De forma continua existe la posibilidad de vinculación de nuevos colaboradores. También pueden presentarse ajustes o modificaciones en los lineamientos del Distrito que no sean comunicados a tiempo. En relación con la creación y difusión de contenidos de prensa, así como de piezas gráficas y digitales institucionales, el nivel de exposición al riesgo se mantiene activo. Materialización del Evento Potencial Principal: En el primer trimestre de 2026 no se ha evidenciado la ocurrencia del evento potencial principal. El equipo de comunicaciones ha aplicado los controles definidos para asegurar el uso adecuado de la identidad institucional. No se han identificado piezas que generen observaciones externas ni llamados de atención por incumplimiento de lineamientos de marca. Tampoco se han presentado efectos negativos asociados al uso incorrecto de elementos gráficos. La visibilidad institucional en medios se ha mantenido alineada con la normativa vigente y con resultados favorables. Materialización de Eventos Potenciales Intermedios: Durante este periodo no se han presentado eventos intermedios. El equipo de comunicaciones ha dado cumplimiento constante a los lineamientos establecidos por el Distrito. Las piezas desarrolladas han sido revisadas previamente y ajustadas cuando ha sido necesario, lo que ha permitido mantener la coherencia institucional. Diseño y Efectividad de Controles: Control 1: El uso de un proceso de revisión previa mediante checklist gráfico ha garantizado que el 100% de las piezas cumplan con el Manual de Marca. Control 2: Se ha reforzado la inducción a nuevos colaboradores a través del envío de materiales visuales y resúmenes del manual institucional. Control 3: Se mantiene disponible y actualizada la versión vigente del Manual de Marca, junto con las directrices emitidas por la Secretaría de Comunicaciones. Control 4: Se conserva un canal directo con la Dirección y subdirecciones para validar contenidos estratégicos antes de su publicación. Estado de acciones derivadas del seguimiento a riesgos: No aplica para este periodo, ya que no se identificaron desviaciones que requirieran la implementación de acciones adicionales. Los controles actuales han sido efectivos para evitar la materialización del evento principal y de los eventos intermedios. | AL15: Controles: https://isvimedgovco.sharepoint.com/:f:/s/2Comunicaciones/EgYp3FXbntBJg7efERT8lYEB4M1iSsPgpoMJgjMxUQpGAg?e=4XlD8U https://isvimedgovco.sharepoint.com/:f:/s/2Comunicaciones/EjapOT8M6k1Fo6b9abRMr0EBiqJp8vj1c3eGmLOiXw19cA?e=QDVm98 https://isvimedgovco.sharepoint.com/:f:/s/2Comunicaciones/EmNOqKls3JNAjYq_dpiI5DABpCNJ6DaK0IQcwghZX0rN-A?e=evvepY Banco de imágenes | AM15: Identificación de Riesgos: Durante el segundo trimestre de 2026 se mantienen tanto el evento potencial principal como los eventos potenciales intermedios. Se materializa la necesidad de vincular nuevos colaboradores, para lo cual se cuenta con el plan de empalme de funciones y la articulación según los lineamientos del Distrito. El nivel de exposición al riesgo se mantiene activo en la creación y difusión de contenidos de prensa y piezas gráficas y digitales institucionales. Materialización del Evento Potencial Principal: No se evidenció la ocurrencia del evento potencial principal. El equipo de comunicaciones aplicó los controles definidos para asegurar el uso adecuado de la identidad institucional. No se identificaron piezas que generaran observaciones externas ni llamados de atención por incumplimiento de lineamientos de marca. La visibilidad institucional en medios se mantuvo alineada con la normativa vigente y con resultados favorables. Materialización de Eventos Potenciales Intermedios: Durante este periodo no se presentaron eventos intermedios. El equipo de comunicaciones dio cumplimiento constante a los lineamientos establecidos por el Distrito. Las piezas desarrolladas fueron revisadas previamente y ajustadas cuando fue necesario, lo que permitió mantener la coherencia institucional. Diseño y Efectividad de Controles: Control 1: El proceso de revisión previa mediante checklist gráfico garantizó que el 100% de las piezas cumplieran con el Manual de Marca. Control 2: Se reforzó la inducción a nuevos colaboradores a través del envío de materiales visuales y resúmenes del manual institucional. Control 3: Se mantuvo disponible y actualizada la versión vigente del Manual de Marca, junto con las directrices emitidas por la Secretaría de Comunicaciones. Control 4: Se conservó un canal directo con la Dirección y las subdirecciones para validar contenidos estratégicos antes de su publicación. Estado de acciones derivadas del seguimiento a riesgos: No aplica para este periodo, ya que no se identificaron desviaciones que requirieran la implementación de acciones adicionales. Los controles actuales fueron efectivos para evitar la materialización del evento principal y de los eventos intermedios. | AN15: Controles: https://isvimedgovco.sharepoint.com/:f:/s/2Comunicaciones/EgYp3FXbntBJg7efERT8lYEB4M1iSsPgpoMJgjMxUQpGAg?e=4XlD8U https://isvimedgovco.sharepoint.com/:f:/s/2Comunicaciones/EjapOT8M6k1Fo6b9abRMr0EBiqJp8vj1c3eGmLOiXw19cA?e=QDVm98 https://isvimedgovco.sharepoint.com/:f:/s/2Comunicaciones/EmNOqKls3JNAjYq_dpiI5DABpCNJ6DaK0IQcwghZX0rN-A?e=evvepY Banco de imágenes | AO15: Se materializó el Riesgo? (Ver evento potencial principal en Columna F. Relacionar detalles de la materialización - que, como, cuando, donde): Los Controles están bien diseñados, se aplican de acuerdo al diseño y son efectivos? (Ver controles en la columna P / Concluir frente a cada control) Que acciones propones o se están llevando a cabo para gestionar el riesgo que se materializó? (Si no aplica colocar N/A) Que acciones propones o se están llevando a cabo para fortalecer los controles? (En el caso de que tener Acciones de mejora / Acciones correctivas en proceso, relacionar el avance. Si tienes acciones específicas a desarrollar en la columna AJ, también relacionar el avance) | AQ15: Se materializó el Riesgo? (Ver evento potencial principal en Columna F. Relacionar detalles de la materialización - que, como, cuando, donde): Los Controles están bien diseñados, se aplican de acuerdo al diseño y son efectivos? (Ver controles en la columna P / Concluir frente a cada control) Que acciones propones o se están llevando a cabo para gestionar el riesgo que se materializó? (Si no aplica colocar N/A) Que acciones propones o se están llevando a cabo para fortalecer los controles? (En el caso de que tener Acciones de mejora / Acciones correctivas en proceso, relacionar el avance. Si tienes acciones específicas a desarrollar en la columna AJ, también relacionar el avance)
H16: 2. Demoras en las entregas de proyectos habitacionales, retrasos en cronogramas de obra, cambios en los requisitos de las convocatorias para la ciudadanía | O16: 2 | P16: El asesor de comunicaciones participa en los equipos primarios de la dirección en donde consulta sobre el estado de ejecución de los proyectos habitacionales para determinar posibles alertas y planes de choque | Q16: =IF(OR(R16="Preventivo",R16="Detectivo"),"Probabilidad",IF(R16="Correctivo","Impacto","")) -> Impacto | R16: Correctivo | S16: Manual | T16: =IF(AND(R16="Preventivo",S16="Automático"),"50%",IF(AND(R16="Preventivo",S16="Manual"),"40%",IF(AND(R16="Detectivo",S16="Automático"),"40%",IF(AND(R16="Detectivo",S16="Manual"),"30%",IF(AND(R16="Correctivo",S16="Automático"),"35%",IF(AND(R16="Correctivo",S16="Manual"),"25%","")))))) -> 25% | U16: Sin Documentar | V16: Aleatoria | W16: Con Registro | X16: Acta de equipo primario de Dirección | Y16: =IFERROR(IF(AND(Q15="Probabilidad",Q16="Probabilidad"),(AA15-(+AA15*T16)),IF(Q16="Probabilidad",(K15-(+K15*T16)),IF(Q16="Impacto",AA15,""))),"") -> 0.48 | Z16: =IFERROR(IF(Y16="","",IF(Y16<=0.2,"Muy Baja",IF(Y16<=0.4,"Baja",IF(Y16<=0.6,"Media",IF(Y16<=0.8,"Alta","Muy Alta"))))),"") -> Media | AA16: =+Y16 -> 0.48 | AB16: =IFERROR(IF(AC16="","",IF(AC16<=0.2,"Leve",IF(AC16<=0.4,"Menor",IF(AC16<=0.6,"Moderado",IF(AC16<=0.8,"Mayor","Catastrófico"))))),"") -> Moderado | AC16: =IFERROR(IF(AND(Q15="Impacto",Q16="Impacto"),(AC15-(+AC15*T16)),IF(Q16="Impacto",($M$15-(+$M$15*T16)),IF(Q16="Probabilidad",AC15,""))),"") -> 0.6
H17: 3. Se realizan declaraciones por personas no autorizadas como voceros oficiales del instituto | O17: 3 | P17: La vocería oficial del Instituto ante medios de comunicación es el Director. Este lineamiento es comunicado por el el asesor de comunicaciones al equipo directivo quienes a su vez lo comunican a sus respectivos grupos de trabajo en los equipos primarios. Asi mismo se socializa en la inducción y reinducción institucional. | Q17: =IF(OR(R17="Preventivo",R17="Detectivo"),"Probabilidad",IF(R17="Correctivo","Impacto","")) -> Probabilidad | R17: Preventivo | S17: Manual | T17: =IF(AND(R17="Preventivo",S17="Automático"),"50%",IF(AND(R17="Preventivo",S17="Manual"),"40%",IF(AND(R17="Detectivo",S17="Automático"),"40%",IF(AND(R17="Detectivo",S17="Manual"),"30%",IF(AND(R17="Correctivo",S17="Automático"),"35%",IF(AND(R17="Correctivo",S17="Manual"),"25%","")))))) -> 40% | U17: Sin Documentar | V17: Aleatoria | W17: Con Registro | X17: Presentación de la Inducción y reinducción institucional. | Y17: =IFERROR(IF(AND(Q16="Probabilidad",Q17="Probabilidad"),(AA16-(+AA16*T17)),IF(AND(Q16="Impacto",Q17="Probabilidad"),(AC15-(+AC15*T17)),IF(Q17="Impacto",AA16,""))),"") -> 0.48 | Z17: =IFERROR(IF(Y17="","",IF(Y17<=0.2,"Muy Baja",IF(Y17<=0.4,"Baja",IF(Y17<=0.6,"Media",IF(Y17<=0.8,"Alta","Muy Alta"))))),"") -> Media | AA17: =+Y17 -> 0.48 | AB17: =IFERROR(IF(AC17="","",IF(AC17<=0.2,"Leve",IF(AC17<=0.4,"Menor",IF(AC17<=0.6,"Moderado",IF(AC17<=0.8,"Mayor","Catastrófico"))))),"") -> Moderado | AC17: =IFERROR(IF(AND(Q16="Impacto",Q17="Impacto"),(AC16-(+AC16*T17)),IF(AND(Q16="Probabilidad",Q17="Impacto"),(AC15-(+AC15*T17)),IF(Q17="Probabilidad",AC16,""))),"") -> 0.6
A18: GC6 | B18: Lograr el 90% de Nivel de Satisfacción del Publico Interno en cada vigencia. | C18: Comunicación Interna | D18: Posibilidad de afectación reputacional al Interior del Instituto | E18: reflejada en la insatisfacción del cliente interno | F18: debido a que las estrategias de comunicación interna no satisfagan las necesidades de las areas solicitantes | G18: Posibilidad de afectación reputacional al Interior del Instituto reflejada en la insatisfacción del cliente interno, debido a que las estrategias de comunicación interna no satisfagan las necesidades de las areas solicitantes | H18: 1. No se cumplen los lineamientos internos para la solicitud de piezas y campañas comunicacionales internas en cuanto a tiempos e información. | I18: Gestión | J18: Media | K18: =IF(J18="","",IF(J18="Muy Baja",0.2,IF(J18="Baja",0.4,IF(J18="Media",0.6,IF(J18="Alta",0.8,IF(J18="Muy Alta",1,)))))) -> 0.6 | L18: Moderado | M18: =IF(L18="","",IF(L18="Leve",0.2,IF(L18="Menor",0.4,IF(L18="Moderado",0.6,IF(L18="Mayor",0.8,IF(L18="Catastrófico",1,)))))) -> 0.6 | N18: =IF(OR(AND(J18="Muy Baja",L18="Leve"),AND(J18="Muy Baja",L18="Menor"),AND(J18="Baja",L18="Leve")),"Bajo",IF(OR(AND(J18="Muy baja",L18="Moderado"),AND(J18="Baja",L18="Menor"),AND(J18="Baja",L18="Moderado"),AND(J18="Media",L18="Leve"),AND(J18="Media",L18="Menor"),AND(J18="Media",L18="Moderado"),AND(J18="Alta",L18="Leve"),AND(J18="Alta",L18="Menor")),"Moderado",IF(OR(AND(J18="Muy Baja",L18="Mayor"),AND(J18="Baja",L18="Mayor"),AND(J18="Media",L18="Mayor"),AND(J18="Alta",L18="Moderado"),AND(J18="Alta",L18="Mayor"),AND(J18="Muy Alta",L18="Leve"),AND(J18="Muy Alta",L18="Menor"),AND(J18="Muy Alta",L18="Moderado"),AND(J18="Muy Alta",L18="Mayor")),"Alto",IF(OR(AND(J18="Muy Baja",L18="Catastrófico"),AND(J18="Baja",L18="Catastrófico"),AND(J18="Media",L18="Catastrófico"),AND(J18="Alta",L18="Catastrófico"),AND(J18="Muy Alta",L18="Catastrófico")),"Extremo","")))) -> Moderado | O18: 1 | P18: La asesora de Comunicación realiza una verificación inicial de las necesidades de las areas solicitantes con el fin de asignar el area de trabaja acorde a lo requerido (diseño, pagina web, audiovisual, redes sociales, otros canales). El profesional asignado valida con las areas solicitantes los los productos de comunicación interna elaborados vs necesidades. | Q18: =IF(OR(R18="Preventivo",R18="Detectivo"),"Probabilidad",IF(R18="Correctivo","Impacto","")) -> Probabilidad | R18: Preventivo | S18: Manual | T18: =IF(AND(R18="Preventivo",S18="Automático"),"50%",IF(AND(R18="Preventivo",S18="Manual"),"40%",IF(AND(R18="Detectivo",S18="Automático"),"40%",IF(AND(R18="Detectivo",S18="Manual"),"30%",IF(AND(R18="Correctivo",S18="Automático"),"35%",IF(AND(R18="Correctivo",S18="Manual"),"25%","")))))) -> 40% | U18: Sin Documentar | V18: Continua | W18: Con Registro | X18: Correos electrónicos con solicitudes de productos comunicacionales. Acta de equipo primario con asignación de tareas. Correos electrónicos con validación de piezas por las areas solicitantes | Y18: =IFERROR(IF(Q18="Probabilidad",(K18-(+K18*T18)),IF(Q18="Impacto",K18,"")),"") -> 0.36 | Z18: =IFERROR(IF(Y18="","",IF(Y18<=0.2,"Muy Baja",IF(Y18<=0.4,"Baja",IF(Y18<=0.6,"Media",IF(Y18<=0.8,"Alta","Muy Alta"))))),"") -> Baja | AA18: =+Y18 -> 0.36 | AB18: =IFERROR(IF(AC18="","",IF(AC18<=0.2,"Leve",IF(AC18<=0.4,"Menor",IF(AC18<=0.6,"Moderado",IF(AC18<=0.8,"Mayor","Catastrófico"))))),"") -> Moderado | AC18: =IFERROR(IF(Q18="Impacto",(M18-(+M18*T18)),IF(Q18="Probabilidad",M18,"")),"") -> 0.6 | AD18: =IFERROR(IF(AE18=0,"",IF(AND(AE18>0,AE18<=0.2),"Muy Baja",IF(AE18<=0.4,"Baja",IF(AE18<=0.6,"Media",IF(AE18<=0.8,"Alta","Muy Alta"))))),"") -> Muy Baja | AE18: =MIN(Y18:Y20) -> 0.1296 | AF18: =IFERROR(IF(AG18=0,"",IF(AND(AG18>0,AG18<=0.2),"Leve",IF(AG18<=0.4,"Menor",IF(AG18<=0.6,"Moderado",IF(AG18<=0.8,"Mayor","Catastrófico"))))),"") -> Moderado | AG18: =MIN(AC18:AC20) -> 0.6 | AH18: =IFERROR(IF(OR(AND(AD18="Muy Baja",AF18="Leve"),AND(AD18="Muy Baja",AF18="Menor"),AND(AD18="Baja",AF18="Leve")),"Bajo",IF(OR(AND(AD18="Muy Baja",AF18="Moderado"),AND(AD18="Baja",AF18="Menor"),AND(AD18="Baja",AF18="Moderado"),AND(AD18="Media",AF18="Leve"),AND(AD18="Media",AF18="Menor"),AND(AD18="Media",AF18="Moderado"),AND(AD18="Alta",AF18="Leve"),AND(AD18="Alta",AF18="Menor")),"Moderado",IF(OR(AND(AD18="Muy Baja",AF18="Mayor"),AND(AD18="Baja",AF18="Mayor"),AND(AD18="Media",AF18="Mayor"),AND(AD18="Alta",AF18="Moderado"),AND(AD18="Alta",AF18="Mayor"),AND(AD18="Muy Alta",AF18="Leve"),AND(AD18="Muy Alta",AF18="Menor"),AND(AD18="Muy Alta",AF18="Moderado"),AND(AD18="Muy Alta",AF18="Mayor")),"Alto",IF(OR(AND(AD18="Muy Baja",AF18="Catastrófico"),AND(AD18="Baja",AF18="Catastrófico"),AND(AD18="Media",AF18="Catastrófico"),AND(AD18="Alta",AF18="Catastrófico"),AND(AD18="Muy Alta",AF18="Catastrófico")),"Extremo","")))),"") -> Moderado | AI18: Reducir (mitigar) | AK18: Identificación de Riesgos: Durante el primer trimestre de 2026 se mantiene el flujo constante de información al interior del instituto a través del Boletín Interno, la Intranet, WhatsApp y el correo corporativo. Por esta dinámica, el evento potencial principal y los eventos intermedios continúan vigentes. Materialización de Evento Potencial Principal: En el primer trimestre de 2026 no se ha presentado la materialización del riesgo principal. Materialización de Evento Potencial Intermedio: Durante este periodo no se han evidenciado eventos intermedios. Las dependencias han suministrado información completa y en los tiempos requeridos, lo que ha facilitado su difusión. La encuesta de satisfacción sobre comunicación interna evidencia una adecuada apropiación de los canales institucionales por parte de los colaboradores. Diseño, Efectividad de Controles: El área de comunicaciones mantiene un manejo organizado de las solicitudes internas. Cada requerimiento se gestiona con una identificación clara del producto o campaña, lo que permite definir tiempos de entrega y el canal de divulgación adecuado. Esto ha permitido dar respuestas oportunas y alineadas con las necesidades internas. Estado de acciones derivadas del seguimiento a riesgos: Para este periodo no se requieren acciones adicionales. No se han identificado situaciones que demanden medidas específicas, ya que los controles actuales han sido suficientes. | AL18: Controles: https://isvimedgovco.sharepoint.com/:f:/s/2Comunicaciones/EnsQZl0FrM1Ghh3QU6oVhMsBIrK6Nz4mc7rJ0qIdlH6MlA?e=1yHxuM | AM18: Identificación de Riesgos: Durante el segundo trimestre de 2026 se mantuvo el flujo constante de información al interior del instituto a través del Boletín Interno, la Intranet, WhatsApp y el correo corporativo. Por esta dinámica, el evento potencial principal y los eventos intermedios continúan vigentes. Materialización de Evento Potencial Principal: En el segundo trimestre de 2026 no se presentó la materialización del riesgo principal. Materialización de Evento Potencial Intermedio: Durante este periodo no se evidenciaron eventos intermedios. Las dependencias suministraron información completa y en los tiempos requeridos, lo que facilitó su difusión. Diseño y Efectividad de Controles: El área de comunicaciones mantuvo un manejo organizado de las solicitudes internas. Cada requerimiento se gestionó con una identificación clara del producto o campaña, lo que permitió definir tiempos de entrega y el canal de divulgación adecuado. Esto permitió dar respuestas oportunas y alineadas con las necesidades internas. Estado de acciones derivadas del seguimiento a riesgos: Para este periodo no se requieren acciones adicionales. No se identificaron situaciones que demandaran medidas específicas, ya que los controles actuales fueron suficientes. | AN18: Controles: https://isvimedgovco.sharepoint.com/:f:/s/2Comunicaciones/EnsQZl0FrM1Ghh3QU6oVhMsBIrK6Nz4mc7rJ0qIdlH6MlA?e=1yHxuM | AO18: Se materializó el Riesgo? (Ver evento potencial principal en Columna F. Relacionar detalles de la materialización - que, como, cuando, donde): Los Controles están bien diseñados, se aplican de acuerdo al diseño y son efectivos? (Ver controles en la columna P / Concluir frente a cada control) Que acciones propones o se están llevando a cabo para gestionar el riesgo que se materializó? (Si no aplica colocar N/A) Que acciones propones o se están llevando a cabo para fortalecer los controles? (En el caso de que tener Acciones de mejora / Acciones correctivas en proceso, relacionar el avance. Si tienes acciones específicas a desarrollar en la columna AJ, también relacionar el avance) | AQ18: Se materializó el Riesgo? (Ver evento potencial principal en Columna F. Relacionar detalles de la materialización - que, como, cuando, donde): Los Controles están bien diseñados, se aplican de acuerdo al diseño y son efectivos? (Ver controles en la columna P / Concluir frente a cada control) Que acciones propones o se están llevando a cabo para gestionar el riesgo que se materializó? (Si no aplica colocar N/A) Que acciones propones o se están llevando a cabo para fortalecer los controles? (En el caso de que tener Acciones de mejora / Acciones correctivas en proceso, relacionar el avance. Si tienes acciones específicas a desarrollar en la columna AJ, también relacionar el avance)
H19: 2. Entrega / publicación inoportuna de productos comunicación interna | O19: 2 | P19: La asesora de Comicaciones realiza una análisis de la solicitud de producto de comunicación interna para identificar con base en la información suministrada, si es posible cumplir los tiempos requeridos por el area solicitante. Posterior al análisis se llegan a acuerdos sobre los tiempos de respuesta con las areas solicitantes. | Q19: =IF(OR(R19="Preventivo",R19="Detectivo"),"Probabilidad",IF(R19="Correctivo","Impacto","")) -> Probabilidad | R19: Preventivo | S19: Manual | T19: =IF(AND(R19="Preventivo",S19="Automático"),"50%",IF(AND(R19="Preventivo",S19="Manual"),"40%",IF(AND(R19="Detectivo",S19="Automático"),"40%",IF(AND(R19="Detectivo",S19="Manual"),"30%",IF(AND(R19="Correctivo",S19="Automático"),"35%",IF(AND(R19="Correctivo",S19="Manual"),"25%","")))))) -> 40% | U19: Sin Documentar | V19: Continua | W19: Con Registro | X19: Correos con respuesta frente al análisis de la solicitud. | Y19: =IFERROR(IF(AND(Q18="Probabilidad",Q19="Probabilidad"),(AA18-(+AA18*T19)),IF(Q19="Probabilidad",(K18-(+K18*T19)),IF(Q19="Impacto",AA18,""))),"") -> 0.216 | Z19: =IFERROR(IF(Y19="","",IF(Y19<=0.2,"Muy Baja",IF(Y19<=0.4,"Baja",IF(Y19<=0.6,"Media",IF(Y19<=0.8,"Alta","Muy Alta"))))),"") -> Baja | AA19: =+Y19 -> 0.216 | AB19: =IFERROR(IF(AC19="","",IF(AC19<=0.2,"Leve",IF(AC19<=0.4,"Menor",IF(AC19<=0.6,"Moderado",IF(AC19<=0.8,"Mayor","Catastrófico"))))),"") -> Moderado | AC19: =IFERROR(IF(AND(Q18="Impacto",Q19="Impacto"),(AC18-(+AC18*T19)),IF(Q19="Impacto",(#REF!-(+#REF!*T19)),IF(Q19="Probabilidad",AC18,""))),"") -> 0.6
H20: 3. Información insuficiente o poco clara por parte de las areas solicitantes para la creación de piezas. | O20: 3 | P20: El profesional asignado concerta espacios colaborativos con las areas solicitantes para entender las necesidades a comunicar y asesora sobre las características de los productos comunicacionales mas adecuados a elaborar acordes dichas necesidades. | Q20: =IF(OR(R20="Preventivo",R20="Detectivo"),"Probabilidad",IF(R20="Correctivo","Impacto","")) -> Probabilidad | R20: Preventivo | S20: Manual | T20: =IF(AND(R20="Preventivo",S20="Automático"),"50%",IF(AND(R20="Preventivo",S20="Manual"),"40%",IF(AND(R20="Detectivo",S20="Automático"),"40%",IF(AND(R20="Detectivo",S20="Manual"),"30%",IF(AND(R20="Correctivo",S20="Automático"),"35%",IF(AND(R20="Correctivo",S20="Manual"),"25%","")))))) -> 40% | U20: Sin Documentar | V20: Continua | W20: Con Registro | X20: Correos electrónicos con concertación de contenidos y productos comunicacionales a elaborar. | Y20: =IFERROR(IF(AND(Q19="Probabilidad",Q20="Probabilidad"),(AA19-(+AA19*T20)),IF(Q20="Probabilidad",(K19-(+K19*T20)),IF(Q20="Impacto",AA19,""))),"") -> 0.1296 | Z20: =IFERROR(IF(Y20="","",IF(Y20<=0.2,"Muy Baja",IF(Y20<=0.4,"Baja",IF(Y20<=0.6,"Media",IF(Y20<=0.8,"Alta","Muy Alta"))))),"") -> Muy Baja | AA20: =+Y20 -> 0.1296 | AB20: =IFERROR(IF(AC20="","",IF(AC20<=0.2,"Leve",IF(AC20<=0.4,"Menor",IF(AC20<=0.6,"Moderado",IF(AC20<=0.8,"Mayor","Catastrófico"))))),"") -> Moderado | AC20: =IFERROR(IF(AND(Q19="Impacto",Q20="Impacto"),(AC19-(+AC19*T20)),IF(Q20="Impacto",(#REF!-(+#REF!*T20)),IF(Q20="Probabilidad",AC19,""))),"") -> 0.6
A21: GC7 | B21: Lograr un nivel de cumplimiento del Indice de Tranparencia y Anticorrupción - ITA en cuanto a aspectos de usabilidad técnica de la pagina web >= 80 puntos, en cada vigencia. | C21: Pagina Web | D21: Posibilidad de afectación reputacional del Instituto | E21: por Inhabilidad temporal o permanente de la pagina web institucional. | F21: debido a deficiencias en la gestión de la pagina web de la entidad (diseño, usabilidad, accesibilidad y publicación oportuna de contenidos) | G21: Posibilidad de afectación reputacional del Instituto por inhabilidad temporal o permanente de la pagina web institucional, debido a deficiencias en la gestión de la pagina web de la entidad (diseño, usabilidad, accesibilidad y publicación oportuna de contenidos) | H21: 1. perdida del dominio y hosting de la pagina web. | I21: Gestión | J21: Alta | K21: =IF(J21="","",IF(J21="Muy Baja",0.2,IF(J21="Baja",0.4,IF(J21="Media",0.6,IF(J21="Alta",0.8,IF(J21="Muy Alta",1,)))))) -> 0.8 | L21: Moderado | M21: =IF(L21="","",IF(L21="Leve",0.2,IF(L21="Menor",0.4,IF(L21="Moderado",0.6,IF(L21="Mayor",0.8,IF(L21="Catastrófico",1,)))))) -> 0.6 | N21: =IF(OR(AND(J21="Muy Baja",L21="Leve"),AND(J21="Muy Baja",L21="Menor"),AND(J21="Baja",L21="Leve")),"Bajo",IF(OR(AND(J21="Muy baja",L21="Moderado"),AND(J21="Baja",L21="Menor"),AND(J21="Baja",L21="Moderado"),AND(J21="Media",L21="Leve"),AND(J21="Media",L21="Menor"),AND(J21="Media",L21="Moderado"),AND(J21="Alta",L21="Leve"),AND(J21="Alta",L21="Menor")),"Moderado",IF(OR(AND(J21="Muy Baja",L21="Mayor"),AND(J21="Baja",L21="Mayor"),AND(J21="Media",L21="Mayor"),AND(J21="Alta",L21="Moderado"),AND(J21="Alta",L21="Mayor"),AND(J21="Muy Alta",L21="Leve"),AND(J21="Muy Alta",L21="Menor"),AND(J21="Muy Alta",L21="Moderado"),AND(J21="Muy Alta",L21="Mayor")),"Alto",IF(OR(AND(J21="Muy Baja",L21="Catastrófico"),AND(J21="Baja",L21="Catastrófico"),AND(J21="Media",L21="Catastrófico"),AND(J21="Alta",L21="Catastrófico"),AND(J21="Muy Alta",L21="Catastrófico")),"Extremo","")))) -> Alto | O21: 1 | P21: El asesor de comunicaciones y el contratista que asume el rol de webmaster, monitorean de manera mensual los aspectos técnicos de la página web (precisar aspectos técnicos de monitoreo de hosting con Jenny). Asi mismo, desde el componente contractual se ha establecido la obligación para el Operador de la Pagina Web, de contratar el servicio de hosting. | Q21: =IF(OR(R21="Preventivo",R21="Detectivo"),"Probabilidad",IF(R21="Correctivo","Impacto","")) -> Probabilidad | R21: Preventivo | S21: Manual | T21: =IF(AND(R21="Preventivo",S21="Automático"),"50%",IF(AND(R21="Preventivo",S21="Manual"),"40%",IF(AND(R21="Detectivo",S21="Automático"),"40%",IF(AND(R21="Detectivo",S21="Manual"),"30%",IF(AND(R21="Correctivo",S21="Automático"),"35%",IF(AND(R21="Correctivo",S21="Manual"),"25%","")))))) -> 40% | U21: Sin Documentar | V21: Continua | W21: Con Registro | X21: Informe de actividades de conratista Web Master Orden de pedido para Operador Web de los servicios de hosting. | Y21: =IFERROR(IF(Q21="Probabilidad",(K21-(+K21*T21)),IF(Q21="Impacto",K21,"")),"") -> 0.48 | Z21: =IFERROR(IF(Y21="","",IF(Y21<=0.2,"Muy Baja",IF(Y21<=0.4,"Baja",IF(Y21<=0.6,"Media",IF(Y21<=0.8,"Alta","Muy Alta"))))),"") -> Media | AA21: =+Y21 -> 0.48 | AB21: =IFERROR(IF(AC21="","",IF(AC21<=0.2,"Leve",IF(AC21<=0.4,"Menor",IF(AC21<=0.6,"Moderado",IF(AC21<=0.8,"Mayor","Catastrófico"))))),"") -> Moderado | AC21: =IFERROR(IF(Q21="Impacto",(M21-(+M21*T21)),IF(Q21="Probabilidad",M21,"")),"") -> 0.6 | AD21: =IFERROR(IF(AE21=0,"",IF(AND(AE21>0,AE21<=0.2),"Muy Baja",IF(AE21<=0.4,"Baja",IF(AE21<=0.6,"Media",IF(AE21<=0.8,"Alta","Muy Alta"))))),"") -> Muy Baja | AE21: =MIN(Y21:Y23) -> 0.1728 | AF21: =IFERROR(IF(AG21=0,"",IF(AND(AG21>0,AG21<=0.2),"Leve",IF(AG21<=0.4,"Menor",IF(AG21<=0.6,"Moderado",IF(AG21<=0.8,"Mayor","Catastrófico"))))),"") -> Moderado | AG21: =MIN(AC21:AC23) -> 0.6 | AH21: =IFERROR(IF(OR(AND(AD21="Muy Baja",AF21="Leve"),AND(AD21="Muy Baja",AF21="Menor"),AND(AD21="Baja",AF21="Leve")),"Bajo",IF(OR(AND(AD21="Muy Baja",AF21="Moderado"),AND(AD21="Baja",AF21="Menor"),AND(AD21="Baja",AF21="Moderado"),AND(AD21="Media",AF21="Leve"),AND(AD21="Media",AF21="Menor"),AND(AD21="Media",AF21="Moderado"),AND(AD21="Alta",AF21="Leve"),AND(AD21="Alta",AF21="Menor")),"Moderado",IF(OR(AND(AD21="Muy Baja",AF21="Mayor"),AND(AD21="Baja",AF21="Mayor"),AND(AD21="Media",AF21="Mayor"),AND(AD21="Alta",AF21="Moderado"),AND(AD21="Alta",AF21="Mayor"),AND(AD21="Muy Alta",AF21="Leve"),AND(AD21="Muy Alta",AF21="Menor"),AND(AD21="Muy Alta",AF21="Moderado"),AND(AD21="Muy Alta",AF21="Mayor")),"Alto",IF(OR(AND(AD21="Muy Baja",AF21="Catastrófico"),AND(AD21="Baja",AF21="Catastrófico"),AND(AD21="Media",AF21="Catastrófico"),AND(AD21="Alta",AF21="Catastrófico"),AND(AD21="Muy Alta",AF21="Catastrófico")),"Extremo","")))),"") -> Moderado | AI21: Reducir (mitigar) | AK21: Identificación de Riesgos: Durante el primer trimestre de 2026 se ha generado y difundido información sobre las actividades del Instituto. También se han compartido contenidos de interés tanto internos como externos. Estas acciones mantienen controlada la exposición al evento potencial principal y a los eventos potenciales intermedios, aunque ambos siguen vigentes. Materialización de Evento Potencial Principal: En el primer trimestre de 2026 no se ha presentado la materialización del riesgo principal. Materialización de Evento Potencial Intermedio: Durante este periodo no se han evidenciado eventos intermedios. Las dependencias han entregado información de forma oportuna y se ha registrado participación en las actividades difundidas a través de los canales internos. La encuesta de satisfacción de comunicación interna muestra que los colaboradores perciben coherencia entre la estrategia de comunicaciones y la misionalidad del Instituto. Diseño, Efectividad de Controles: El área de comunicaciones mantiene un manejo organizado en la atención de necesidades internas. Cada solicitud se gestiona con una identificación clara de productos y campañas. Esto permite definir tiempos de entrega y canales de divulgación adecuados, asegurando respuestas oportunas. Estado de acciones derivadas del seguimiento a riesgos: Para este periodo no se requieren acciones adicionales. No se han presentado situaciones que demanden medidas específicas, ya que los controles implementados han sido suficientes. | AL21: Controles: https://isvimedgovco.sharepoint.com/:f:/s/2Comunicaciones/Ek_QbFk-cFhFste4mGyiKPsBpcddZqsrrFm8T85C9CuR9w?e=cUPRhq | AM21: Identificación de Riesgos: Durante el segundo trimestre de 2026 se generó y difundió información sobre las actividades del Instituto. Materialización de Evento Potencial Principal: No se presentó la materialización del riesgo principal. La página web institucional se mantuvo disponible y la publicación de contenidos fue oportuna.Se está revisando la renovación de la página con un proveedor externo (uno cero uno) que cuenta con la experticia necesaria y suficiente para proteger la información y continuar dando cumplimiento a normativas como ITA. Materialización de Evento Potencial Intermedio: Durante este periodo no se evidenciaron eventos intermedios. Las dependencias entregaron información de forma oportuna y se registró participación en las actividades difundidas a través de los canales internos. Diseño y Efectividad de Controles: El área de comunicaciones mantuvo un manejo organizado en la atención de necesidades internas. Cada solicitud se gestionó con una identificación clara de productos y campañas, lo que permitió definir tiempos de entrega y canales de divulgación adecuados, asegurando respuestas oportunas. Estado de acciones derivadas del seguimiento a riesgos: Para este periodo no se requieren acciones adicionales. No se presentaron situaciones que demandaran medidas específicas, ya que los controles implementados fueron suficientes. | AN21: Controles: https://isvimedgovco.sharepoint.com/:f:/s/2Comunicaciones/Ek_QbFk-cFhFste4mGyiKPsBpcddZqsrrFm8T85C9CuR9w?e=cUPRhq | AO21: Se materializó el Riesgo? (Ver evento potencial principal en Columna F. Relacionar detalles de la materialización - que, como, cuando, donde): Los Controles están bien diseñados, se aplican de acuerdo al diseño y son efectivos? (Ver controles en la columna P / Concluir frente a cada control) Que acciones propones o se están llevando a cabo para gestionar el riesgo que se materializó? (Si no aplica colocar N/A) Que acciones propones o se están llevando a cabo para fortalecer los controles? (En el caso de que tener Acciones de mejora / Acciones correctivas en proceso, relacionar el avance. Si tienes acciones específicas a desarrollar en la columna AJ, también relacionar el avance) | AQ21: Se materializó el Riesgo? (Ver evento potencial principal en Columna F. Relacionar detalles de la materialización - que, como, cuando, donde): Los Controles están bien diseñados, se aplican de acuerdo al diseño y son efectivos? (Ver controles en la columna P / Concluir frente a cada control) Que acciones propones o se están llevando a cabo para gestionar el riesgo que se materializó? (Si no aplica colocar N/A) Que acciones propones o se están llevando a cabo para fortalecer los controles? (En el caso de que tener Acciones de mejora / Acciones correctivas en proceso, relacionar el avance. Si tienes acciones específicas a desarrollar en la columna AJ, también relacionar el avance)
H22: 2. Publicación inoportuna de contenidos e información solicitada por las dependencias. | O22: 2 | P22: El profesional WebMaster del Isvimed atiende directamente las necesidades de actualización de contenidos de la página web solicitadas de manera permanente por las dependencias. De manera mensual un reporte de Publicación de contenidos en la pagina Web. | Q22: =IF(OR(R22="Preventivo",R22="Detectivo"),"Probabilidad",IF(R22="Correctivo","Impacto","")) -> Probabilidad | R22: Preventivo | S22: Manual | T22: =IF(AND(R22="Preventivo",S22="Automático"),"50%",IF(AND(R22="Preventivo",S22="Manual"),"40%",IF(AND(R22="Detectivo",S22="Automático"),"40%",IF(AND(R22="Detectivo",S22="Manual"),"30%",IF(AND(R22="Correctivo",S22="Automático"),"35%",IF(AND(R22="Correctivo",S22="Manual"),"25%","")))))) -> 40% | U22: Sin Documentar | V22: Continua | W22: Con Registro | X22: Solicitud de publicación de contenidos por parte de las areas través de correo electrónico Reporte de Publicación de contenidos en la pagina Web. | Y22: =IFERROR(IF(AND(Q21="Probabilidad",Q22="Probabilidad"),(AA21-(+AA21*T22)),IF(Q22="Probabilidad",(K21-(+K21*T22)),IF(Q22="Impacto",AA21,""))),"") -> 0.288 | Z22: =IFERROR(IF(Y22="","",IF(Y22<=0.2,"Muy Baja",IF(Y22<=0.4,"Baja",IF(Y22<=0.6,"Media",IF(Y22<=0.8,"Alta","Muy Alta"))))),"") -> Baja | AA22: =+Y22 -> 0.288 | AB22: =IFERROR(IF(AC22="","",IF(AC22<=0.2,"Leve",IF(AC22<=0.4,"Menor",IF(AC22<=0.6,"Moderado",IF(AC22<=0.8,"Mayor","Catastrófico"))))),"") -> Moderado | AC22: =IFERROR(IF(AND(Q21="Impacto",Q22="Impacto"),(AC21-(+AC21*T22)),IF(Q22="Impacto",(#REF!-(+#REF!*T22)),IF(Q22="Probabilidad",AC21,""))),"") -> 0.6
H23: 3. Incumplimiento de la normatividad que regula el contenido, diseño y funcionalidades de las paginas web en entidades publicas | O23: 3 | P23: El profesional Webmaster identifica la normatiivdad aplica normatividad que regula el contenido, diseño y funcionalidades de las paginas web establecida por el Ministerio de Tecnologías y la información y valida a través del ITA su cumplimiento. | Q23: =IF(OR(R23="Preventivo",R23="Detectivo"),"Probabilidad",IF(R23="Correctivo","Impacto","")) -> Probabilidad | R23: Preventivo | S23: Manual | T23: =IF(AND(R23="Preventivo",S23="Automático"),"50%",IF(AND(R23="Preventivo",S23="Manual"),"40%",IF(AND(R23="Detectivo",S23="Automático"),"40%",IF(AND(R23="Detectivo",S23="Manual"),"30%",IF(AND(R23="Correctivo",S23="Automático"),"35%",IF(AND(R23="Correctivo",S23="Manual"),"25%","")))))) -> 40% | U23: Sin Documentar | V23: Aleatoria | W23: Con Registro | X23: Matriz ITA en relación al cumplimiento diseño y funcionalidad de la página web. Reporte de autevaluación y evaluación en el aplicativo ITA de la Procuraduría General de la Nación. | Y23: =IFERROR(IF(AND(Q22="Probabilidad",Q23="Probabilidad"),(AA22-(+AA22*T23)),IF(Q23="Probabilidad",(K22-(+K22*T23)),IF(Q23="Impacto",AA22,""))),"") -> 0.1728 | Z23: =IFERROR(IF(Y23="","",IF(Y23<=0.2,"Muy Baja",IF(Y23<=0.4,"Baja",IF(Y23<=0.6,"Media",IF(Y23<=0.8,"Alta","Muy Alta"))))),"") -> Muy Baja | AA23: =+Y23 -> 0.1728 | AB23: =IFERROR(IF(AC23="","",IF(AC23<=0.2,"Leve",IF(AC23<=0.4,"Menor",IF(AC23<=0.6,"Moderado",IF(AC23<=0.8,"Mayor","Catastrófico"))))),"") -> Moderado | AC23: =IFERROR(IF(AND(Q22="Impacto",Q23="Impacto"),(AC22-(+AC22*T23)),IF(Q23="Impacto",(#REF!-(+#REF!*T23)),IF(Q23="Probabilidad",AC22,""))),"") -> 0.6
A24: GC8 | B24: Lograr el 90% del cumplimiento de los eventos solicitados por las areas del Instituto. | C24: Gestión Logística y Eventos | D24: Posibilidad de afectación reputacional del Instituto | E24: por la existencia de menciones negativas de los eventos realizados en el monitoreo de medios de comunicación | F24: debido a que el evento no se realice de acuerdo a las necesidades de las areas socicitantes en cuanto a concordancia con Plan de Desarrollo, viabilidad logística, de recursos y fechas proyectadas. | G24: Posibilidad de afectación reputacional del Instituto reflejada en la existencia de menciones negativas de los eventos realizados en el monitoreo de medios de comunicación, debido a que el evento no se realice de acuerdo a las necesidades de las areas socicitantes en cuanto a concordancia con Plan de Desarrollo, viabilidad logística, de recursos y fechas proyectadas. | H24: 1. Que no sean suficientes los recursos proyectados para la gestión de eventos estratégicos | I24: Gestión | J24: Baja | K24: =IF(J24="","",IF(J24="Muy Baja",0.2,IF(J24="Baja",0.4,IF(J24="Media",0.6,IF(J24="Alta",0.8,IF(J24="Muy Alta",1,)))))) -> 0.4 | L24: Mayor | M24: =IF(L24="","",IF(L24="Leve",0.2,IF(L24="Menor",0.4,IF(L24="Moderado",0.6,IF(L24="Mayor",0.8,IF(L24="Catastrófico",1,)))))) -> 0.8 | N24: =IF(OR(AND(J24="Muy Baja",L24="Leve"),AND(J24="Muy Baja",L24="Menor"),AND(J24="Baja",L24="Leve")),"Bajo",IF(OR(AND(J24="Muy baja",L24="Moderado"),AND(J24="Baja",L24="Menor"),AND(J24="Baja",L24="Moderado"),AND(J24="Media",L24="Leve"),AND(J24="Media",L24="Menor"),AND(J24="Media",L24="Moderado"),AND(J24="Alta",L24="Leve"),AND(J24="Alta",L24="Menor")),"Moderado",IF(OR(AND(J24="Muy Baja",L24="Mayor"),AND(J24="Baja",L24="Mayor"),AND(J24="Media",L24="Mayor"),AND(J24="Alta",L24="Moderado"),AND(J24="Alta",L24="Mayor"),AND(J24="Muy Alta",L24="Leve"),AND(J24="Muy Alta",L24="Menor"),AND(J24="Muy Alta",L24="Moderado"),AND(J24="Muy Alta",L24="Mayor")),"Alto",IF(OR(AND(J24="Muy Baja",L24="Catastrófico"),AND(J24="Baja",L24="Catastrófico"),AND(J24="Media",L24="Catastrófico"),AND(J24="Alta",L24="Catastrófico"),AND(J24="Muy Alta",L24="Catastrófico")),"Extremo","")))) -> Alto | O24: 1 | P24: El asesor de comunicaciones establece los lineamientos para una adecuada planificación presupuestal de eventos que incluye la recopilación de necesidades de las dependencias. El asesor de comunicaciones realiza seguimiento periódico a la ejecución presupuestal de los eventos. | Q24: =IF(OR(R24="Preventivo",R24="Detectivo"),"Probabilidad",IF(R24="Correctivo","Impacto","")) -> Probabilidad | R24: Preventivo | S24: Manual | T24: =IF(AND(R24="Preventivo",S24="Automático"),"50%",IF(AND(R24="Preventivo",S24="Manual"),"40%",IF(AND(R24="Detectivo",S24="Automático"),"40%",IF(AND(R24="Detectivo",S24="Manual"),"30%",IF(AND(R24="Correctivo",S24="Automático"),"35%",IF(AND(R24="Correctivo",S24="Manual"),"25%","")))))) -> 40% | U24: Documentado | V24: Continua | W24: Con Registro | X24: Presupuesto asignado a comunicaciones. Informe de supervisión del contrato logístico con el operador de eventos | Y24: =IFERROR(IF(Q24="Probabilidad",(K24-(+K24*T24)),IF(Q24="Impacto",K24,"")),"") -> 0.24 | Z24: =IFERROR(IF(Y24="","",IF(Y24<=0.2,"Muy Baja",IF(Y24<=0.4,"Baja",IF(Y24<=0.6,"Media",IF(Y24<=0.8,"Alta","Muy Alta"))))),"") -> Baja | AA24: =+Y24 -> 0.24 | AB24: =IFERROR(IF(AC24="","",IF(AC24<=0.2,"Leve",IF(AC24<=0.4,"Menor",IF(AC24<=0.6,"Moderado",IF(AC24<=0.8,"Mayor","Catastrófico"))))),"") -> Mayor | AC24: =IFERROR(IF(Q24="Impacto",(M24-(+M24*T24)),IF(Q24="Probabilidad",M24,"")),"") -> 0.8 | AD24: =IFERROR(IF(AE24=0,"",IF(AND(AE24>0,AE24<=0.2),"Muy Baja",IF(AE24<=0.4,"Baja",IF(AE24<=0.6,"Media",IF(AE24<=0.8,"Alta","Muy Alta"))))),"") -> Muy Baja | AE24: =MIN(Y24:Y28) -> 0.06048 | AF24: =IFERROR(IF(AG24=0,"",IF(AND(AG24>0,AG24<=0.2),"Leve",IF(AG24<=0.4,"Menor",IF(AG24<=0.6,"Moderado",IF(AG24<=0.8,"Mayor","Catastrófico"))))),"") -> Moderado | AG24: =MIN(AC24:AC28) -> 0.6 | AH24: =IFERROR(IF(OR(AND(AD24="Muy Baja",AF24="Leve"),AND(AD24="Muy Baja",AF24="Menor"),AND(AD24="Baja",AF24="Leve")),"Bajo",IF(OR(AND(AD24="Muy Baja",AF24="Moderado"),AND(AD24="Baja",AF24="Menor"),AND(AD24="Baja",AF24="Moderado"),AND(AD24="Media",AF24="Leve"),AND(AD24="Media",AF24="Menor"),AND(AD24="Media",AF24="Moderado"),AND(AD24="Alta",AF24="Leve"),AND(AD24="Alta",AF24="Menor")),"Moderado",IF(OR(AND(AD24="Muy Baja",AF24="Mayor"),AND(AD24="Baja",AF24="Mayor"),AND(AD24="Media",AF24="Mayor"),AND(AD24="Alta",AF24="Moderado"),AND(AD24="Alta",AF24="Mayor"),AND(AD24="Muy Alta",AF24="Leve"),AND(AD24="Muy Alta",AF24="Menor"),AND(AD24="Muy Alta",AF24="Moderado"),AND(AD24="Muy Alta",AF24="Mayor")),"Alto",IF(OR(AND(AD24="Muy Baja",AF24="Catastrófico"),AND(AD24="Baja",AF24="Catastrófico"),AND(AD24="Media",AF24="Catastrófico"),AND(AD24="Alta",AF24="Catastrófico"),AND(AD24="Muy Alta",AF24="Catastrófico")),"Extremo","")))),"") -> Moderado | AI24: Reducir (mitigar) | AK24: Identificación de riesgos: Durante el primer trimestre de 2026 el evento potencial se mantiene vigente. Se ha implementado control previo en cada evento para asegurar el cumplimiento de los requerimientos logísticos según cada necesidad. Materialización del evento potencial: En este periodo no se ha presentado la materialización del evento potencial. Se han revisado las proyecciones de las órdenes de pedido de las diferentes áreas que organizan eventos. También se han evaluado las cotizaciones y se han realizado reuniones mensuales con el operador logístico para revisar, ajustar y alinear las necesidades de cada actividad. Materialización evento potencial intermedio: Se ha dado cumplimiento a los requerimientos de las subdirecciones para la ejecución de ferias, actividades y preasambleas. Se ha hecho seguimiento financiero a las órdenes de pedido y se han realizado los desembolsos correspondientes al operador logístico para la correcta administración de los recursos. Diseño, Efectividad de controles: Los controles se han aplicado de forma adecuada durante el trimestre. Se ha realizado una proyección presupuestal alineada con criterios de austeridad en cada evento, priorizando las cotizaciones más favorables. Las solicitudes de las dependencias se han revisado en detalle antes de su envío al proveedor. Se ha verificado la entrega de servicios mediante listas de chequeo y validación de informes del operador. Se ha elaborado un informe mensual de ejecución que se remite al área de contabilidad para seguimiento. Estado de acciones derivadas del seguimiento a riesgos: Se ha realizado el informe mensual de supervisión, en el cual se consolidan las ejecuciones de cada orden de pedido, los desembolsos y los pagos realizados. Este informe se envía en los primeros días de cada mes al área de contabilidad, lo que permite mantener control y seguimiento financiero durante la ejecución. | AL24: https://isvimedgovco.sharepoint.com/:f:/s/2Comunicaciones/IgC2oj39S5tYTKFp-Fvrq_VSAfRNHYwN7sBcsxyBhcXMJ2M?e=45ohjp | AM24: Identificación de riesgos: Durante el segundo trimestre de 2026 el evento potencial se mantiene vigente. Se implementó control previo en cada evento para asegurar el cumplimiento de los requerimientos logísticos según cada necesidad. Materialización del evento potencial: En este periodo no se presentó la materialización del evento potencial. Se revisaron las proyecciones de las órdenes de pedido de las diferentes áreas que organizan eventos. También se evaluaron las cotizaciones y se realizaron reuniones mensuales con el operador logístico para revisar, ajustar y alinear las necesidades de cada actividad. Materialización evento potencial intermedio: Se dio cumplimiento a los requerimientos de las subdirecciones para la ejecución de ferias, actividades y preasambleas. Se hizo seguimiento financiero a las órdenes de pedido y se realizaron los desembolsos correspondientes al operador logístico para la correcta administración de los recursos. Diseño, Efectividad de controles: Los controles se aplicaron de forma adecuada durante el trimestre. Se realizó una proyección presupuestal alineada con criterios de austeridad en cada evento, priorizando las cotizaciones más favorables. Las solicitudes de las dependencias se revisaron en detalle antes de su envío al proveedor. Se verificó la entrega de servicios mediante listas de chequeo y validación de informes del operador. Se elaboró un informe mensual de ejecución que se remitió al área de contabilidad para seguimiento. Estado de acciones derivadas del seguimiento a riesgos: Se realizó el informe mensual de supervisión, en el cual se consolidan las ejecuciones de cada orden de pedido, los desembolsos y los pagos realizados. Este informe se envía en los primeros días de cada mes al área de contabilidad, lo que permite mantener control y seguimiento financiero durante la ejecución. Se recibió una solicitud de Contraloría por temas de Auditoría y se compartió la información solicitada de manera transparente y organizada. | AN24: https://isvimedgovco.sharepoint.com/:f:/s/2Comunicaciones/IgC2oj39S5tYTKFp-Fvrq_VSAfRNHYwN7sBcsxyBhcXMJ2M?e=45ohjp | AO24: Se materializó el Riesgo? (Ver evento potencial principal en Columna F. Relacionar detalles de la materialización - que, como, cuando, donde): Los Controles están bien diseñados, se aplican de acuerdo al diseño y son efectivos? (Ver controles en la columna P / Concluir frente a cada control) Que acciones propones o se están llevando a cabo para gestionar el riesgo que se materializó? (Si no aplica colocar N/A) Que acciones propones o se están llevando a cabo para fortalecer los controles? (En el caso de que tener Acciones de mejora / Acciones correctivas en proceso, relacionar el avance. Si tienes acciones específicas a desarrollar en la columna AJ, también relacionar el avance) | AQ24: Se materializó el Riesgo? (Ver evento potencial principal en Columna F. Relacionar detalles de la materialización - que, como, cuando, donde): Los Controles están bien diseñados, se aplican de acuerdo al diseño y son efectivos? (Ver controles en la columna P / Concluir frente a cada control) Que acciones propones o se están llevando a cabo para gestionar el riesgo que se materializó? (Si no aplica colocar N/A) Que acciones propones o se están llevando a cabo para fortalecer los controles? (En el caso de que tener Acciones de mejora / Acciones correctivas en proceso, relacionar el avance. Si tienes acciones específicas a desarrollar en la columna AJ, también relacionar el avance)
H25: 2. La dependencia solicitante del evento no asigna los recursos humanos y técnicos de su competencia para la realización del mismo. | O25: 2 | P25: El asesor de comunicaciones valida la asignación de los recursos humanos y técnicos que debe aportar la dependencia solicitante para la adecuada realización evento. Para la realización de los eventos estratégicos, el asesor de comunicaciones valida que la dependencia involucrada entregue la información solicitada para la realización del evento, de manera completa, precisa y oportuna, como insumo para diligenciar la bitácora que debe ser enviada a la Alcaldía de Medellín para su aprobación. Documentado en: Instructivo de eventos, I-GC-03 | Q25: =IF(OR(R25="Preventivo",R25="Detectivo"),"Probabilidad",IF(R25="Correctivo","Impacto","")) -> Probabilidad | R25: Preventivo | S25: Manual | T25: =IF(AND(R25="Preventivo",S25="Automático"),"50%",IF(AND(R25="Preventivo",S25="Manual"),"40%",IF(AND(R25="Detectivo",S25="Automático"),"40%",IF(AND(R25="Detectivo",S25="Manual"),"30%",IF(AND(R25="Correctivo",S25="Automático"),"35%",IF(AND(R25="Correctivo",S25="Manual"),"25%","")))))) -> 40% | U25: Documentado | V25: Continua | W25: Con Registro | X25: Actas de reunión para preparación de eventos estratégicos Formato bitácora (adopción formato de Alcaldía: Bitácora para la realización de eventos). | Y25: =IFERROR(IF(AND(Q24="Probabilidad",Q25="Probabilidad"),(AA24-(+AA24*T25)),IF(Q25="Probabilidad",(K24-(+K24*T25)),IF(Q25="Impacto",AA24,""))),"") -> 0.144 | Z25: =IFERROR(IF(Y25="","",IF(Y25<=0.2,"Muy Baja",IF(Y25<=0.4,"Baja",IF(Y25<=0.6,"Media",IF(Y25<=0.8,"Alta","Muy Alta"))))),"") -> Muy Baja | AA25: =+Y25 -> 0.144 | AB25: =IFERROR(IF(AC25="","",IF(AC25<=0.2,"Leve",IF(AC25<=0.4,"Menor",IF(AC25<=0.6,"Moderado",IF(AC25<=0.8,"Mayor","Catastrófico"))))),"") -> Mayor | AC25: =IFERROR(IF(AND(Q24="Impacto",Q25="Impacto"),(AC24-(+AC24*T25)),IF(Q25="Impacto",($M$15-(+$M$15*T25)),IF(Q25="Probabilidad",AC24,""))),"") -> 0.8
H26: 3. No se realiza seguimiento al cumplimiento de las actividades necesarias para la realización exitosa del evento | O26: 3 | P26: Durante la ejecución del evento el profesional de comunicaciones asignado y el profesional del area solicitantante supervisan el desarrollo del evento para garantizar que el evento se realice a satisfacción y bajo los parámetros establecidos en la solicitud y los lineamiento de la Alcaldía de Medellín. Documentado en: I-GC-03_INSTRUCTIVOS DE EVENTOS | Q26: =IF(OR(R26="Preventivo",R26="Detectivo"),"Probabilidad",IF(R26="Correctivo","Impacto","")) -> Probabilidad | R26: Detectivo | S26: Manual | T26: =IF(AND(R26="Preventivo",S26="Automático"),"50%",IF(AND(R26="Preventivo",S26="Manual"),"40%",IF(AND(R26="Detectivo",S26="Automático"),"40%",IF(AND(R26="Detectivo",S26="Manual"),"30%",IF(AND(R26="Correctivo",S26="Automático"),"35%",IF(AND(R26="Correctivo",S26="Manual"),"25%","")))))) -> 30% | U26: Documentado | V26: Continua | W26: Con Registro | X26: Formato bitácora para eventos estratégicos. Fotos del evento, material audiovisual y publicitario. Informe de la prestación del servicio logístico por parte del operador de eventos. | Y26: =IFERROR(IF(AND(Q25="Probabilidad",Q26="Probabilidad"),(AA25-(+AA25*T26)),IF(AND(Q25="Impacto",Q26="Probabilidad"),(AC24-(+AC24*T26)),IF(Q26="Impacto",AA25,""))),"") -> 0.1008 | Z26: =IFERROR(IF(Y26="","",IF(Y26<=0.2,"Muy Baja",IF(Y26<=0.4,"Baja",IF(Y26<=0.6,"Media",IF(Y26<=0.8,"Alta","Muy Alta"))))),"") -> Muy Baja | AA26: =+Y26 -> 0.1008 | AB26: =IFERROR(IF(AC26="","",IF(AC26<=0.2,"Leve",IF(AC26<=0.4,"Menor",IF(AC26<=0.6,"Moderado",IF(AC26<=0.8,"Mayor","Catastrófico"))))),"") -> Mayor | AC26: =IFERROR(IF(AND(Q25="Impacto",Q26="Impacto"),(AC25-(+AC25*T26)),IF(AND(Q25="Probabilidad",Q26="Impacto"),(AC24-(+AC24*T26)),IF(Q26="Probabilidad",AC25,""))),"") -> 0.8
H27: 4. El operador logístico no cumple con los requerimientos establecidos para el evento. | O27: 4 | P27: El asesor de comunicaciones en cumplimiento de su rol de supervisor del contrato de con el operador de eventos diligencia la lista de chequeo remitida por el proveedor del evento, a través de la cual se valida que los productos y servicios entregados coincidan con lo solicitado. Asi mismo , a través del informe mensual de eventos, realiza retroalimentación al Operador acerca de aquellos aspectos que fueron incumplidos, para que se realicen las mejoras que correspondan en próximos eventos. En caso de incumplimiento reiterativo, la situación es puesta en conocimiento de la Subdirección Jurídica para que inicie el respectivo proceso administrativo sancionatorio. | Q27: =IF(OR(R27="Preventivo",R27="Detectivo"),"Probabilidad",IF(R27="Correctivo","Impacto","")) -> Impacto | R27: Correctivo | S27: Manual | T27: =IF(AND(R27="Preventivo",S27="Automático"),"50%",IF(AND(R27="Preventivo",S27="Manual"),"40%",IF(AND(R27="Detectivo",S27="Automático"),"40%",IF(AND(R27="Detectivo",S27="Manual"),"30%",IF(AND(R27="Correctivo",S27="Automático"),"35%",IF(AND(R27="Correctivo",S27="Manual"),"25%","")))))) -> 25% | U27: Sin Documentar | V27: Continua | W27: Con Registro | X27: Lista de chequeo remitida por el proveedor del evento. Informe mensual de evento realizado por Comunicaciones Soportes del proceso administrativo sancionatorio | Y27: =IFERROR(IF(AND(Q26="Probabilidad",Q27="Probabilidad"),(AA26-(+AA26*T27)),IF(AND(Q26="Impacto",Q27="Probabilidad"),(#REF!-(+#REF!*T27)),IF(Q27="Impacto",AA26,""))),"") -> 0.1008 | Z27: =IFERROR(IF(Y27="","",IF(Y27<=0.2,"Muy Baja",IF(Y27<=0.4,"Baja",IF(Y27<=0.6,"Media",IF(Y27<=0.8,"Alta","Muy Alta"))))),"") -> Muy Baja | AA27: =+Y27 -> 0.1008 | AB27: =IFERROR(IF(AC27="","",IF(AC27<=0.2,"Leve",IF(AC27<=0.4,"Menor",IF(AC27<=0.6,"Moderado",IF(AC27<=0.8,"Mayor","Catastrófico"))))),"") -> Moderado | AC27: =IFERROR(IF(AND(Q26="Impacto",Q27="Impacto"),(AC26-(+AC26*T27)),IF(AND(Q26="Probabilidad",Q27="Impacto"),(AC25-(+AC25*T27)),IF(Q27="Probabilidad",AC26,""))),"") -> 0.6
H28: 5. Retraso en el proceso de contratación del operador logístico. | O28: 5 | P28: El asesor de comunicaciones presenta un listado de proyección de eventos en aras de garantizar la contratación del operador de manera oportuna, los cuales se verifica que se incluyan en el Plan Anual de Adquisiciones. El asesor de comunicaciones verifica que la contratación se realice en los tiempos establecidos en el PAA. Documentado en: P-GI-01 - PROCEDIMIENTO PARA LA GESTION ADMINISTRATIVA | Q28: =IF(OR(R28="Preventivo",R28="Detectivo"),"Probabilidad",IF(R28="Correctivo","Impacto","")) -> Probabilidad | R28: Preventivo | S28: Manual | T28: =IF(AND(R28="Preventivo",S28="Automático"),"50%",IF(AND(R28="Preventivo",S28="Manual"),"40%",IF(AND(R28="Detectivo",S28="Automático"),"40%",IF(AND(R28="Detectivo",S28="Manual"),"30%",IF(AND(R28="Correctivo",S28="Automático"),"35%",IF(AND(R28="Correctivo",S28="Manual"),"25%","")))))) -> 40% | U28: Documentado | V28: Aleatoria | W28: Con Registro | X28: Plan Anual de Adquisiciones y seguimiento Contratación efectiva del Operador de eventos en SECOP | Y28: =IFERROR(IF(AND(Q27="Probabilidad",Q28="Probabilidad"),(AA27-(+AA27*T28)),IF(AND(Q27="Impacto",Q28="Probabilidad"),(AA26-(+AA26*T28)),IF(Q28="Impacto",AA27,""))),"") -> 0.06048 | Z28: =IFERROR(IF(Y28="","",IF(Y28<=0.2,"Muy Baja",IF(Y28<=0.4,"Baja",IF(Y28<=0.6,"Media",IF(Y28<=0.8,"Alta","Muy Alta"))))),"") -> Muy Baja | AA28: =+Y28 -> 0.06048 | AB28: =IFERROR(IF(AC28="","",IF(AC28<=0.2,"Leve",IF(AC28<=0.4,"Menor",IF(AC28<=0.6,"Moderado",IF(AC28<=0.8,"Mayor","Catastrófico"))))),"") -> Moderado | AC28: =IFERROR(IF(AND(Q27="Impacto",Q28="Impacto"),(AC27-(+AC27*T28)),IF(AND(Q27="Probabilidad",Q28="Impacto"),(AC26-(+AC26*T28)),IF(Q28="Probabilidad",AC27,""))),"") -> 0.6
A29: *Nota: La columna referencia se sugiere para mantener el consecutivo de riesgos, así el riesgo salga del mapa no existirá otro riesgo con el mismo número. Una entidad puede ir en el riesgo 150 pero tener 70 riesgos, lo que permite llevar una traza de los riesgos. Esta información la debe administrar la Oficina Asesora de Planeación o Gerencia de Riesgos.
A31: Fuente: Adaptado de Curso Riesgo Operativo Universidad del Rosario por Dirección de Gestión y Desempeño Institucional de Función Pública, 2020.
C33: CONTROL DE CAMBIOS
C35: Riesgo No. | D35: Fecha Cambio | E35: Descripción del cambio
C36: GC5 | D36: 44848 | E36: Se ajusta causa inmediata de la siguiente manera: "por un alto número de personas desinformadas, derivada una información no planeada y con una alta cobertura de medios externos"
C37: GC5 | D37: 44848 | E37: Se ajusta redacción del evento potencial principal ajustando "administración municipal" por "administración distrital"
C38: GC7 | D38: 44848 | E38: Se ajusta la redacción del evento potencial principal de la siguiente manera: "debido a deficiencias en la gestión de la pagina web de la entidad (diseño, usabilidad, accesibilidad, actualización y publicación oportuna de contenidos)"
C39: GC5 | D39: 44895 | E39: El Control 1 se ajusta de la siguiente manera: El asesor de comunicaciones programa reuniones con cada dependencia para concertar el plan de trabajo articulado y define enlaces para atender las solictiudes de las dependencias. Estas solicitudes se realizan a través del formualrio solicitud para comunicaciones en la intranet institucional. El Control 2 se ajusta de la siguiente manera: La Secretaría de Comunicaciones programa reuniones semanales con las oficinas de comunicaciones del conglomerado. Esto con el fin de validar temas, establecer estrategias comunicacionales, y recibir orientaciones para divulgar contenidos del Instituto. El asesor de comunicaciones verifica que la divulgación de contenidos al exterior del Instituto cumpla con los lineamientos de la Secretaria de Comunicaciones del Distrito.
C40: GC5 | D40: 44895 | E40: Se incluye el control 3 que no existía previamentede la siguiente manera: "Se socializa de manera periódica el procedimiento para realizar solicitudes a comunicaciones a través de equipos primarios, inducción y reinducción y correo electrónico. Así mismo se indica que el único canal oficial para realizar solicitudes a Comunicaciones es a través del formulario correspondiente en la intranet institucional. Cabe aclarar que se pueden generar espacios de asesoría posteriores a la solicitud".
C41: GC6 | D41: 44895 | E41: Se ajusta el control 2 con la siguiente redacción: "El Procedimiento para realizar solicitudes a comunicaciones define los tiempos para el diseño y entrega de piezas gráficas al cliente interno. El asesor de comunicaciones verifica el cumplimiento de los tiempos a través de los equipos primarios". Se ajusta el evento potencial intermedio 3 de la siguiente manera: Fallas tecnológicas en los canales de comunicación interna tales como teams, intranet, correo electrónico y la plataforma de envío de correo masivo (mailchimp). Se incluye la siguiente redacción en el control 3: "En caso de fallas en los canales usados por la oficina asesora de comunicaciones para la divulgación de información interna, el contratista asignado solicita soporte técnico al area de TIC a través del módulo de soporte de SIFI".
C42: GC7 | D42: 44895 | E42: Se elimina el evento potencial intermedio 1 porque actualmente se cuenta con aforo de 100% en todos lo eventos, debido que dicha limitación se generó durante la coyuntura del COVID - 19. Se incluye el control 4 que no se había establecido a la fecha. Se redacta de la siguiente manera: "El asesor de comunicaciones verifica el cumplimiento de los lineamientos de la ley de transparencia con respecto a la página web a través de la matriz ITA, con el fin de garantizar su cumplimiento".
C43: GC8 | D43: 45071 | E43: Se modificó redacción de la causa 2 de la siguiente manera: “Las fechas proyectadas de los eventos a realizar según el Plan de Comunicaciones de la vigencia no coinciden con las fechas reales de ejecución”, de igual manera se ajusta el control relacionado. Se ajusta redacción de la causa 3 de la siguiente manera: “La dependencia solicitante del evento no asigna los recursos humanos y técnicos de su competencia para la realización del mismo”, de igual manera se ajusta el control relacionado. Se incluye la causa 5 y control relacionado. Se ajusta redacción del control 6 de la siguiente manera: El asesor de comunicaciones en cumplimiento de su rol de supervisor del contrato realiza retroalimentación al Operador Logístico acerca de aquellos aspectos que fueron incumplidos, para que se realicen las mejoras que correspondan en próximos eventos. En caso de incumplimiento reiterativo, la situación es puesta en conocimiento de la Subdirección Jurídica para que inicie el respectivo proceso administrativo sancionatorio.

Sheet MAPA CALOR INHERENTE
A1: MAPA DE CALOR INHERENTE (ANTES DE CONTROLES)
A3: PROCESO: | B3: ='2. MATRIZ DE RIESGOS'!D6 -> Gestión de Comunicaciones
G4: MAPA DE CALOR RIESGO INHERENTE | R4: Impacto
C5: CALIFICACIÓN RIESGO INHERENTE | I5: Impacto | R5: 0.2 | S5: 0.4 | T5: 0.6 | U5: 0.8 | V5: 1
A6: No. DEL RIESGO | B6: RIESGO | C6: PROBABILIDAD | D6: IMPACTO | E6: SEVERIDAD (NIVEL DE RIESGO) | I6: Leve | J6: Menor | K6: Moderado | L6: Mayor | M6: Catastrófico | R6: Leve | S6: Menor | T6: Moderado | U6: Mayor | V6: Catastrófico
A7: ='2. MATRIZ DE RIESGOS'!A15 -> GC5 | B7: ='2. MATRIZ DE RIESGOS'!G15 -> Posibilidad de afectación reputacional del Instituto reflejada reflejada en la existencia de menciones negativas en el monitoreo de medios de comunicación, asi como la cancelación del Plan de Pauta en medios de comunicación por parte de la Jefatura de Prensa del Distrito, debido a que las noticias, menciones y ruedas de prensa no impacten de manera positiva la gestión y reputación del Instituto | C7: ='2. MATRIZ DE RIESGOS'!J15 -> Alta | D7: ='2. MATRIZ DE RIESGOS'!L15 -> Mayor | E7: =+IF(C7=$Q$7,IF(D7=$R$6,$R$7,IF(D7=$S$6,$S$7,IF(D7=$T$6,$T$7,IF(D7=$U$6,$U$7,IF(D7=$V$6,$V$7))))),IF(C7=$Q$8,IF(D7=$R$6,$R$8,IF(D7=$S$6,$S$8,IF(D7=$T$6,$T$8,IF(D7=$U$6,$U$8,IF(D7=$V$6,$V$8))))),IF(C7=$Q$9,IF(D7=$R$6,$R$9,IF(D7=$S$6,$S$9,IF(D7=$T$6,$T$9,IF(D7=$U$6,$U$9,IF(D7=$V$6,$V$9))))),IF(C7=$Q$10,IF(D7=$R$6,$R$10,IF(D7=$S$6,$S$10,IF(D7=$T$6,$T$10,IF(D7=$U$6,$U$10,IF(D7=$V$6,$V$10))))),IF(C7=$Q$11,IF(D7=$R$6,$R$11,IF(D7=$S$6,$S$11,IF(D7=$T$6,$T$11,IF(D7=$U$6,$U$11,IF(D7=$V$6,$V$11))))),""))))) -> Alto | G7: Probabilidad | H7: Muy Alta | I7: =+IF(AND(C7=$Q$7,D7=$R$6),A7,"")&" "&IF(AND(C8=$Q$7,D8=$R$6),A8,"")&" "&IF(AND(C9=$Q$7,D9=$R$6),A9,"")&" "&IF(AND(C10=$Q$7,D10=$R$6),A10,"")&" "&IF(AND(C11=$Q$7,D11=$R$6),A11,"")&" "&IF(AND(C12=$Q$7,D12=$R$6),A12,"")&" "&IF(AND(C13=$Q$7,D13=$R$6),A13,"")&" "&IF(AND(C14=$Q$7,D14=$R$6),A14,"")&" "&IF(AND(C15=$Q$7,D15=$R$6),A15,"")&" "&IF(AND(C16=$Q$7,D16=$R$6),A16,"")&" "&IF(AND(C17=$Q$7,D17=$R$6),A17,"")&" "&IF(AND(C18=$Q$7,D18=$R$6),A18,"")&" "&IF(AND(C19=$Q$7,D19=$R$6),A19,"")&" "&IF(AND(C20=$Q$7,D20=$R$6),A20,"")&" "&IF(AND(C21=$Q$7,D21=$R$6),A21,"")&" "&IF(AND(C22=$Q$7,D22=$R$6),A22,"")&" "&IF(AND(C23=$Q$7,D23=$R$6),A23,"")&" "&IF(AND(C24=$Q$7,D24=$R$6),A24,"")&" "&IF(AND(C25=$Q$7,D25=$R$6),A25,"")&" "&IF(AND(C26=$Q$7,D26=$R$6),A26,"") | J7: =+IF(AND(C7=$Q$7,D7=$S$6),A7,"")&" "&IF(AND(C8=$Q$7,D8=$S$6),A8,"")&" "&IF(AND(C9=$Q$7,D9=$S$6),A9,"")&" "&IF(AND(C10=$Q$7,D10=$S$6),A10,"")&" "&IF(AND(C11=$Q$7,D11=$S$6),A11,"")&" "&IF(AND(C12=$Q$7,D12=$S$6),A12,"")&" "&IF(AND(C13=$Q$7,D13=$S$6),A13,"")&" "&IF(AND(C14=$Q$7,D14=$S$6),A14,"")&" "&IF(AND(C15=$Q$7,D15=$S$6),A15,"")&" "&IF(AND(C16=$Q$7,D16=$S$6),A16,"")&" "&IF(AND(C17=$Q$7,D17=$S$6),A17,"")&" "&IF(AND(C18=$Q$7,D18=$S$6),A18,"")&" "&IF(AND(C19=$Q$7,D19=$S$6),A19,"")&" "&IF(AND(C20=$Q$7,D20=$S$6),A20,"")&" "&IF(AND(C21=$Q$7,D21=$S$6),A21,"")&" "&IF(AND(C22=$Q$7,D22=$S$6),A22,"")&" "&IF(AND(C23=$Q$7,D23=$S$6),A23,"")&" "&IF(AND(C24=$Q$7,D24=$S$6),A24,"")&" "&IF(AND(C25=$Q$7,D25=$S$6),A25,"")&" "&IF(AND(C26=$Q$7,D26=$S$6),A26,"") | K7: =+IF(AND(C7=$Q$7,D7=$T$6),A7,"")&" "&IF(AND(C8=$Q$7,D8=$T$6),A8,"")&" "&IF(AND(C9=$Q$7,D9=$T$6),A9,"")&" "&IF(AND(C10=$Q$7,D10=$T$6),A10,"")&" "&IF(AND(C11=$Q$7,D11=$T$6),A11,"")&" "&IF(AND(C12=$Q$7,D12=$T$6),A12,"")&" "&IF(AND(C13=$Q$7,D13=$T$6),A13,"")&" "&IF(AND(C14=$Q$7,D14=$T$6),A14,"")&" "&IF(AND(C15=$Q$7,D15=$T$6),A15,"")&" "&IF(AND(C16=$Q$7,D16=$T$6),A16,"")&" "&IF(AND(C17=$Q$7,D17=$T$6),A17,"")&" "&IF(AND(C18=$Q$7,D18=$T$6),A18,"")&" "&IF(AND(C19=$Q$7,D19=$T$6),A19,"")&" "&IF(AND(C20=$Q$7,D20=$T$6),A20,"")&" "&IF(AND(C21=$Q$7,D21=$T$6),A21,"")&" "&IF(AND(C22=$Q$7,D22=$T$6),A22,"")&" "&IF(AND(C23=$Q$7,D23=$T$6),A23,"")&" "&IF(AND(C24=$Q$7,D24=$T$6),A24,"")&" "&IF(AND(C25=$Q$7,D25=$T$6),A25,"")&" "&IF(AND(C26=$Q$7,D26=$T$6),A26,"") | L7: =+IF(AND(C7=$Q$7,D7=$U$6),A7,"")&" "&IF(AND(C8=$Q$7,D8=$U$6),A8,"")&" "&IF(AND(C9=$Q$7,D9=$U$6),A9,"")&" "&IF(AND(C10=$Q$7,D10=$U$6),A10,"")&" "&IF(AND(C11=$Q$7,D11=$U$6),A11,"")&" "&IF(AND(C12=$Q$7,D12=$U$6),A12,"")&" "&IF(AND(C13=$Q$7,D13=$U$6),A13,"")&" "&IF(AND(C14=$Q$7,D14=$U$6),A14,"")&" "&IF(AND(C15=$Q$7,D15=$U$6),A15,"")&" "&IF(AND(C16=$Q$7,D16=$U$6),A16,"")&" "&IF(AND(C17=$Q$7,D17=$U$6),A17,"")&" "&IF(AND(C18=$Q$7,D18=$U$6),A18,"")&" "&IF(AND(C19=$Q$7,D19=$U$6),A19,"")&" "&IF(AND(C20=$Q$7,D20=$U$6),A20,"")&" "&IF(AND(C21=$Q$7,D21=$U$6),A21,"")&" "&IF(AND(C22=$Q$7,D22=$U$6),A22,"")&" "&IF(AND(C23=$Q$7,D23=$U$6),A23,"")&" "&IF(AND(C24=$Q$7,D24=$U$6),A24,"")&" "&IF(AND(C25=$Q$7,D25=$U$6),A25,"")&" "&IF(AND(C26=$Q$7,D26=$U$6),A26,"") | M7: =+IF(AND(C7=$Q$7,D7=$V$6),A7,"")&" "&IF(AND(C8=$Q$7,D8=$V$6),A8,"")&" "&IF(AND(C9=$Q$7,D9=$V$6),A9,"")&" "&IF(AND(C10=$Q$7,D10=$V$6),A10,"")&" "&IF(AND(C11=$Q$7,D11=$V$6),A11,"")&" "&IF(AND(C12=$Q$7,D12=$V$6),A12,"")&" "&IF(AND(C13=$Q$7,D13=$V$6),A13,"")&" "&IF(AND(C14=$Q$7,D14=$V$6),A14,"")&" "&IF(AND(C15=$Q$7,D15=$V$6),A15,"")&" "&IF(AND(C16=$Q$7,D16=$V$6),A16,"")&" "&IF(AND(C17=$Q$7,D17=$V$6),A17,"")&" "&IF(AND(C18=$Q$7,D18=$V$6),A18,"")&" "&IF(AND(C19=$Q$7,D19=$V$6),A19,"")&" "&IF(AND(C20=$Q$7,D20=$V$6),A20,"")&" "&IF(AND(C21=$Q$7,D21=$V$6),A21,"")&" "&IF(AND(C22=$Q$7,D22=$V$6),A22,"")&" "&IF(AND(C23=$Q$7,D23=$V$6),A23,"")&" "&IF(AND(C24=$Q$7,D24=$V$6),A24,"")&" "&IF(AND(C25=$Q$7,D25=$V$6),A25,"")&" "&IF(AND(C26=$Q$7,D26=$V$6),A26,"") | O7: Probabilidad | P7: 1 | Q7: Muy Alta | R7: Alto | S7: Alto | T7: Alto | U7: Alto | V7: Extremo
A8: ='2. MATRIZ DE RIESGOS'!A18 -> GC6 | B8: ='2. MATRIZ DE RIESGOS'!G18 -> Posibilidad de afectación reputacional al Interior del Instituto reflejada en la insatisfacción del cliente interno, debido a que las estrategias de comunicación interna no satisfagan las necesidades de las areas solicitantes | C8: ='2. MATRIZ DE RIESGOS'!J18 -> Media | D8: ='2. MATRIZ DE RIESGOS'!L18 -> Moderado | E8: =+IF(C8=$Q$7,IF(D8=$R$6,$R$7,IF(D8=$S$6,$S$7,IF(D8=$T$6,$T$7,IF(D8=$U$6,$U$7,IF(D8=$V$6,$V$7))))),IF(C8=$Q$8,IF(D8=$R$6,$R$8,IF(D8=$S$6,$S$8,IF(D8=$T$6,$T$8,IF(D8=$U$6,$U$8,IF(D8=$V$6,$V$8))))),IF(C8=$Q$9,IF(D8=$R$6,$R$9,IF(D8=$S$6,$S$9,IF(D8=$T$6,$T$9,IF(D8=$U$6,$U$9,IF(D8=$V$6,$V$9))))),IF(C8=$Q$10,IF(D8=$R$6,$R$10,IF(D8=$S$6,$S$10,IF(D8=$T$6,$T$10,IF(D8=$U$6,$U$10,IF(D8=$V$6,$V$10))))),IF(C8=$Q$11,IF(D8=$R$6,$R$11,IF(D8=$S$6,$S$11,IF(D8=$T$6,$T$11,IF(D8=$U$6,$U$11,IF(D8=$V$6,$V$11))))),""))))) -> Moderado | H8: Alta | I8: =+IF(AND(C7=$Q$8,D7=$R$6),A7,"")&" "&IF(AND(C8=$Q$8,D8=$R$6),A8,"")&" "&IF(AND(C9=$Q$8,D9=$R$6),A9,"")&" "&IF(AND(C10=$Q$8,D10=$R$6),A10,"")&" "&IF(AND(C11=$Q$8,D11=$R$6),A11,"")&" "&IF(AND(C12=$Q$8,D12=$R$6),A12,"")&" "&IF(AND(C13=$Q$8,D13=$R$6),A13,"")&" "&IF(AND(C14=$Q$8,D14=$R$6),A14,"")&" "&IF(AND(C15=$Q$8,D15=$R$6),A15,"")&" "&IF(AND(C16=$Q$8,D16=$R$6),A16,"")&" "&IF(AND(C17=$Q$8,D17=$R$6),A17,"")&" "&IF(AND(C18=$Q$8,D18=$R$6),A18,"")&" "&IF(AND(C19=$Q$8,D19=$R$6),A19,"")&" "&IF(AND(C20=$Q$8,D20=$R$6),A20,"")&" "&IF(AND(C21=$Q$8,D21=$R$6),A21,"")&" "&IF(AND(C22=$Q$8,D22=$R$6),A22,"")&" "&IF(AND(C23=$Q$8,D23=$R$6),A23,"")&" "&IF(AND(C24=$Q$8,D24=$R$6),A24,"")&" "&IF(AND(C25=$Q$8,D25=$R$6),A25,"")&" "&IF(AND(C26=$Q$8,D26=$R$6),A26,"") | J8: =+IF(AND(C7=$Q$8,D7=$S$6),A7,"")&" "&IF(AND(C8=$Q$8,D8=$S$6),A8,"")&" "&IF(AND(C9=$Q$8,D9=$S$6),A9,"")&" "&IF(AND(C10=$Q$8,D10=$S$6),A10,"")&" "&IF(AND(C11=$Q$8,D11=$S$6),A11,"")&" "&IF(AND(C12=$Q$8,D12=$S$6),A12,"")&" "&IF(AND(C13=$Q$8,D13=$S$6),A13,"")&" "&IF(AND(C14=$Q$8,D14=$S$6),A14,"")&" "&IF(AND(C15=$Q$8,D15=$S$6),A15,"")&" "&IF(AND(C16=$Q$8,D16=$S$6),A16,"")&" "&IF(AND(C17=$Q$8,D17=$S$6),A17,"")&" "&IF(AND(C18=$Q$8,D18=$S$6),A18,"")&" "&IF(AND(C19=$Q$8,D19=$S$6),A19,"")&" "&IF(AND(C20=$Q$8,D20=$S$6),A20,"")&" "&IF(AND(C21=$Q$8,D21=$S$6),A21,"")&" "&IF(AND(C22=$Q$8,D22=$S$6),A22,"")&" "&IF(AND(C23=$Q$8,D23=$S$6),A23,"")&" "&IF(AND(C24=$Q$8,D24=$S$6),A24,"")&" "&IF(AND(C25=$Q$8,D25=$S$6),A25,"")&" "&IF(AND(C26=$Q$8,D26=$S$6),A26,"") | K8: =+IF(AND(C7=$Q$8,D7=$T$6),A7,"")&" "&IF(AND(C8=$Q$8,D8=$T$6),A8,"")&" "&IF(AND(C9=$Q$8,D9=$T$6),A9,"")&" "&IF(AND(C10=$Q$8,D10=$T$6),A10,"")&" "&IF(AND(C11=$Q$8,D11=$T$6),A11,"")&" "&IF(AND(C12=$Q$8,D12=$T$6),A12,"")&" "&IF(AND(C13=$Q$8,D13=$T$6),A13,"")&" "&IF(AND(C14=$Q$8,D14=$T$6),A14,"")&" "&IF(AND(C15=$Q$8,D15=$T$6),A15,"")&" "&IF(AND(C16=$Q$8,D16=$T$6),A16,"")&" "&IF(AND(C17=$Q$8,D17=$T$6),A17,"")&" "&IF(AND(C18=$Q$8,D18=$T$6),A18,"")&" "&IF(AND(C19=$Q$8,D19=$T$6),A19,"")&" "&IF(AND(C20=$Q$8,D20=$T$6),A20,"")&" "&IF(AND(C21=$Q$8,D21=$T$6),A21,"")&" "&IF(AND(C22=$Q$8,D22=$T$6),A22,"")&" "&IF(AND(C23=$Q$8,D23=$T$6),A23,"")&" "&IF(AND(C24=$Q$8,D24=$T$6),A24,"")&" "&IF(AND(C25=$Q$8,D25=$T$6),A25,"")&" "&IF(AND(C26=$Q$8,D26=$T$6),A26,"") -> GC7 | L8: =+IF(AND(C7=$Q$8,D7=$U$6),A7,"")&" "&IF(AND(C8=$Q$8,D8=$U$6),A8,"")&" "&IF(AND(C9=$Q$8,D9=$U$6),A9,"")&" "&IF(AND(C10=$Q$8,D10=$U$6),A10,"")&" "&IF(AND(C11=$Q$8,D11=$U$6),A11,"")&" "&IF(AND(C12=$Q$8,D12=$U$6),A12,"")&" "&IF(AND(C13=$Q$8,D13=$U$6),A13,"")&" "&IF(AND(C14=$Q$8,D14=$U$6),A14,"")&" "&IF(AND(C15=$Q$8,D15=$U$6),A15,"")&" "&IF(AND(C16=$Q$8,D16=$U$6),A16,"")&" "&IF(AND(C17=$Q$8,D17=$U$6),A17,"")&" "&IF(AND(C18=$Q$8,D18=$U$6),A18,"")&" "&IF(AND(C19=$Q$8,D19=$U$6),A19,"")&" "&IF(AND(C20=$Q$8,D20=$U$6),A20,"")&" "&IF(AND(C21=$Q$8,D21=$U$6),A21,"")&" "&IF(AND(C22=$Q$8,D22=$U$6),A22,"")&" "&IF(AND(C23=$Q$8,D23=$U$6),A23,"")&" "&IF(AND(C24=$Q$8,D24=$U$6),A24,"")&" "&IF(AND(C25=$Q$8,D25=$U$6),A25,"")&" "&IF(AND(C26=$Q$8,D26=$U$6),A26,"") -> GC5 | M8: =+IF(AND(C7=$Q$8,D7=$V$6),A7,"")&" "&IF(AND(C8=$Q$8,D8=$V$6),A8,"")&" "&IF(AND(C9=$Q$8,D9=$V$6),A9,"")&" "&IF(AND(C10=$Q$8,D10=$V$6),A10,"")&" "&IF(AND(C11=$Q$8,D11=$V$6),A11,"")&" "&IF(AND(C12=$Q$8,D12=$V$6),A12,"")&" "&IF(AND(C13=$Q$8,D13=$V$6),A13,"")&" "&IF(AND(C14=$Q$8,D14=$V$6),A14,"")&" "&IF(AND(C15=$Q$8,D15=$V$6),A15,"")&" "&IF(AND(C16=$Q$8,D16=$V$6),A16,"")&" "&IF(AND(C17=$Q$8,D17=$V$6),A17,"")&" "&IF(AND(C18=$Q$8,D18=$V$6),A18,"")&" "&IF(AND(C19=$Q$8,D19=$V$6),A19,"")&" "&IF(AND(C20=$Q$8,D20=$V$6),A20,"")&" "&IF(AND(C21=$Q$8,D21=$V$6),A21,"")&" "&IF(AND(C22=$Q$8,D22=$V$6),A22,"")&" "&IF(AND(C23=$Q$8,D23=$V$6),A23,"")&" "&IF(AND(C24=$Q$8,D24=$V$6),A24,"")&" "&IF(AND(C25=$Q$8,D25=$V$6),A25,"")&" "&IF(AND(C26=$Q$8,D26=$V$6),A26,"") | P8: 0.8 | Q8: Alta | R8: Moderado | S8: Moderado | T8: Alto | U8: Alto | V8: Extremo
A9: ='2. MATRIZ DE RIESGOS'!A21 -> GC7 | B9: ='2. MATRIZ DE RIESGOS'!G21 -> Posibilidad de afectación reputacional del Instituto por inhabilidad temporal o permanente de la pagina web institucional, debido a deficiencias en la gestión de la pagina web de la entidad (diseño, usabilidad, accesibilidad y publicación oportuna de contenidos) | C9: ='2. MATRIZ DE RIESGOS'!J21 -> Alta | D9: ='2. MATRIZ DE RIESGOS'!L21 -> Moderado | E9: =+IF(C9=$Q$7,IF(D9=$R$6,$R$7,IF(D9=$S$6,$S$7,IF(D9=$T$6,$T$7,IF(D9=$U$6,$U$7,IF(D9=$V$6,$V$7))))),IF(C9=$Q$8,IF(D9=$R$6,$R$8,IF(D9=$S$6,$S$8,IF(D9=$T$6,$T$8,IF(D9=$U$6,$U$8,IF(D9=$V$6,$V$8))))),IF(C9=$Q$9,IF(D9=$R$6,$R$9,IF(D9=$S$6,$S$9,IF(D9=$T$6,$T$9,IF(D9=$U$6,$U$9,IF(D9=$V$6,$V$9))))),IF(C9=$Q$10,IF(D9=$R$6,$R$10,IF(D9=$S$6,$S$10,IF(D9=$T$6,$T$10,IF(D9=$U$6,$U$10,IF(D9=$V$6,$V$10))))),IF(C9=$Q$11,IF(D9=$R$6,$R$11,IF(D9=$S$6,$S$11,IF(D9=$T$6,$T$11,IF(D9=$U$6,$U$11,IF(D9=$V$6,$V$11))))),""))))) -> Alto | H9: Media | I9: =+IF(AND(C7=$Q$9,D7=$R$6),A7,"")&" "&IF(AND(C8=$Q$9,D8=$R$6),A8,"")&" "&IF(AND(C9=$Q$9,D9=$R$6),A9,"")&" "&IF(AND(C10=$Q$9,D10=$R$6),A10,"")&" "&IF(AND(C11=$Q$9,D11=$R$6),A11,"")&" "&IF(AND(C12=$Q$9,D12=$R$6),A12,"")&" "&IF(AND(C13=$Q$9,D13=$R$6),A13,"")&" "&IF(AND(C14=$Q$9,D14=$R$6),A14,"")&" "&IF(AND(C15=$Q$9,D15=$R$6),A15,"")&" "&IF(AND(C16=$Q$9,D16=$R$6),A16,"")&" "&IF(AND(C17=$Q$9,D17=$R$6),A17,"")&" "&IF(AND(C18=$Q$9,D18=$R$6),A18,"")&" "&IF(AND(C19=$Q$9,D19=$R$6),A19,"")&" "&IF(AND(C20=$Q$9,D20=$R$6),A20,"")&" "&IF(AND(C21=$Q$9,D21=$R$6),A21,"")&" "&IF(AND(C22=$Q$9,D22=$R$6),A22,"")&" "&IF(AND(C23=$Q$9,D23=$R$6),A23,"")&" "&IF(AND(C24=$Q$9,D24=$R$6),A24,"")&" "&IF(AND(C25=$Q$9,D25=$R$6),A25,"")&" "&IF(AND(C26=$Q$9,D26=$R$6),A26,"") | J9: =+IF(AND(C7=$Q$9,D7=$S$6),A7,"")&" "&IF(AND(C8=$Q$9,D8=$S$6),A8,"")&" "&IF(AND(C9=$Q$9,D9=$S$6),A9,"")&" "&IF(AND(C10=$Q$9,D10=$S$6),A10,"")&" "&IF(AND(C11=$Q$9,D11=$S$6),A11,"")&" "&IF(AND(C12=$Q$9,D12=$S$6),A12,"")&" "&IF(AND(C13=$Q$9,D13=$S$6),A13,"")&" "&IF(AND(C14=$Q$9,D14=$S$6),A14,"")&" "&IF(AND(C15=$Q$9,D15=$S$6),A15,"")&" "&IF(AND(C16=$Q$9,D16=$S$6),A16,"")&" "&IF(AND(C17=$Q$9,D17=$S$6),A17,"")&" "&IF(AND(C18=$Q$9,D18=$S$6),A18,"")&" "&IF(AND(C19=$Q$9,D19=$S$6),A19,"")&" "&IF(AND(C20=$Q$9,D20=$S$6),A20,"")&" "&IF(AND(C21=$Q$9,D21=$S$6),A21,"")&" "&IF(AND(C22=$Q$9,D22=$S$6),A22,"")&" "&IF(AND(C23=$Q$9,D23=$S$6),A23,"")&" "&IF(AND(C24=$Q$9,D24=$S$6),A24,"")&" "&IF(AND(C25=$Q$9,D25=$S$6),A25,"")&" "&IF(AND(C26=$Q$9,D26=$S$6),A26,"") | K9: =+IF(AND(C7=$Q$9,D7=$T$6),A7,"")&" "&IF(AND(C8=$Q$9,D8=$T$6),A8,"")&" "&IF(AND(C9=$Q$9,D9=$T$6),A9,"")&" "&IF(AND(C10=$Q$9,D10=$T$6),A10,"")&" "&IF(AND(C11=$Q$9,D11=$T$6),A11,"")&" "&IF(AND(C12=$Q$9,D12=$T$6),A12,"")&" "&IF(AND(C13=$Q$9,D13=$T$6),A13,"")&" "&IF(AND(C14=$Q$9,D14=$T$6),A14,"")&" "&IF(AND(C15=$Q$9,D15=$T$6),A15,"")&" "&IF(AND(C16=$Q$9,D16=$T$6),A16,"")&" "&IF(AND(C17=$Q$9,D17=$T$6),A17,"")&" "&IF(AND(C18=$Q$9,D18=$T$6),A18,"")&" "&IF(AND(C19=$Q$9,D19=$T$6),A19,"")&" "&IF(AND(C20=$Q$9,D20=$T$6),A20,"")&" "&IF(AND(C21=$Q$9,D21=$T$6),A21,"")&" "&IF(AND(C22=$Q$9,D22=$T$6),A22,"")&" "&IF(AND(C23=$Q$9,D23=$T$6),A23,"")&" "&IF(AND(C24=$Q$9,D24=$T$6),A24,"")&" "&IF(AND(C25=$Q$9,D25=$T$6),A25,"")&" "&IF(AND(C26=$Q$9,D26=$T$6),A26,"") -> GC6 | L9: =+IF(AND(C7=$Q$9,D7=$U$6),A7,"")&" "&IF(AND(C8=$Q$9,D8=$U$6),A8,"")&" "&IF(AND(C9=$Q$9,D9=$U$6),A9,"")&" "&IF(AND(C10=$Q$9,D10=$U$6),A10,"")&" "&IF(AND(C11=$Q$9,D11=$U$6),A11,"")&" "&IF(AND(C12=$Q$9,D12=$U$6),A12,"")&" "&IF(AND(C13=$Q$9,D13=$U$6),A13,"")&" "&IF(AND(C14=$Q$9,D14=$U$6),A14,"")&" "&IF(AND(C15=$Q$9,D15=$U$6),A15,"")&" "&IF(AND(C16=$Q$9,D16=$U$6),A16,"")&" "&IF(AND(C17=$Q$9,D17=$U$6),A17,"")&" "&IF(AND(C18=$Q$9,D18=$U$6),A18,"")&" "&IF(AND(C19=$Q$9,D19=$U$6),A19,"")&" "&IF(AND(C20=$Q$9,D20=$U$6),A20,"")&" "&IF(AND(C21=$Q$9,D21=$U$6),A21,"")&" "&IF(AND(C22=$Q$9,D22=$U$6),A22,"")&" "&IF(AND(C23=$Q$9,D23=$U$6),A23,"")&" "&IF(AND(C24=$Q$9,D24=$U$6),A24,"")&" "&IF(AND(C25=$Q$9,D25=$U$6),A25,"")&" "&IF(AND(C26=$Q$9,D26=$U$6),A26,"") | M9: =+IF(AND(C7=$Q$9,D7=$V$6),A7,"")&" "&IF(AND(C8=$Q$9,D8=$V$6),A8,"")&" "&IF(AND(C9=$Q$9,D9=$V$6),A9,"")&" "&IF(AND(C10=$Q$9,D10=$V$6),A10,"")&" "&IF(AND(C11=$Q$9,D11=$V$6),A11,"")&" "&IF(AND(C12=$Q$9,D12=$V$6),A12,"")&" "&IF(AND(C13=$Q$9,D13=$V$6),A13,"")&" "&IF(AND(C14=$Q$9,D14=$V$6),A14,"")&" "&IF(AND(C15=$Q$9,D15=$V$6),A15,"")&" "&IF(AND(C16=$Q$9,D16=$V$6),A16,"")&" "&IF(AND(C17=$Q$9,D17=$V$6),A17,"")&" "&IF(AND(C18=$Q$9,D18=$V$6),A18,"")&" "&IF(AND(C19=$Q$9,D19=$V$6),A19,"")&" "&IF(AND(C20=$Q$9,D20=$V$6),A20,"")&" "&IF(AND(C21=$Q$9,D21=$V$6),A21,"")&" "&IF(AND(C22=$Q$9,D22=$V$6),A22,"")&" "&IF(AND(C23=$Q$9,D23=$V$6),A23,"")&" "&IF(AND(C24=$Q$9,D24=$V$6),A24,"")&" "&IF(AND(C25=$Q$9,D25=$V$6),A25,"")&" "&IF(AND(C26=$Q$9,D26=$V$6),A26,"") | P9: 0.6 | Q9: Media | R9: Moderado | S9: Moderado | T9: Moderado | U9: Alto | V9: Extremo
A10: ='2. MATRIZ DE RIESGOS'!A24 -> GC8 | B10: ='2. MATRIZ DE RIESGOS'!G24 -> Posibilidad de afectación reputacional del Instituto reflejada en la existencia de menciones negativas de los eventos realizados en el monitoreo de medios de comunicación, debido a que el evento no se realice de acuerdo a las necesidades de las areas socicitantes en cuanto a concordancia con Plan de Desarrollo, viabilidad logística, de recursos y fechas proyectadas. | C10: ='2. MATRIZ DE RIESGOS'!J24 -> Baja | D10: ='2. MATRIZ DE RIESGOS'!L24 -> Mayor | E10: =+IF(C10=$Q$7,IF(D10=$R$6,$R$7,IF(D10=$S$6,$S$7,IF(D10=$T$6,$T$7,IF(D10=$U$6,$U$7,IF(D10=$V$6,$V$7))))),IF(C10=$Q$8,IF(D10=$R$6,$R$8,IF(D10=$S$6,$S$8,IF(D10=$T$6,$T$8,IF(D10=$U$6,$U$8,IF(D10=$V$6,$V$8))))),IF(C10=$Q$9,IF(D10=$R$6,$R$9,IF(D10=$S$6,$S$9,IF(D10=$T$6,$T$9,IF(D10=$U$6,$U$9,IF(D10=$V$6,$V$9))))),IF(C10=$Q$10,IF(D10=$R$6,$R$10,IF(D10=$S$6,$S$10,IF(D10=$T$6,$T$10,IF(D10=$U$6,$U$10,IF(D10=$V$6,$V$10))))),IF(C10=$Q$11,IF(D10=$R$6,$R$11,IF(D10=$S$6,$S$11,IF(D10=$T$6,$T$11,IF(D10=$U$6,$U$11,IF(D10=$V$6,$V$11))))),""))))) -> Alto | H10: Baja | I10: =+IF(AND(C7=$Q$10,D7=$R$6),A7,"")&" "&IF(AND(C8=$Q$10,D8=$R$6),A8,"")&" "&IF(AND(C9=$Q$10,D9=$R$6),A9,"")&" "&IF(AND(C10=$Q$10,D10=$R$6),A10,"")&" "&IF(AND(C11=$Q$10,D11=$R$6),A11,"")&" "&IF(AND(C12=$Q$10,D12=$R$6),A12,"")&" "&IF(AND(C13=$Q$10,D13=$R$6),A13,"")&" "&IF(AND(C14=$Q$10,D14=$R$6),A14,"")&" "&IF(AND(C15=$Q$10,D15=$R$6),A15,"")&" "&IF(AND(C16=$Q$10,D16=$R$6),A16,"")&" "&IF(AND(C17=$Q$10,D17=$R$6),A17,"")&" "&IF(AND(C18=$Q$10,D18=$R$6),A18,"")&" "&IF(AND(C19=$Q$10,D19=$R$6),A19,"")&" "&IF(AND(C20=$Q$10,D20=$R$6),A20,"")&" "&IF(AND(C21=$Q$10,D21=$R$6),A21,"")&" "&IF(AND(C22=$Q$10,D22=$R$6),A22,"")&" "&IF(AND(C23=$Q$10,D23=$R$6),A23,"")&" "&IF(AND(C24=$Q$10,D24=$R$6),A24,"")&" "&IF(AND(C25=$Q$10,D25=$R$6),A25,"")&" "&IF(AND(C26=$Q$10,D26=$R$6),A26,"") | J10: =+IF(AND(C7=$Q$10,D7=$S$6),A7,"")&" "&IF(AND(C8=$Q$10,D8=$S$6),A8,"")&" "&IF(AND(C9=$Q$10,D9=$S$6),A9,"")&" "&IF(AND(C10=$Q$10,D10=$S$6),A10,"")&" "&IF(AND(C11=$Q$10,D11=$S$6),A11,"")&" "&IF(AND(C12=$Q$10,D12=$S$6),A12,"")&" "&IF(AND(C13=$Q$10,D13=$S$6),A13,"")&" "&IF(AND(C14=$Q$10,D14=$S$6),A14,"")&" "&IF(AND(C15=$Q$10,D15=$S$6),A15,"")&" "&IF(AND(C16=$Q$10,D16=$S$6),A16,"")&" "&IF(AND(C17=$Q$10,D17=$S$6),A17,"")&" "&IF(AND(C18=$Q$10,D18=$S$6),A18,"")&" "&IF(AND(C19=$Q$10,D19=$S$6),A19,"")&" "&IF(AND(C20=$Q$10,D20=$S$6),A20,"")&" "&IF(AND(C21=$Q$10,D21=$S$6),A21,"")&" "&IF(AND(C22=$Q$10,D22=$S$6),A22,"")&" "&IF(AND(C23=$Q$10,D23=$S$6),A23,"")&" "&IF(AND(C24=$Q$10,D24=$S$6),A24,"")&" "&IF(AND(C25=$Q$10,D25=$S$6),A25,"")&" "&IF(AND(C26=$Q$10,D26=$S$6),A26,"") | K10: =+IF(AND(C7=$Q$10,D7=$T$6),A7,"")&" "&IF(AND(C8=$Q$10,D8=$T$6),A8,"")&" "&IF(AND(C9=$Q$10,D9=$T$6),A9,"")&" "&IF(AND(C10=$Q$10,D10=$T$6),A10,"")&" "&IF(AND(C11=$Q$10,D11=$T$6),A11,"")&" "&IF(AND(C12=$Q$10,D12=$T$6),A12,"")&" "&IF(AND(C13=$Q$10,D13=$T$6),A13,"")&" "&IF(AND(C14=$Q$10,D14=$T$6),A14,"")&" "&IF(AND(C15=$Q$10,D15=$T$6),A15,"")&" "&IF(AND(C16=$Q$10,D16=$T$6),A16,"")&" "&IF(AND(C17=$Q$10,D17=$T$6),A17,"")&" "&IF(AND(C18=$Q$10,D18=$T$6),A18,"")&" "&IF(AND(C19=$Q$10,D19=$T$6),A19,"")&" "&IF(AND(C20=$Q$10,D20=$T$6),A20,"")&" "&IF(AND(C21=$Q$10,D21=$T$6),A21,"")&" "&IF(AND(C22=$Q$10,D22=$T$6),A22,"")&" "&IF(AND(C23=$Q$10,D23=$T$6),A23,"")&" "&IF(AND(C24=$Q$10,D24=$T$6),A24,"")&" "&IF(AND(C25=$Q$10,D25=$T$6),A25,"")&" "&IF(AND(C26=$Q$10,D26=$T$6),A26,"") | L10: =+IF(AND(C7=$Q$10,D7=$U$6),A7,"")&" "&IF(AND(C8=$Q$10,D8=$U$6),A8,"")&" "&IF(AND(C9=$Q$10,D9=$U$6),A9,"")&" "&IF(AND(C10=$Q$10,D10=$U$6),A10,"")&" "&IF(AND(C11=$Q$10,D11=$U$6),A11,"")&" "&IF(AND(C12=$Q$10,D12=$U$6),A12,"")&" "&IF(AND(C13=$Q$10,D13=$U$6),A13,"")&" "&IF(AND(C14=$Q$10,D14=$U$6),A14,"")&" "&IF(AND(C15=$Q$10,D15=$U$6),A15,"")&" "&IF(AND(C16=$Q$10,D16=$U$6),A16,"")&" "&IF(AND(C17=$Q$10,D17=$U$6),A17,"")&" "&IF(AND(C18=$Q$10,D18=$U$6),A18,"")&" "&IF(AND(C19=$Q$10,D19=$U$6),A19,"")&" "&IF(AND(C20=$Q$10,D20=$U$6),A20,"")&" "&IF(AND(C21=$Q$10,D21=$U$6),A21,"")&" "&IF(AND(C22=$Q$10,D22=$U$6),A22,"")&" "&IF(AND(C23=$Q$10,D23=$U$6),A23,"")&" "&IF(AND(C24=$Q$10,D24=$U$6),A24,"")&" "&IF(AND(C25=$Q$10,D25=$U$6),A25,"")&" "&IF(AND(C26=$Q$10,D26=$U$6),A26,"") -> GC8 | M10: =+IF(AND(C7=$Q$10,D7=$V$6),A7,"")&" "&IF(AND(C8=$Q$10,D8=$V$6),A8,"")&" "&IF(AND(C9=$Q$10,D9=$V$6),A9,"")&" "&IF(AND(C10=$Q$10,D10=$V$6),A10,"")&" "&IF(AND(C11=$Q$10,D11=$V$6),A11,"")&" "&IF(AND(C12=$Q$10,D12=$V$6),A12,"")&" "&IF(AND(C13=$Q$10,D13=$V$6),A13,"")&" "&IF(AND(C14=$Q$10,D14=$V$6),A14,"")&" "&IF(AND(C15=$Q$10,D15=$V$6),A15,"")&" "&IF(AND(C16=$Q$10,D16=$V$6),A16,"")&" "&IF(AND(C17=$Q$10,D17=$V$6),A17,"")&" "&IF(AND(C18=$Q$10,D18=$V$6),A18,"")&" "&IF(AND(C19=$Q$10,D19=$V$6),A19,"")&" "&IF(AND(C20=$Q$10,D20=$V$6),A20,"")&" "&IF(AND(C21=$Q$10,D21=$V$6),A21,"")&" "&IF(AND(C22=$Q$10,D22=$V$6),A22,"")&" "&IF(AND(C23=$Q$10,D23=$V$6),A23,"")&" "&IF(AND(C24=$Q$10,D24=$V$6),A24,"")&" "&IF(AND(C25=$Q$10,D25=$V$6),A25,"")&" "&IF(AND(C26=$Q$10,D26=$V$6),A26,"") | P10: 0.4 | Q10: Baja | R10: Bajo | S10: Moderado | T10: Moderado | U10: Alto | V10: Extremo
A11: R5 | B11: 0 | E11: =+IF(C11=$Q$7,IF(D11=$R$6,$R$7,IF(D11=$S$6,$S$7,IF(D11=$T$6,$T$7,IF(D11=$U$6,$U$7,IF(D11=$V$6,$V$7))))),IF(C11=$Q$8,IF(D11=$R$6,$R$8,IF(D11=$S$6,$S$8,IF(D11=$T$6,$T$8,IF(D11=$U$6,$U$8,IF(D11=$V$6,$V$8))))),IF(C11=$Q$9,IF(D11=$R$6,$R$9,IF(D11=$S$6,$S$9,IF(D11=$T$6,$T$9,IF(D11=$U$6,$U$9,IF(D11=$V$6,$V$9))))),IF(C11=$Q$10,IF(D11=$R$6,$R$10,IF(D11=$S$6,$S$10,IF(D11=$T$6,$T$10,IF(D11=$U$6,$U$10,IF(D11=$V$6,$V$10))))),IF(C11=$Q$11,IF(D11=$R$6,$R$11,IF(D11=$S$6,$S$11,IF(D11=$T$6,$T$11,IF(D11=$U$6,$U$11,IF(D11=$V$6,$V$11))))),""))))) | H11: Muy Baja | I11: =+IF(AND(C7=$Q$11,D7=$R$6),A7,"")&" "&IF(AND(C8=$Q$11,D8=$R$6),A8,"")&" "&IF(AND(C9=$Q$11,D9=$R$6),A9,"")&" "&IF(AND(C10=$Q$11,D10=$R$6),A10,"")&" "&IF(AND(C11=$Q$11,D11=$R$6),A11,"")&" "&IF(AND(C12=$Q$11,D12=$R$6),A12,"")&" "&IF(AND(C13=$Q$11,D13=$R$6),A13,"")&" "&IF(AND(C14=$Q$11,D14=$R$6),A14,"")&" "&IF(AND(C15=$Q$11,D15=$R$6),A15,"")&" "&IF(AND(C16=$Q$11,D16=$R$6),A16,"")&" "&IF(AND(C17=$Q$11,D17=$R$6),A17,"")&" "&IF(AND(C18=$Q$11,D18=$R$6),A18,"")&" "&IF(AND(C19=$Q$11,D19=$R$6),A19,"")&" "&IF(AND(C20=$Q$11,D20=$R$6),A20,"")&" "&IF(AND(C21=$Q$11,D21=$R$6),A21,"")&" "&IF(AND(C22=$Q$11,D22=$R$6),A22,"")&" "&IF(AND(C23=$Q$11,D23=$R$6),A23,"")&" "&IF(AND(C24=$Q$11,D24=$R$6),A24,"")&" "&IF(AND(C25=$Q$11,D25=$R$6),A25,"")&" "&IF(AND(C26=$Q$11,D26=$R$6),A26,"") | J11: =+IF(AND(C7=$Q$11,D7=$S$6),A7,"")&" "&IF(AND(C8=$Q$11,D8=$S$6),A8,"")&" "&IF(AND(C9=$Q$11,D9=$S$6),A9,"")&" "&IF(AND(C10=$Q$11,D10=$S$6),A10,"")&" "&IF(AND(C11=$Q$11,D11=$S$6),A11,"")&" "&IF(AND(C12=$Q$11,D12=$S$6),A12,"")&" "&IF(AND(C13=$Q$11,D13=$S$6),A13,"")&" "&IF(AND(C14=$Q$11,D14=$S$6),A14,"")&" "&IF(AND(C15=$Q$11,D15=$S$6),A15,"")&" "&IF(AND(C16=$Q$11,D16=$S$6),A16,"")&" "&IF(AND(C17=$Q$11,D17=$S$6),A17,"")&" "&IF(AND(C18=$Q$11,D18=$S$6),A18,"")&" "&IF(AND(C19=$Q$11,D19=$S$6),A19,"")&" "&IF(AND(C20=$Q$11,D20=$S$6),A20,"")&" "&IF(AND(C21=$Q$11,D21=$S$6),A21,"")&" "&IF(AND(C22=$Q$11,D22=$S$6),A22,"")&" "&IF(AND(C23=$Q$11,D23=$S$6),A23,"")&" "&IF(AND(C24=$Q$11,D24=$S$6),A24,"")&" "&IF(AND(C25=$Q$11,D25=$S$6),A25,"")&" "&IF(AND(C26=$Q$11,D26=$S$6),A26,"") | K11: =+IF(AND(C7=$Q$11,D7=$T$6),A7,"")&" "&IF(AND(C8=$Q$11,D8=$T$6),A8,"")&" "&IF(AND(C9=$Q$11,D9=$T$6),A9,"")&" "&IF(AND(C10=$Q$11,D10=$T$6),A10,"")&" "&IF(AND(C11=$Q$11,D11=$T$6),A11,"")&" "&IF(AND(C12=$Q$11,D12=$T$6),A12,"")&" "&IF(AND(C13=$Q$11,D13=$T$6),A13,"")&" "&IF(AND(C14=$Q$11,D14=$T$6),A14,"")&" "&IF(AND(C15=$Q$11,D15=$T$6),A15,"")&" "&IF(AND(C16=$Q$11,D16=$T$6),A16,"")&" "&IF(AND(C17=$Q$11,D17=$T$6),A17,"")&" "&IF(AND(C18=$Q$11,D18=$T$6),A18,"")&" "&IF(AND(C19=$Q$11,D19=$T$6),A19,"")&" "&IF(AND(C20=$Q$11,D20=$T$6),A20,"")&" "&IF(AND(C21=$Q$11,D21=$T$6),A21,"")&" "&IF(AND(C22=$Q$11,D22=$T$6),A22,"")&" "&IF(AND(C23=$Q$11,D23=$T$6),A23,"")&" "&IF(AND(C24=$Q$11,D24=$T$6),A24,"")&" "&IF(AND(C25=$Q$11,D25=$T$6),A25,"")&" "&IF(AND(C26=$Q$11,D26=$T$6),A26,"") | L11: =+IF(AND(C7=$Q$11,D7=$U$6),A7,"")&" "&IF(AND(C8=$Q$11,D8=$U$6),A8,"")&" "&IF(AND(C9=$Q$11,D9=$U$6),A9,"")&" "&IF(AND(C10=$Q$11,D10=$U$6),A10,"")&" "&IF(AND(C11=$Q$11,D11=$U$6),A11,"")&" "&IF(AND(C12=$Q$11,D12=$U$6),A12,"")&" "&IF(AND(C13=$Q$11,D13=$U$6),A13,"")&" "&IF(AND(C14=$Q$11,D14=$U$6),A14,"")&" "&IF(AND(C15=$Q$11,D15=$U$6),A15,"")&" "&IF(AND(C16=$Q$11,D16=$U$6),A16,"")&" "&IF(AND(C17=$Q$11,D17=$U$6),A17,"")&" "&IF(AND(C18=$Q$11,D18=$U$6),A18,"")&" "&IF(AND(C19=$Q$11,D19=$U$6),A19,"")&" "&IF(AND(C20=$Q$11,D20=$U$6),A20,"")&" "&IF(AND(C21=$Q$11,D21=$U$6),A21,"")&" "&IF(AND(C22=$Q$11,D22=$U$6),A22,"")&" "&IF(AND(C23=$Q$11,D23=$U$6),A23,"")&" "&IF(AND(C24=$Q$11,D24=$U$6),A24,"")&" "&IF(AND(C25=$Q$11,D25=$U$6),A25,"")&" "&IF(AND(C26=$Q$11,D26=$U$6),A26,"") | M11: =+IF(AND(C7=$Q$11,D7=$V$6),A7,"")&" "&IF(AND(C8=$Q$11,D8=$V$6),A8,"")&" "&IF(AND(C9=$Q$11,D9=$V$6),A9,"")&" "&IF(AND(C10=$Q$11,D10=$V$6),A10,"")&" "&IF(AND(C11=$Q$11,D11=$V$6),A11,"")&" "&IF(AND(C12=$Q$11,D12=$V$6),A12,"")&" "&IF(AND(C13=$Q$11,D13=$V$6),A13,"")&" "&IF(AND(C14=$Q$11,D14=$V$6),A14,"")&" "&IF(AND(C15=$Q$11,D15=$V$6),A15,"")&" "&IF(AND(C16=$Q$11,D16=$V$6),A16,"")&" "&IF(AND(C17=$Q$11,D17=$V$6),A17,"")&" "&IF(AND(C18=$Q$11,D18=$V$6),A18,"")&" "&IF(AND(C19=$Q$11,D19=$V$6),A19,"")&" "&IF(AND(C20=$Q$11,D20=$V$6),A20,"")&" "&IF(AND(C21=$Q$11,D21=$V$6),A21,"")&" "&IF(AND(C22=$Q$11,D22=$V$6),A22,"")&" "&IF(AND(C23=$Q$11,D23=$V$6),A23,"")&" "&IF(AND(C24=$Q$11,D24=$V$6),A24,"")&" "&IF(AND(C25=$Q$11,D25=$V$6),A25,"")&" "&IF(AND(C26=$Q$11,D26=$V$6),A26,"") | P11: 0.2 | Q11: Muy Baja | R11: Bajo | S11: Bajo | T11: Moderado | U11: Alto | V11: Extremo
A12: R6 | B12: 0 | E12: =+IF(C12=$Q$7,IF(D12=$R$6,$R$7,IF(D12=$S$6,$S$7,IF(D12=$T$6,$T$7,IF(D12=$U$6,$U$7,IF(D12=$V$6,$V$7))))),IF(C12=$Q$8,IF(D12=$R$6,$R$8,IF(D12=$S$6,$S$8,IF(D12=$T$6,$T$8,IF(D12=$U$6,$U$8,IF(D12=$V$6,$V$8))))),IF(C12=$Q$9,IF(D12=$R$6,$R$9,IF(D12=$S$6,$S$9,IF(D12=$T$6,$T$9,IF(D12=$U$6,$U$9,IF(D12=$V$6,$V$9))))),IF(C12=$Q$10,IF(D12=$R$6,$R$10,IF(D12=$S$6,$S$10,IF(D12=$T$6,$T$10,IF(D12=$U$6,$U$10,IF(D12=$V$6,$V$10))))),IF(C12=$Q$11,IF(D12=$R$6,$R$11,IF(D12=$S$6,$S$11,IF(D12=$T$6,$T$11,IF(D12=$U$6,$U$11,IF(D12=$V$6,$V$11))))),"")))))
A13: R7 | B13: 0 | E13: =+IF(C13=$Q$7,IF(D13=$R$6,$R$7,IF(D13=$S$6,$S$7,IF(D13=$T$6,$T$7,IF(D13=$U$6,$U$7,IF(D13=$V$6,$V$7))))),IF(C13=$Q$8,IF(D13=$R$6,$R$8,IF(D13=$S$6,$S$8,IF(D13=$T$6,$T$8,IF(D13=$U$6,$U$8,IF(D13=$V$6,$V$8))))),IF(C13=$Q$9,IF(D13=$R$6,$R$9,IF(D13=$S$6,$S$9,IF(D13=$T$6,$T$9,IF(D13=$U$6,$U$9,IF(D13=$V$6,$V$9))))),IF(C13=$Q$10,IF(D13=$R$6,$R$10,IF(D13=$S$6,$S$10,IF(D13=$T$6,$T$10,IF(D13=$U$6,$U$10,IF(D13=$V$6,$V$10))))),IF(C13=$Q$11,IF(D13=$R$6,$R$11,IF(D13=$S$6,$S$11,IF(D13=$T$6,$T$11,IF(D13=$U$6,$U$11,IF(D13=$V$6,$V$11))))),""))))) | R13: NIVELES DE RIESGO
A14: R8 | B14: 0 | E14: =+IF(C14=$Q$7,IF(D14=$R$6,$R$7,IF(D14=$S$6,$S$7,IF(D14=$T$6,$T$7,IF(D14=$U$6,$U$7,IF(D14=$V$6,$V$7))))),IF(C14=$Q$8,IF(D14=$R$6,$R$8,IF(D14=$S$6,$S$8,IF(D14=$T$6,$T$8,IF(D14=$U$6,$U$8,IF(D14=$V$6,$V$8))))),IF(C14=$Q$9,IF(D14=$R$6,$R$9,IF(D14=$S$6,$S$9,IF(D14=$T$6,$T$9,IF(D14=$U$6,$U$9,IF(D14=$V$6,$V$9))))),IF(C14=$Q$10,IF(D14=$R$6,$R$10,IF(D14=$S$6,$S$10,IF(D14=$T$6,$T$10,IF(D14=$U$6,$U$10,IF(D14=$V$6,$V$10))))),IF(C14=$Q$11,IF(D14=$R$6,$R$11,IF(D14=$S$6,$S$11,IF(D14=$T$6,$T$11,IF(D14=$U$6,$U$11,IF(D14=$V$6,$V$11))))),""))))) | R14: Extremo
A15: R9 | B15: 0 | E15: =+IF(C15=$Q$7,IF(D15=$R$6,$R$7,IF(D15=$S$6,$S$7,IF(D15=$T$6,$T$7,IF(D15=$U$6,$U$7,IF(D15=$V$6,$V$7))))),IF(C15=$Q$8,IF(D15=$R$6,$R$8,IF(D15=$S$6,$S$8,IF(D15=$T$6,$T$8,IF(D15=$U$6,$U$8,IF(D15=$V$6,$V$8))))),IF(C15=$Q$9,IF(D15=$R$6,$R$9,IF(D15=$S$6,$S$9,IF(D15=$T$6,$T$9,IF(D15=$U$6,$U$9,IF(D15=$V$6,$V$9))))),IF(C15=$Q$10,IF(D15=$R$6,$R$10,IF(D15=$S$6,$S$10,IF(D15=$T$6,$T$10,IF(D15=$U$6,$U$10,IF(D15=$V$6,$V$10))))),IF(C15=$Q$11,IF(D15=$R$6,$R$11,IF(D15=$S$6,$S$11,IF(D15=$T$6,$T$11,IF(D15=$U$6,$U$11,IF(D15=$V$6,$V$11))))),""))))) | R15: Alto
A16: R10 | B16: 0 | E16: =+IF(C16=$Q$7,IF(D16=$R$6,$R$7,IF(D16=$S$6,$S$7,IF(D16=$T$6,$T$7,IF(D16=$U$6,$U$7,IF(D16=$V$6,$V$7))))),IF(C16=$Q$8,IF(D16=$R$6,$R$8,IF(D16=$S$6,$S$8,IF(D16=$T$6,$T$8,IF(D16=$U$6,$U$8,IF(D16=$V$6,$V$8))))),IF(C16=$Q$9,IF(D16=$R$6,$R$9,IF(D16=$S$6,$S$9,IF(D16=$T$6,$T$9,IF(D16=$U$6,$U$9,IF(D16=$V$6,$V$9))))),IF(C16=$Q$10,IF(D16=$R$6,$R$10,IF(D16=$S$6,$S$10,IF(D16=$T$6,$T$10,IF(D16=$U$6,$U$10,IF(D16=$V$6,$V$10))))),IF(C16=$Q$11,IF(D16=$R$6,$R$11,IF(D16=$S$6,$S$11,IF(D16=$T$6,$T$11,IF(D16=$U$6,$U$11,IF(D16=$V$6,$V$11))))),""))))) | R16: Moderado
A17: R11 | B17: 0 | E17: =+IF(C17=$Q$7,IF(D17=$R$6,$R$7,IF(D17=$S$6,$S$7,IF(D17=$T$6,$T$7,IF(D17=$U$6,$U$7,IF(D17=$V$6,$V$7))))),IF(C17=$Q$8,IF(D17=$R$6,$R$8,IF(D17=$S$6,$S$8,IF(D17=$T$6,$T$8,IF(D17=$U$6,$U$8,IF(D17=$V$6,$V$8))))),IF(C17=$Q$9,IF(D17=$R$6,$R$9,IF(D17=$S$6,$S$9,IF(D17=$T$6,$T$9,IF(D17=$U$6,$U$9,IF(D17=$V$6,$V$9))))),IF(C17=$Q$10,IF(D17=$R$6,$R$10,IF(D17=$S$6,$S$10,IF(D17=$T$6,$T$10,IF(D17=$U$6,$U$10,IF(D17=$V$6,$V$10))))),IF(C17=$Q$11,IF(D17=$R$6,$R$11,IF(D17=$S$6,$S$11,IF(D17=$T$6,$T$11,IF(D17=$U$6,$U$11,IF(D17=$V$6,$V$11))))),""))))) | R17: Bajo
A18: R12 | B18: 0 | E18: =+IF(C18=$Q$7,IF(D18=$R$6,$R$7,IF(D18=$S$6,$S$7,IF(D18=$T$6,$T$7,IF(D18=$U$6,$U$7,IF(D18=$V$6,$V$7))))),IF(C18=$Q$8,IF(D18=$R$6,$R$8,IF(D18=$S$6,$S$8,IF(D18=$T$6,$T$8,IF(D18=$U$6,$U$8,IF(D18=$V$6,$V$8))))),IF(C18=$Q$9,IF(D18=$R$6,$R$9,IF(D18=$S$6,$S$9,IF(D18=$T$6,$T$9,IF(D18=$U$6,$U$9,IF(D18=$V$6,$V$9))))),IF(C18=$Q$10,IF(D18=$R$6,$R$10,IF(D18=$S$6,$S$10,IF(D18=$T$6,$T$10,IF(D18=$U$6,$U$10,IF(D18=$V$6,$V$10))))),IF(C18=$Q$11,IF(D18=$R$6,$R$11,IF(D18=$S$6,$S$11,IF(D18=$T$6,$T$11,IF(D18=$U$6,$U$11,IF(D18=$V$6,$V$11))))),"")))))
A19: R13 | B19: 0 | E19: =+IF(C19=$Q$7,IF(D19=$R$6,$R$7,IF(D19=$S$6,$S$7,IF(D19=$T$6,$T$7,IF(D19=$U$6,$U$7,IF(D19=$V$6,$V$7))))),IF(C19=$Q$8,IF(D19=$R$6,$R$8,IF(D19=$S$6,$S$8,IF(D19=$T$6,$T$8,IF(D19=$U$6,$U$8,IF(D19=$V$6,$V$8))))),IF(C19=$Q$9,IF(D19=$R$6,$R$9,IF(D19=$S$6,$S$9,IF(D19=$T$6,$T$9,IF(D19=$U$6,$U$9,IF(D19=$V$6,$V$9))))),IF(C19=$Q$10,IF(D19=$R$6,$R$10,IF(D19=$S$6,$S$10,IF(D19=$T$6,$T$10,IF(D19=$U$6,$U$10,IF(D19=$V$6,$V$10))))),IF(C19=$Q$11,IF(D19=$R$6,$R$11,IF(D19=$S$6,$S$11,IF(D19=$T$6,$T$11,IF(D19=$U$6,$U$11,IF(D19=$V$6,$V$11))))),"")))))
A20: R14 | B20: 0 | E20: =+IF(C20=$Q$7,IF(D20=$R$6,$R$7,IF(D20=$S$6,$S$7,IF(D20=$T$6,$T$7,IF(D20=$U$6,$U$7,IF(D20=$V$6,$V$7))))),IF(C20=$Q$8,IF(D20=$R$6,$R$8,IF(D20=$S$6,$S$8,IF(D20=$T$6,$T$8,IF(D20=$U$6,$U$8,IF(D20=$V$6,$V$8))))),IF(C20=$Q$9,IF(D20=$R$6,$R$9,IF(D20=$S$6,$S$9,IF(D20=$T$6,$T$9,IF(D20=$U$6,$U$9,IF(D20=$V$6,$V$9))))),IF(C20=$Q$10,IF(D20=$R$6,$R$10,IF(D20=$S$6,$S$10,IF(D20=$T$6,$T$10,IF(D20=$U$6,$U$10,IF(D20=$V$6,$V$10))))),IF(C20=$Q$11,IF(D20=$R$6,$R$11,IF(D20=$S$6,$S$11,IF(D20=$T$6,$T$11,IF(D20=$U$6,$U$11,IF(D20=$V$6,$V$11))))),"")))))
A21: R15 | B21: 0 | E21: =+IF(C21=$Q$7,IF(D21=$R$6,$R$7,IF(D21=$S$6,$S$7,IF(D21=$T$6,$T$7,IF(D21=$U$6,$U$7,IF(D21=$V$6,$V$7))))),IF(C21=$Q$8,IF(D21=$R$6,$R$8,IF(D21=$S$6,$S$8,IF(D21=$T$6,$T$8,IF(D21=$U$6,$U$8,IF(D21=$V$6,$V$8))))),IF(C21=$Q$9,IF(D21=$R$6,$R$9,IF(D21=$S$6,$S$9,IF(D21=$T$6,$T$9,IF(D21=$U$6,$U$9,IF(D21=$V$6,$V$9))))),IF(C21=$Q$10,IF(D21=$R$6,$R$10,IF(D21=$S$6,$S$10,IF(D21=$T$6,$T$10,IF(D21=$U$6,$U$10,IF(D21=$V$6,$V$10))))),IF(C21=$Q$11,IF(D21=$R$6,$R$11,IF(D21=$S$6,$S$11,IF(D21=$T$6,$T$11,IF(D21=$U$6,$U$11,IF(D21=$V$6,$V$11))))),"")))))
A22: R16 | B22: 0 | E22: =+IF(C22=$Q$7,IF(D22=$R$6,$R$7,IF(D22=$S$6,$S$7,IF(D22=$T$6,$T$7,IF(D22=$U$6,$U$7,IF(D22=$V$6,$V$7))))),IF(C22=$Q$8,IF(D22=$R$6,$R$8,IF(D22=$S$6,$S$8,IF(D22=$T$6,$T$8,IF(D22=$U$6,$U$8,IF(D22=$V$6,$V$8))))),IF(C22=$Q$9,IF(D22=$R$6,$R$9,IF(D22=$S$6,$S$9,IF(D22=$T$6,$T$9,IF(D22=$U$6,$U$9,IF(D22=$V$6,$V$9))))),IF(C22=$Q$10,IF(D22=$R$6,$R$10,IF(D22=$S$6,$S$10,IF(D22=$T$6,$T$10,IF(D22=$U$6,$U$10,IF(D22=$V$6,$V$10))))),IF(C22=$Q$11,IF(D22=$R$6,$R$11,IF(D22=$S$6,$S$11,IF(D22=$T$6,$T$11,IF(D22=$U$6,$U$11,IF(D22=$V$6,$V$11))))),"")))))
A23: R17 | B23: 0 | E23: =+IF(C23=$Q$7,IF(D23=$R$6,$R$7,IF(D23=$S$6,$S$7,IF(D23=$T$6,$T$7,IF(D23=$U$6,$U$7,IF(D23=$V$6,$V$7))))),IF(C23=$Q$8,IF(D23=$R$6,$R$8,IF(D23=$S$6,$S$8,IF(D23=$T$6,$T$8,IF(D23=$U$6,$U$8,IF(D23=$V$6,$V$8))))),IF(C23=$Q$9,IF(D23=$R$6,$R$9,IF(D23=$S$6,$S$9,IF(D23=$T$6,$T$9,IF(D23=$U$6,$U$9,IF(D23=$V$6,$V$9))))),IF(C23=$Q$10,IF(D23=$R$6,$R$10,IF(D23=$S$6,$S$10,IF(D23=$T$6,$T$10,IF(D23=$U$6,$U$10,IF(D23=$V$6,$V$10))))),IF(C23=$Q$11,IF(D23=$R$6,$R$11,IF(D23=$S$6,$S$11,IF(D23=$T$6,$T$11,IF(D23=$U$6,$U$11,IF(D23=$V$6,$V$11))))),"")))))
A24: R18 | B24: 0 | E24: =+IF(C24=$Q$7,IF(D24=$R$6,$R$7,IF(D24=$S$6,$S$7,IF(D24=$T$6,$T$7,IF(D24=$U$6,$U$7,IF(D24=$V$6,$V$7))))),IF(C24=$Q$8,IF(D24=$R$6,$R$8,IF(D24=$S$6,$S$8,IF(D24=$T$6,$T$8,IF(D24=$U$6,$U$8,IF(D24=$V$6,$V$8))))),IF(C24=$Q$9,IF(D24=$R$6,$R$9,IF(D24=$S$6,$S$9,IF(D24=$T$6,$T$9,IF(D24=$U$6,$U$9,IF(D24=$V$6,$V$9))))),IF(C24=$Q$10,IF(D24=$R$6,$R$10,IF(D24=$S$6,$S$10,IF(D24=$T$6,$T$10,IF(D24=$U$6,$U$10,IF(D24=$V$6,$V$10))))),IF(C24=$Q$11,IF(D24=$R$6,$R$11,IF(D24=$S$6,$S$11,IF(D24=$T$6,$T$11,IF(D24=$U$6,$U$11,IF(D24=$V$6,$V$11))))),"")))))
A25: R19 | B25: 0 | E25: =+IF(C25=$Q$7,IF(D25=$R$6,$R$7,IF(D25=$S$6,$S$7,IF(D25=$T$6,$T$7,IF(D25=$U$6,$U$7,IF(D25=$V$6,$V$7))))),IF(C25=$Q$8,IF(D25=$R$6,$R$8,IF(D25=$S$6,$S$8,IF(D25=$T$6,$T$8,IF(D25=$U$6,$U$8,IF(D25=$V$6,$V$8))))),IF(C25=$Q$9,IF(D25=$R$6,$R$9,IF(D25=$S$6,$S$9,IF(D25=$T$6,$T$9,IF(D25=$U$6,$U$9,IF(D25=$V$6,$V$9))))),IF(C25=$Q$10,IF(D25=$R$6,$R$10,IF(D25=$S$6,$S$10,IF(D25=$T$6,$T$10,IF(D25=$U$6,$U$10,IF(D25=$V$6,$V$10))))),IF(C25=$Q$11,IF(D25=$R$6,$R$11,IF(D25=$S$6,$S$11,IF(D25=$T$6,$T$11,IF(D25=$U$6,$U$11,IF(D25=$V$6,$V$11))))),"")))))
A26: R20 | B26: 0 | E26: =+IF(C26=$Q$7,IF(D26=$R$6,$R$7,IF(D26=$S$6,$S$7,IF(D26=$T$6,$T$7,IF(D26=$U$6,$U$7,IF(D26=$V$6,$V$7))))),IF(C26=$Q$8,IF(D26=$R$6,$R$8,IF(D26=$S$6,$S$8,IF(D26=$T$6,$T$8,IF(D26=$U$6,$U$8,IF(D26=$V$6,$V$8))))),IF(C26=$Q$9,IF(D26=$R$6,$R$9,IF(D26=$S$6,$S$9,IF(D26=$T$6,$T$9,IF(D26=$U$6,$U$9,IF(D26=$V$6,$V$9))))),IF(C26=$Q$10,IF(D26=$R$6,$R$10,IF(D26=$S$6,$S$10,IF(D26=$T$6,$T$10,IF(D26=$U$6,$U$10,IF(D26=$V$6,$V$10))))),IF(C26=$Q$11,IF(D26=$R$6,$R$11,IF(D26=$S$6,$S$11,IF(D26=$T$6,$T$11,IF(D26=$U$6,$U$11,IF(D26=$V$6,$V$11))))),"")))))

Sheet MAPA CALOR RESIDUAL
A1: MAPA DE CALOR RESIDUAL (DESPUES DE CONTROLES)
A3: PROCESO: | B3: ='2. MATRIZ DE RIESGOS'!D6 -> Gestión de Comunicaciones
I4: MAPA DE CALOR RIESGO RESIDUAL | T4: Impacto
E5: CALIFICACIÓN RIESGO RESIDUAL | K5: Impacto | T5: 0.2 | U5: 0.4 | V5: 0.6 | W5: 0.8 | X5: 1
A6: No. Riesgo | B6: RIESGO | C6: Probabilidad Residual | D6: Impacto Residual | E6: Probabilidad | F6: Impacto | G6: Severidad (Nivel de Riesgo) | K6: Leve | L6: Menor | M6: Moderado | N6: Mayor | O6: Catastrófico | T6: Leve | U6: Menor | V6: Moderado | W6: Mayor | X6: Catastrófico
A7: ='2. MATRIZ DE RIESGOS'!A15 -> GC5 | B7: ='2. MATRIZ DE RIESGOS'!G15 -> Posibilidad de afectación reputacional del Instituto reflejada reflejada en la existencia de menciones negativas en el monitoreo de medios de comunicación, asi como la cancelación del Plan de Pauta en medios de comunicación por parte de la Jefatura de Prensa del Distrito, debido a que las noticias, menciones y ruedas de prensa no impacten de manera positiva la gestión y reputación del Instituto | C7: ='2. MATRIZ DE RIESGOS'!AE15 -> 0.48 | D7: ='2. MATRIZ DE RIESGOS'!AG15 -> 0.6 | E7: =+IF(C7=0,"",IF(C7<=$R$11,$S$11,IF(C7<=$R$10,$S$10,IF(C7<=$R$9,$S$9,IF(C7<=$R$8,$S$8,IF(C7<=$R$7,$S$7,"")))))) -> Media | F7: =+IF(D7=0,"",IF(D7<=$T$5,$T$6,IF(D7<=$U$5,$U$6,IF(D7<=$V$5,$V$6,IF(D7<=$W$5,$W$6,IF(D7<=$X$5,$X$6,"")))))) -> Moderado | G7: =+IF(E7=$S$7,IF(F7=$T$6,$T$7,IF(F7=$U$6,$U$7,IF(F7=$V$6,$V$7,IF(F7=$W$6,$W$7,IF(F7=$X$6,$X$7))))),IF(E7=$S$8,IF(F7=$T$6,$T$8,IF(F7=$U$6,$U$8,IF(F7=$V$6,$V$8,IF(F7=$W$6,$W$8,IF(F7=$X$6,$X$8))))),IF(E7=$S$9,IF(F7=$T$6,$T$9,IF(F7=$U$6,$U$9,IF(F7=$V$6,$V$9,IF(F7=$W$6,$W$9,IF(F7=$X$6,$X$9))))),IF(E7=$S$10,IF(F7=$T$6,$T$10,IF(F7=$U$6,$U$10,IF(F7=$V$6,$V$10,IF(F7=$W$6,$W$10,IF(F7=$X$6,$X$10))))),IF(E7=$S$11,IF(F7=$T$6,$T$11,IF(F7=$U$6,$U$11,IF(F7=$V$6,$V$11,IF(F7=$W$6,$W$11,IF(F7=$X$6,$X$11))))),""))))) -> Moderado | I7: Probabilidad | J7: Muy Alta | K7: =+IF(AND(E7=$S$7,F7=$T$6),A7,"")&" "&IF(AND(E8=$S$7,F8=$T$6),A8,"")&" "&IF(AND(E9=$S$7,F9=$T$6),A9,"")&" "&IF(AND(E10=$S$7,F10=$T$6),A10,"")&" "&IF(AND(E11=$S$7,F11=$T$6),A11,"")&" "&IF(AND(E12=$S$7,F12=$T$6),A12,"")&" "&IF(AND(E13=$S$7,F13=$T$6),A13,"")&" "&IF(AND(E14=$S$7,F14=$T$6),A14,"")&" "&IF(AND(E15=$S$7,F15=$T$6),A15,"")&" "&IF(AND(E16=$S$7,F16=$T$6),A16,"")&" "&IF(AND(E17=$S$7,F17=$T$6),A17,"")&" "&IF(AND(E18=$S$7,F18=$T$6),A18,"")&" "&IF(AND(E19=$S$7,F19=$T$6),A19,"")&" "&IF(AND(E20=$S$7,F20=$T$6),A20,"")&" "&IF(AND(E21=$S$7,F21=$T$6),A21,"")&" "&IF(AND(E22=$S$7,F22=$T$6),A22,"")&" "&IF(AND(E23=$S$7,F23=$T$6),A23,"")&" "&IF(AND(E24=$S$7,F24=$T$6),A24,"")&" "&IF(AND(E25=$S$7,F25=$T$6),A25,"")&" "&IF(AND(E26=$S$7,F26=$T$6),A26,"") | L7: =+IF(AND(E7=$S$7,F7=$U$6),A7,"")&" "&IF(AND(E8=$S$7,F8=$U$6),A8,"")&" "&IF(AND(E9=$S$7,F9=$U$6),A9,"")&" "&IF(AND(E10=$S$7,F10=$U$6),A10,"")&" "&IF(AND(E11=$S$7,F11=$U$6),A11,"")&" "&IF(AND(E12=$S$7,F12=$U$6),A12,"")&" "&IF(AND(E13=$S$7,F13=$U$6),A13,"")&" "&IF(AND(E14=$S$7,F14=$U$6),A14,"")&" "&IF(AND(E15=$S$7,F15=$U$6),A15,"")&" "&IF(AND(E16=$S$7,F16=$U$6),A16,"")&" "&IF(AND(E17=$S$7,F17=$U$6),A17,"")&" "&IF(AND(E18=$S$7,F18=$U$6),A18,"")&" "&IF(AND(E19=$S$7,F19=$U$6),A19,"")&" "&IF(AND(E20=$S$7,F20=$U$6),A20,"")&" "&IF(AND(E21=$S$7,F21=$U$6),A21,"")&" "&IF(AND(E22=$S$7,F22=$U$6),A22,"")&" "&IF(AND(E23=$S$7,F23=$U$6),A23,"")&" "&IF(AND(E24=$S$7,F24=$U$6),A24,"")&" "&IF(AND(E25=$S$7,F25=$U$6),A25,"")&" "&IF(AND(E26=$S$7,F26=$U$6),A26,"") | M7: =+IF(AND(E7=$S$7,F7=$V$6),A7,"")&" "&IF(AND(E8=$S$7,F8=$V$6),A8,"")&" "&IF(AND(E9=$S$7,F9=$V$6),A9,"")&" "&IF(AND(E10=$S$7,F10=$V$6),A10,"")&" "&IF(AND(E11=$S$7,F11=$V$6),A11,"")&" "&IF(AND(E12=$S$7,F12=$V$6),A12,"")&" "&IF(AND(E13=$S$7,F13=$V$6),A13,"")&" "&IF(AND(E14=$S$7,F14=$V$6),A14,"")&" "&IF(AND(E15=$S$7,F15=$V$6),A15,"")&" "&IF(AND(E16=$S$7,F16=$V$6),A16,"")&" "&IF(AND(E17=$S$7,F17=$V$6),A17,"")&" "&IF(AND(E18=$S$7,F18=$V$6),A18,"")&" "&IF(AND(E19=$S$7,F19=$V$6),A19,"")&" "&IF(AND(E20=$S$7,F20=$V$6),A20,"")&" "&IF(AND(E21=$S$7,F21=$V$6),A21,"")&" "&IF(AND(E22=$S$7,F22=$V$6),A22,"")&" "&IF(AND(E23=$S$7,F23=$V$6),A23,"")&" "&IF(AND(E24=$S$7,F24=$V$6),A24,"")&" "&IF(AND(E25=$S$7,F25=$V$6),A25,"")&" "&IF(AND(E26=$S$7,F26=$V$6),A26,"") | N7: =+IF(AND(E7=$S$7,F7=$W$6),A7,"")&" "&IF(AND(E8=$S$7,F8=$W$6),A8,"")&" "&IF(AND(E9=$S$7,F9=$W$6),A9,"")&" "&IF(AND(E10=$S$7,F10=$W$6),A10,"")&" "&IF(AND(E11=$S$7,F11=$W$6),A11,"")&" "&IF(AND(E12=$S$7,F12=$W$6),A12,"")&" "&IF(AND(E13=$S$7,F13=$W$6),A13,"")&" "&IF(AND(E14=$S$7,F14=$W$6),A14,"")&" "&IF(AND(E15=$S$7,F15=$W$6),A15,"")&" "&IF(AND(E16=$S$7,F16=$W$6),A16,"")&" "&IF(AND(E17=$S$7,F17=$W$6),A17,"")&" "&IF(AND(E18=$S$7,F18=$W$6),A18,"")&" "&IF(AND(E19=$S$7,F19=$W$6),A19,"")&" "&IF(AND(E20=$S$7,F20=$W$6),A20,"")&" "&IF(AND(E21=$S$7,F21=$W$6),A21,"")&" "&IF(AND(E22=$S$7,F22=$W$6),A22,"")&" "&IF(AND(E23=$S$7,F23=$W$6),A23,"")&" "&IF(AND(E24=$S$7,F24=$W$6),A24,"")&" "&IF(AND(E25=$S$7,F25=$W$6),A25,"")&" "&IF(AND(E26=$S$7,F26=$W$6),A26,"") | O7: =+IF(AND(E7=$S$7,F7=$X$6),A7,"")&" "&IF(AND(E8=$S$7,F8=$X$6),A8,"")&" "&IF(AND(E9=$S$7,F9=$X$6),A9,"")&" "&IF(AND(E10=$S$7,F10=$X$6),A10,"")&" "&IF(AND(E11=$S$7,F11=$X$6),A11,"")&" "&IF(AND(E12=$S$7,F12=$X$6),A12,"")&" "&IF(AND(E13=$S$7,F13=$X$6),A13,"")&" "&IF(AND(E14=$S$7,F14=$X$6),A14,"")&" "&IF(AND(E15=$S$7,F15=$X$6),A15,"")&" "&IF(AND(E16=$S$7,F16=$X$6),A16,"")&" "&IF(AND(E17=$S$7,F17=$X$6),A17,"")&" "&IF(AND(E18=$S$7,F18=$X$6),A18,"")&" "&IF(AND(E19=$S$7,F19=$X$6),A19,"")&" "&IF(AND(E20=$S$7,F20=$X$6),A20,"")&" "&IF(AND(E21=$S$7,F21=$X$6),A21,"")&" "&IF(AND(E22=$S$7,F22=$X$6),A22,"")&" "&IF(AND(E23=$S$7,F23=$X$6),A23,"")&" "&IF(AND(E24=$S$7,F24=$X$6),A24,"")&" "&IF(AND(E25=$S$7,F25=$X$6),A25,"")&" "&IF(AND(E26=$S$7,F26=$X$6),A26,"") | Q7: Probabilidad | R7: 1 | S7: Muy Alta | T7: Alto | U7: Alto | V7: Alto | W7: Alto | X7: Extremo
A8: ='2. MATRIZ DE RIESGOS'!A18 -> GC6 | B8: ='2. MATRIZ DE RIESGOS'!G18 -> Posibilidad de afectación reputacional al Interior del Instituto reflejada en la insatisfacción del cliente interno, debido a que las estrategias de comunicación interna no satisfagan las necesidades de las areas solicitantes | C8: ='2. MATRIZ DE RIESGOS'!AE18 -> 0.1296 | D8: ='2. MATRIZ DE RIESGOS'!AG18 -> 0.6 | E8: =+IF(C8=0,"",IF(C8<=$R$11,$S$11,IF(C8<=$R$10,$S$10,IF(C8<=$R$9,$S$9,IF(C8<=$R$8,$S$8,IF(C8<=$R$7,$S$7,"")))))) -> Muy Baja | F8: =+IF(D8=0,"",IF(D8<=$T$5,$T$6,IF(D8<=$U$5,$U$6,IF(D8<=$V$5,$V$6,IF(D8<=$W$5,$W$6,IF(D8<=$X$5,$X$6,"")))))) -> Moderado | G8: =+IF(E8=$S$7,IF(F8=$T$6,$T$7,IF(F8=$U$6,$U$7,IF(F8=$V$6,$V$7,IF(F8=$W$6,$W$7,IF(F8=$X$6,$X$7))))),IF(E8=$S$8,IF(F8=$T$6,$T$8,IF(F8=$U$6,$U$8,IF(F8=$V$6,$V$8,IF(F8=$W$6,$W$8,IF(F8=$X$6,$X$8))))),IF(E8=$S$9,IF(F8=$T$6,$T$9,IF(F8=$U$6,$U$9,IF(F8=$V$6,$V$9,IF(F8=$W$6,$W$9,IF(F8=$X$6,$X$9))))),IF(E8=$S$10,IF(F8=$T$6,$T$10,IF(F8=$U$6,$U$10,IF(F8=$V$6,$V$10,IF(F8=$W$6,$W$10,IF(F8=$X$6,$X$10))))),IF(E8=$S$11,IF(F8=$T$6,$T$11,IF(F8=$U$6,$U$11,IF(F8=$V$6,$V$11,IF(F8=$W$6,$W$11,IF(F8=$X$6,$X$11))))),""))))) -> Moderado | J8: Alta | K8: =+IF(AND(E7=$S$8,F7=$T$6),A7,"")&" "&IF(AND(E8=$S$8,F8=$T$6),A8,"")&" "&IF(AND(E9=$S$8,F9=$T$6),A9,"")&" "&IF(AND(E10=$S$8,F10=$T$6),A10,"")&" "&IF(AND(E11=$S$8,F11=$T$6),A11,"")&" "&IF(AND(E12=$S$8,F12=$T$6),A12,"")&" "&IF(AND(E13=$S$8,F13=$T$6),A13,"")&" "&IF(AND(E14=$S$8,F14=$T$6),A14,"")&" "&IF(AND(E15=$S$8,F15=$T$6),A15,"")&" "&IF(AND(E16=$S$8,F16=$T$6),A16,"")&" "&IF(AND(E17=$S$8,F17=$T$6),A17,"")&" "&IF(AND(E18=$S$8,F18=$T$6),A18,"")&" "&IF(AND(E19=$S$8,F19=$T$6),A19,"")&" "&IF(AND(E20=$S$8,F20=$T$6),A20,"")&" "&IF(AND(E21=$S$8,F21=$T$6),A21,"")&" "&IF(AND(E22=$S$8,F22=$T$6),A22,"")&" "&IF(AND(E23=$S$8,F23=$T$6),A23,"")&" "&IF(AND(E24=$S$8,F24=$T$6),A24,"")&" "&IF(AND(E25=$S$8,F25=$T$6),A25,"")&" "&IF(AND(E26=$S$8,F26=$T$6),A26,"") | L8: =+IF(AND(E7=$S$8,F7=$U$6),A7,"")&" "&IF(AND(E8=$S$8,F8=$U$6),A8,"")&" "&IF(AND(E9=$S$8,F9=$U$6),A9,"")&" "&IF(AND(E10=$S$8,F10=$U$6),A10,"")&" "&IF(AND(E11=$S$8,F11=$U$6),A11,"")&" "&IF(AND(E12=$S$8,F12=$U$6),A12,"")&" "&IF(AND(E13=$S$8,F13=$U$6),A13,"")&" "&IF(AND(E14=$S$8,F14=$U$6),A14,"")&" "&IF(AND(E15=$S$8,F15=$U$6),A15,"")&" "&IF(AND(E16=$S$8,F16=$U$6),A16,"")&" "&IF(AND(E17=$S$8,F17=$U$6),A17,"")&" "&IF(AND(E18=$S$8,F18=$U$6),A18,"")&" "&IF(AND(E19=$S$8,F19=$U$6),A19,"")&" "&IF(AND(E20=$S$8,F20=$U$6),A20,"")&" "&IF(AND(E21=$S$8,F21=$U$6),A21,"")&" "&IF(AND(E22=$S$8,F22=$U$6),A22,"")&" "&IF(AND(E23=$S$8,F23=$U$6),A23,"")&" "&IF(AND(E24=$S$8,F24=$U$6),A24,"")&" "&IF(AND(E25=$S$8,F25=$U$6),A25,"")&" "&IF(AND(E26=$S$8,F26=$U$6),A26,"") | M8: =+IF(AND(E7=$S$8,F7=$V$6),A7,"")&" "&IF(AND(E8=$S$8,F8=$V$6),A8,"")&" "&IF(AND(E9=$S$8,F9=$V$6),A9,"")&" "&IF(AND(E10=$S$8,F10=$V$6),A10,"")&" "&IF(AND(E11=$S$8,F11=$V$6),A11,"")&" "&IF(AND(E12=$S$8,F12=$V$6),A12,"")&" "&IF(AND(E13=$S$8,F13=$V$6),A13,"")&" "&IF(AND(E14=$S$8,F14=$V$6),A14,"")&" "&IF(AND(E15=$S$8,F15=$V$6),A15,"")&" "&IF(AND(E16=$S$8,F16=$V$6),A16,"")&" "&IF(AND(E17=$S$8,F17=$V$6),A17,"")&" "&IF(AND(E18=$S$8,F18=$V$6),A18,"")&" "&IF(AND(E19=$S$8,F19=$V$6),A19,"")&" "&IF(AND(E20=$S$8,F20=$V$6),A20,"")&" "&IF(AND(E21=$S$8,F21=$V$6),A21,"")&" "&IF(AND(E22=$S$8,F22=$V$6),A22,"")&" "&IF(AND(E23=$S$8,F23=$V$6),A23,"")&" "&IF(AND(E24=$S$8,F24=$V$6),A24,"")&" "&IF(AND(E25=$S$8,F25=$V$6),A25,"")&" "&IF(AND(E26=$S$8,F26=$V$6),A26,"") | N8: =+IF(AND(E7=$S$8,F7=$W$6),A7,"")&" "&IF(AND(E8=$S$8,F8=$W$6),A8,"")&" "&IF(AND(E9=$S$8,F9=$W$6),A9,"")&" "&IF(AND(E10=$S$8,F10=$W$6),A10,"")&" "&IF(AND(E11=$S$8,F11=$W$6),A11,"")&" "&IF(AND(E12=$S$8,F12=$W$6),A12,"")&" "&IF(AND(E13=$S$8,F13=$W$6),A13,"")&" "&IF(AND(E14=$S$8,F14=$W$6),A14,"")&" "&IF(AND(E15=$S$8,F15=$W$6),A15,"")&" "&IF(AND(E16=$S$8,F16=$W$6),A16,"")&" "&IF(AND(E17=$S$8,F17=$W$6),A17,"")&" "&IF(AND(E18=$S$8,F18=$W$6),A18,"")&" "&IF(AND(E19=$S$8,F19=$W$6),A19,"")&" "&IF(AND(E20=$S$8,F20=$W$6),A20,"")&" "&IF(AND(E21=$S$8,F21=$W$6),A21,"")&" "&IF(AND(E22=$S$8,F22=$W$6),A22,"")&" "&IF(AND(E23=$S$8,F23=$W$6),A23,"")&" "&IF(AND(E24=$S$8,F24=$W$6),A24,"")&" "&IF(AND(E25=$S$8,F25=$W$6),A25,"")&" "&IF(AND(E26=$S$8,F26=$W$6),A26,"") | O8: =+IF(AND(E7=$S$8,F7=$X$6),A7,"")&" "&IF(AND(E8=$S$8,F8=$X$6),A8,"")&" "&IF(AND(E9=$S$8,F9=$X$6),A9,"")&" "&IF(AND(E10=$S$8,F10=$X$6),A10,"")&" "&IF(AND(E11=$S$8,F11=$X$6),A11,"")&" "&IF(AND(E12=$S$8,F12=$X$6),A12,"")&" "&IF(AND(E13=$S$8,F13=$X$6),A13,"")&" "&IF(AND(E14=$S$8,F14=$X$6),A14,"")&" "&IF(AND(E15=$S$8,F15=$X$6),A15,"")&" "&IF(AND(E16=$S$8,F16=$X$6),A16,"")&" "&IF(AND(E17=$S$8,F17=$X$6),A17,"")&" "&IF(AND(E18=$S$8,F18=$X$6),A18,"")&" "&IF(AND(E19=$S$8,F19=$X$6),A19,"")&" "&IF(AND(E20=$S$8,F20=$X$6),A20,"")&" "&IF(AND(E21=$S$8,F21=$X$6),A21,"")&" "&IF(AND(E22=$S$8,F22=$X$6),A22,"")&" "&IF(AND(E23=$S$8,F23=$X$6),A23,"")&" "&IF(AND(E24=$S$8,F24=$X$6),A24,"")&" "&IF(AND(E25=$S$8,F25=$X$6),A25,"")&" "&IF(AND(E26=$S$8,F26=$X$6),A26,"") | R8: 0.8 | S8: Alta | T8: Moderado | U8: Moderado | V8: Alto | W8: Alto | X8: Extremo
A9: ='2. MATRIZ DE RIESGOS'!A21 -> GC7 | B9: ='2. MATRIZ DE RIESGOS'!G21 -> Posibilidad de afectación reputacional del Instituto por inhabilidad temporal o permanente de la pagina web institucional, debido a deficiencias en la gestión de la pagina web de la entidad (diseño, usabilidad, accesibilidad y publicación oportuna de contenidos) | C9: ='2. MATRIZ DE RIESGOS'!AE21 -> 0.1728 | D9: ='2. MATRIZ DE RIESGOS'!AG21 -> 0.6 | E9: =+IF(C9=0,"",IF(C9<=$R$11,$S$11,IF(C9<=$R$10,$S$10,IF(C9<=$R$9,$S$9,IF(C9<=$R$8,$S$8,IF(C9<=$R$7,$S$7,"")))))) -> Muy Baja | F9: =+IF(D9=0,"",IF(D9<=$T$5,$T$6,IF(D9<=$U$5,$U$6,IF(D9<=$V$5,$V$6,IF(D9<=$W$5,$W$6,IF(D9<=$X$5,$X$6,"")))))) -> Moderado | G9: =+IF(E9=$S$7,IF(F9=$T$6,$T$7,IF(F9=$U$6,$U$7,IF(F9=$V$6,$V$7,IF(F9=$W$6,$W$7,IF(F9=$X$6,$X$7))))),IF(E9=$S$8,IF(F9=$T$6,$T$8,IF(F9=$U$6,$U$8,IF(F9=$V$6,$V$8,IF(F9=$W$6,$W$8,IF(F9=$X$6,$X$8))))),IF(E9=$S$9,IF(F9=$T$6,$T$9,IF(F9=$U$6,$U$9,IF(F9=$V$6,$V$9,IF(F9=$W$6,$W$9,IF(F9=$X$6,$X$9))))),IF(E9=$S$10,IF(F9=$T$6,$T$10,IF(F9=$U$6,$U$10,IF(F9=$V$6,$V$10,IF(F9=$W$6,$W$10,IF(F9=$X$6,$X$10))))),IF(E9=$S$11,IF(F9=$T$6,$T$11,IF(F9=$U$6,$U$11,IF(F9=$V$6,$V$11,IF(F9=$W$6,$W$11,IF(F9=$X$6,$X$11))))),""))))) -> Moderado | J9: Media | K9: =+IF(AND(E7=$S$9,F7=$T$6),A7,"")&" "&IF(AND(E8=$S$9,F8=$T$6),A8,"")&" "&IF(AND(E9=$S$9,F9=$T$6),A9,"")&" "&IF(AND(E10=$S$9,F10=$T$6),A10,"")&" "&IF(AND(E11=$S$9,F11=$T$6),A11,"")&" "&IF(AND(E12=$S$9,F12=$T$6),A12,"")&" "&IF(AND(E13=$S$9,F13=$T$6),A13,"")&" "&IF(AND(E14=$S$9,F14=$T$6),A14,"")&" "&IF(AND(E15=$S$9,F15=$T$6),A15,"")&" "&IF(AND(E16=$S$9,F16=$T$6),A16,"")&" "&IF(AND(E17=$S$9,F17=$T$6),A17,"")&" "&IF(AND(E18=$S$9,F18=$T$6),A18,"")&" "&IF(AND(E19=$S$9,F19=$T$6),A19,"")&" "&IF(AND(E20=$S$9,F20=$T$6),A20,"")&" "&IF(AND(E21=$S$9,F21=$T$6),A21,"")&" "&IF(AND(E22=$S$9,F22=$T$6),A22,"")&" "&IF(AND(E23=$S$9,F23=$T$6),A23,"")&" "&IF(AND(E24=$S$9,F24=$T$6),A24,"")&" "&IF(AND(E25=$S$9,F25=$T$6),A25,"")&" "&IF(AND(E26=$S$9,F26=$T$6),A26,"") | L9: =+IF(AND(E7=$S$9,F7=$U$6),A7,"")&" "&IF(AND(E8=$S$9,F8=$U$6),A8,"")&" "&IF(AND(E9=$S$9,F9=$U$6),A9,"")&" "&IF(AND(E10=$S$9,F10=$U$6),A10,"")&" "&IF(AND(E11=$S$9,F11=$U$6),A11,"")&" "&IF(AND(E12=$S$9,F12=$U$6),A12,"")&" "&IF(AND(E13=$S$9,F13=$U$6),A13,"")&" "&IF(AND(E14=$S$9,F14=$U$6),A14,"")&" "&IF(AND(E15=$S$9,F15=$U$6),A15,"")&" "&IF(AND(E16=$S$9,F16=$U$6),A16,"")&" "&IF(AND(E17=$S$9,F17=$U$6),A17,"")&" "&IF(AND(E18=$S$9,F18=$U$6),A18,"")&" "&IF(AND(E19=$S$9,F19=$U$6),A19,"")&" "&IF(AND(E20=$S$9,F20=$U$6),A20,"")&" "&IF(AND(E21=$S$9,F21=$U$6),A21,"")&" "&IF(AND(E22=$S$9,F22=$U$6),A22,"")&" "&IF(AND(E23=$S$9,F23=$U$6),A23,"")&" "&IF(AND(E24=$S$9,F24=$U$6),A24,"")&" "&IF(AND(E25=$S$9,F25=$U$6),A25,"")&" "&IF(AND(E26=$S$9,F26=$U$6),A26,"") | M9: =+IF(AND(E7=$S$9,F7=$V$6),A7,"")&" "&IF(AND(E8=$S$9,F8=$V$6),A8,"")&" "&IF(AND(E9=$S$9,F9=$V$6),A9,"")&" "&IF(AND(E10=$S$9,F10=$V$6),A10,"")&" "&IF(AND(E11=$S$9,F11=$V$6),A11,"")&" "&IF(AND(E12=$S$9,F12=$V$6),A12,"")&" "&IF(AND(E13=$S$9,F13=$V$6),A13,"")&" "&IF(AND(E14=$S$9,F14=$V$6),A14,"")&" "&IF(AND(E15=$S$9,F15=$V$6),A15,"")&" "&IF(AND(E16=$S$9,F16=$V$6),A16,"")&" "&IF(AND(E17=$S$9,F17=$V$6),A17,"")&" "&IF(AND(E18=$S$9,F18=$V$6),A18,"")&" "&IF(AND(E19=$S$9,F19=$V$6),A19,"")&" "&IF(AND(E20=$S$9,F20=$V$6),A20,"")&" "&IF(AND(E21=$S$9,F21=$V$6),A21,"")&" "&IF(AND(E22=$S$9,F22=$V$6),A22,"")&" "&IF(AND(E23=$S$9,F23=$V$6),A23,"")&" "&IF(AND(E24=$S$9,F24=$V$6),A24,"")&" "&IF(AND(E25=$S$9,F25=$V$6),A25,"")&" "&IF(AND(E26=$S$9,F26=$V$6),A26,"") -> GC5 | N9: =+IF(AND(E7=$S$9,F7=$W$6),A7,"")&" "&IF(AND(E8=$S$9,F8=$W$6),A8,"")&" "&IF(AND(E9=$S$9,F9=$W$6),A9,"")&" "&IF(AND(E10=$S$9,F10=$W$6),A10,"")&" "&IF(AND(E11=$S$9,F11=$W$6),A11,"")&" "&IF(AND(E12=$S$9,F12=$W$6),A12,"")&" "&IF(AND(E13=$S$9,F13=$W$6),A13,"")&" "&IF(AND(E14=$S$9,F14=$W$6),A14,"")&" "&IF(AND(E15=$S$9,F15=$W$6),A15,"")&" "&IF(AND(E16=$S$9,F16=$W$6),A16,"")&" "&IF(AND(E17=$S$9,F17=$W$6),A17,"")&" "&IF(AND(E18=$S$9,F18=$W$6),A18,"")&" "&IF(AND(E19=$S$9,F19=$W$6),A19,"")&" "&IF(AND(E20=$S$9,F20=$W$6),A20,"")&" "&IF(AND(E21=$S$9,F21=$W$6),A21,"")&" "&IF(AND(E22=$S$9,F22=$W$6),A22,"")&" "&IF(AND(E23=$S$9,F23=$W$6),A23,"")&" "&IF(AND(E24=$S$9,F24=$W$6),A24,"")&" "&IF(AND(E25=$S$9,F25=$W$6),A25,"")&" "&IF(AND(E26=$S$9,F26=$W$6),A26,"") | O9: =+IF(AND(E7=$S$9,F7=$X$6),A7,"")&" "&IF(AND(E8=$S$9,F8=$X$6),A8,"")&" "&IF(AND(E9=$S$9,F9=$X$6),A9,"")&" "&IF(AND(E10=$S$9,F10=$X$6),A10,"")&" "&IF(AND(E11=$S$9,F11=$X$6),A11,"")&" "&IF(AND(E12=$S$9,F12=$X$6),A12,"")&" "&IF(AND(E13=$S$9,F13=$X$6),A13,"")&" "&IF(AND(E14=$S$9,F14=$X$6),A14,"")&" "&IF(AND(E15=$S$9,F15=$X$6),A15,"")&" "&IF(AND(E16=$S$9,F16=$X$6),A16,"")&" "&IF(AND(E17=$S$9,F17=$X$6),A17,"")&" "&IF(AND(E18=$S$9,F18=$X$6),A18,"")&" "&IF(AND(E19=$S$9,F19=$X$6),A19,"")&" "&IF(AND(E20=$S$9,F20=$X$6),A20,"")&" "&IF(AND(E21=$S$9,F21=$X$6),A21,"")&" "&IF(AND(E22=$S$9,F22=$X$6),A22,"")&" "&IF(AND(E23=$S$9,F23=$X$6),A23,"")&" "&IF(AND(E24=$S$9,F24=$X$6),A24,"")&" "&IF(AND(E25=$S$9,F25=$X$6),A25,"")&" "&IF(AND(E26=$S$9,F26=$X$6),A26,"") | R9: 0.6 | S9: Media | T9: Moderado | U9: Moderado | V9: Moderado | W9: Alto | X9: Extremo
A10: ='2. MATRIZ DE RIESGOS'!A24 -> GC8 | B10: ='2. MATRIZ DE RIESGOS'!G24 -> Posibilidad de afectación reputacional del Instituto reflejada en la existencia de menciones negativas de los eventos realizados en el monitoreo de medios de comunicación, debido a que el evento no se realice de acuerdo a las necesidades de las areas socicitantes en cuanto a concordancia con Plan de Desarrollo, viabilidad logística, de recursos y fechas proyectadas. | C10: ='2. MATRIZ DE RIESGOS'!AE24 -> 0.06048 | D10: ='2. MATRIZ DE RIESGOS'!AG24 -> 0.6 | E10: =+IF(C10=0,"",IF(C10<=$R$11,$S$11,IF(C10<=$R$10,$S$10,IF(C10<=$R$9,$S$9,IF(C10<=$R$8,$S$8,IF(C10<=$R$7,$S$7,"")))))) -> Muy Baja | F10: =+IF(D10=0,"",IF(D10<=$T$5,$T$6,IF(D10<=$U$5,$U$6,IF(D10<=$V$5,$V$6,IF(D10<=$W$5,$W$6,IF(D10<=$X$5,$X$6,"")))))) -> Moderado | G10: =+IF(E10=$S$7,IF(F10=$T$6,$T$7,IF(F10=$U$6,$U$7,IF(F10=$V$6,$V$7,IF(F10=$W$6,$W$7,IF(F10=$X$6,$X$7))))),IF(E10=$S$8,IF(F10=$T$6,$T$8,IF(F10=$U$6,$U$8,IF(F10=$V$6,$V$8,IF(F10=$W$6,$W$8,IF(F10=$X$6,$X$8))))),IF(E10=$S$9,IF(F10=$T$6,$T$9,IF(F10=$U$6,$U$9,IF(F10=$V$6,$V$9,IF(F10=$W$6,$W$9,IF(F10=$X$6,$X$9))))),IF(E10=$S$10,IF(F10=$T$6,$T$10,IF(F10=$U$6,$U$10,IF(F10=$V$6,$V$10,IF(F10=$W$6,$W$10,IF(F10=$X$6,$X$10))))),IF(E10=$S$11,IF(F10=$T$6,$T$11,IF(F10=$U$6,$U$11,IF(F10=$V$6,$V$11,IF(F10=$W$6,$W$11,IF(F10=$X$6,$X$11))))),""))))) -> Moderado | J10: Baja | K10: =+IF(AND(E7=$S$10,F7=$T$6),A7,"")&" "&IF(AND(E8=$S$10,F8=$T$6),A8,"")&" "&IF(AND(E9=$S$10,F9=$T$6),A9,"")&" "&IF(AND(E10=$S$10,F10=$T$6),A10,"")&" "&IF(AND(E11=$S$10,F11=$T$6),A11,"")&" "&IF(AND(E12=$S$10,F12=$T$6),A12,"")&" "&IF(AND(E13=$S$10,F13=$T$6),A13,"")&" "&IF(AND(E14=$S$10,F14=$T$6),A14,"")&" "&IF(AND(E15=$S$10,F15=$T$6),A15,"")&" "&IF(AND(E16=$S$10,F16=$T$6),A16,"")&" "&IF(AND(E17=$S$10,F17=$T$6),A17,"")&" "&IF(AND(E18=$S$10,F18=$T$6),A18,"")&" "&IF(AND(E19=$S$10,F19=$T$6),A19,"")&" "&IF(AND(E20=$S$10,F20=$T$6),A20,"")&" "&IF(AND(E21=$S$10,F21=$T$6),A21,"")&" "&IF(AND(E22=$S$10,F22=$T$6),A22,"")&" "&IF(AND(E23=$S$10,F23=$T$6),A23,"")&" "&IF(AND(E24=$S$10,F24=$T$6),A24,"")&" "&IF(AND(E25=$S$10,F25=$T$6),A25,"")&" "&IF(AND(E26=$S$10,F26=$T$6),A26,"") | L10: =+IF(AND(E7=$S$10,F7=$U$6),A7,"")&" "&IF(AND(E8=$S$10,F8=$U$6),A8,"")&" "&IF(AND(E9=$S$10,F9=$U$6),A9,"")&" "&IF(AND(E10=$S$10,F10=$U$6),A10,"")&" "&IF(AND(E11=$S$10,F11=$U$6),A11,"")&" "&IF(AND(E12=$S$10,F12=$U$6),A12,"")&" "&IF(AND(E13=$S$10,F13=$U$6),A13,"")&" "&IF(AND(E14=$S$10,F14=$U$6),A14,"")&" "&IF(AND(E15=$S$10,F15=$U$6),A15,"")&" "&IF(AND(E16=$S$10,F16=$U$6),A16,"")&" "&IF(AND(E17=$S$10,F17=$U$6),A17,"")&" "&IF(AND(E18=$S$10,F18=$U$6),A18,"")&" "&IF(AND(E19=$S$10,F19=$U$6),A19,"")&" "&IF(AND(E20=$S$10,F20=$U$6),A20,"")&" "&IF(AND(E21=$S$10,F21=$U$6),A21,"")&" "&IF(AND(E22=$S$10,F22=$U$6),A22,"")&" "&IF(AND(E23=$S$10,F23=$U$6),A23,"")&" "&IF(AND(E24=$S$10,F24=$U$6),A24,"")&" "&IF(AND(E25=$S$10,F25=$U$6),A25,"")&" "&IF(AND(E26=$S$10,F26=$U$6),A26,"") | M10: =+IF(AND(E7=$S$10,F7=$V$6),A7,"")&" "&IF(AND(E8=$S$10,F8=$V$6),A8,"")&" "&IF(AND(E9=$S$10,F9=$V$6),A9,"")&" "&IF(AND(E10=$S$10,F10=$V$6),A10,"")&" "&IF(AND(E11=$S$10,F11=$V$6),A11,"")&" "&IF(AND(E12=$S$10,F12=$V$6),A12,"")&" "&IF(AND(E13=$S$10,F13=$V$6),A13,"")&" "&IF(AND(E14=$S$10,F14=$V$6),A14,"")&" "&IF(AND(E15=$S$10,F15=$V$6),A15,"")&" "&IF(AND(E16=$S$10,F16=$V$6),A16,"")&" "&IF(AND(E17=$S$10,F17=$V$6),A17,"")&" "&IF(AND(E18=$S$10,F18=$V$6),A18,"")&" "&IF(AND(E19=$S$10,F19=$V$6),A19,"")&" "&IF(AND(E20=$S$10,F20=$V$6),A20,"")&" "&IF(AND(E21=$S$10,F21=$V$6),A21,"")&" "&IF(AND(E22=$S$10,F22=$V$6),A22,"")&" "&IF(AND(E23=$S$10,F23=$V$6),A23,"")&" "&IF(AND(E24=$S$10,F24=$V$6),A24,"")&" "&IF(AND(E25=$S$10,F25=$V$6),A25,"")&" "&IF(AND(E26=$S$10,F26=$V$6),A26,"") | N10: =+IF(AND(E7=$S$10,F7=$W$6),A7,"")&" "&IF(AND(E8=$S$10,F8=$W$6),A8,"")&" "&IF(AND(E9=$S$10,F9=$W$6),A9,"")&" "&IF(AND(E10=$S$10,F10=$W$6),A10,"")&" "&IF(AND(E11=$S$10,F11=$W$6),A11,"")&" "&IF(AND(E12=$S$10,F12=$W$6),A12,"")&" "&IF(AND(E13=$S$10,F13=$W$6),A13,"")&" "&IF(AND(E14=$S$10,F14=$W$6),A14,"")&" "&IF(AND(E15=$S$10,F15=$W$6),A15,"")&" "&IF(AND(E16=$S$10,F16=$W$6),A16,"")&" "&IF(AND(E17=$S$10,F17=$W$6),A17,"")&" "&IF(AND(E18=$S$10,F18=$W$6),A18,"")&" "&IF(AND(E19=$S$10,F19=$W$6),A19,"")&" "&IF(AND(E20=$S$10,F20=$W$6),A20,"")&" "&IF(AND(E21=$S$10,F21=$W$6),A21,"")&" "&IF(AND(E22=$S$10,F22=$W$6),A22,"")&" "&IF(AND(E23=$S$10,F23=$W$6),A23,"")&" "&IF(AND(E24=$S$10,F24=$W$6),A24,"")&" "&IF(AND(E25=$S$10,F25=$W$6),A25,"")&" "&IF(AND(E26=$S$10,F26=$W$6),A26,"") | O10: =+IF(AND(E7=$S$10,F7=$X$6),A7,"")&" "&IF(AND(E8=$S$10,F8=$X$6),A8,"")&" "&IF(AND(E9=$S$10,F9=$X$6),A9,"")&" "&IF(AND(E10=$S$10,F10=$X$6),A10,"")&" "&IF(AND(E11=$S$10,F11=$X$6),A11,"")&" "&IF(AND(E12=$S$10,F12=$X$6),A12,"")&" "&IF(AND(E13=$S$10,F13=$X$6),A13,"")&" "&IF(AND(E14=$S$10,F14=$X$6),A14,"")&" "&IF(AND(E15=$S$10,F15=$X$6),A15,"")&" "&IF(AND(E16=$S$10,F16=$X$6),A16,"")&" "&IF(AND(E17=$S$10,F17=$X$6),A17,"")&" "&IF(AND(E18=$S$10,F18=$X$6),A18,"")&" "&IF(AND(E19=$S$10,F19=$X$6),A19,"")&" "&IF(AND(E20=$S$10,F20=$X$6),A20,"")&" "&IF(AND(E21=$S$10,F21=$X$6),A21,"")&" "&IF(AND(E22=$S$10,F22=$X$6),A22,"")&" "&IF(AND(E23=$S$10,F23=$X$6),A23,"")&" "&IF(AND(E24=$S$10,F24=$X$6),A24,"")&" "&IF(AND(E25=$S$10,F25=$X$6),A25,"")&" "&IF(AND(E26=$S$10,F26=$X$6),A26,"") | R10: 0.4 | S10: Baja | T10: Bajo | U10: Moderado | V10: Moderado | W10: Alto | X10: Extremo
A11: R5 | B11: 0 | D11: 0 | E11: =+IF(C11=0,"",IF(C11<=$R$11,$S$11,IF(C11<=$R$10,$S$10,IF(C11<=$R$9,$S$9,IF(C11<=$R$8,$S$8,IF(C11<=$R$7,$S$7,"")))))) | F11: =+IF(D11=0,"",IF(D11<=$T$5,$T$6,IF(D11<=$U$5,$U$6,IF(D11<=$V$5,$V$6,IF(D11<=$W$5,$W$6,IF(D11<=$X$5,$X$6,"")))))) | G11: =+IF(E11=$S$7,IF(F11=$T$6,$T$7,IF(F11=$U$6,$U$7,IF(F11=$V$6,$V$7,IF(F11=$W$6,$W$7,IF(F11=$X$6,$X$7))))),IF(E11=$S$8,IF(F11=$T$6,$T$8,IF(F11=$U$6,$U$8,IF(F11=$V$6,$V$8,IF(F11=$W$6,$W$8,IF(F11=$X$6,$X$8))))),IF(E11=$S$9,IF(F11=$T$6,$T$9,IF(F11=$U$6,$U$9,IF(F11=$V$6,$V$9,IF(F11=$W$6,$W$9,IF(F11=$X$6,$X$9))))),IF(E11=$S$10,IF(F11=$T$6,$T$10,IF(F11=$U$6,$U$10,IF(F11=$V$6,$V$10,IF(F11=$W$6,$W$10,IF(F11=$X$6,$X$10))))),IF(E11=$S$11,IF(F11=$T$6,$T$11,IF(F11=$U$6,$U$11,IF(F11=$V$6,$V$11,IF(F11=$W$6,$W$11,IF(F11=$X$6,$X$11))))),""))))) | J11: Muy Baja | K11: =+IF(AND(E7=$S$11,F7=$T$6),A7,"")&" "&IF(AND(E8=$S$11,F8=$T$6),A8,"")&" "&IF(AND(E9=$S$11,F9=$T$6),A9,"")&" "&IF(AND(E10=$S$11,F10=$T$6),A10,"")&" "&IF(AND(E11=$S$11,F11=$T$6),A11,"")&" "&IF(AND(E12=$S$11,F12=$T$6),A12,"")&" "&IF(AND(E13=$S$11,F13=$T$6),A13,"")&" "&IF(AND(E14=$S$11,F14=$T$6),A14,"")&" "&IF(AND(E15=$S$11,F15=$T$6),A15,"")&" "&IF(AND(E16=$S$11,F16=$T$6),A16,"")&" "&IF(AND(E17=$S$11,F17=$T$6),A17,"")&" "&IF(AND(E18=$S$11,F18=$T$6),A18,"")&" "&IF(AND(E19=$S$11,F19=$T$6),A19,"")&" "&IF(AND(E20=$S$11,F20=$T$6),A20,"")&" "&IF(AND(E21=$S$11,F21=$T$6),A21,"")&" "&IF(AND(E22=$S$11,F22=$T$6),A22,"")&" "&IF(AND(E23=$S$11,F23=$T$6),A23,"")&" "&IF(AND(E24=$S$11,F24=$T$6),A24,"")&" "&IF(AND(E25=$S$11,F25=$T$6),A25,"")&" "&IF(AND(E26=$S$11,F26=$T$6),A26,"") | L11: =+IF(AND(E7=$S$11,F7=$U$6),A7,"")&" "&IF(AND(E8=$S$11,F8=$U$6),A8,"")&" "&IF(AND(E9=$S$11,F9=$U$6),A9,"")&" "&IF(AND(E10=$S$11,F10=$U$6),A10,"")&" "&IF(AND(E11=$S$11,F11=$U$6),A11,"")&" "&IF(AND(E12=$S$11,F12=$U$6),A12,"")&" "&IF(AND(E13=$S$11,F13=$U$6),A13,"")&" "&IF(AND(E14=$S$11,F14=$U$6),A14,"")&" "&IF(AND(E15=$S$11,F15=$U$6),A15,"")&" "&IF(AND(E16=$S$11,F16=$U$6),A16,"")&" "&IF(AND(E17=$S$11,F17=$U$6),A17,"")&" "&IF(AND(E18=$S$11,F18=$U$6),A18,"")&" "&IF(AND(E19=$S$11,F19=$U$6),A19,"")&" "&IF(AND(E20=$S$11,F20=$U$6),A20,"")&" "&IF(AND(E21=$S$11,F21=$U$6),A21,"")&" "&IF(AND(E22=$S$11,F22=$U$6),A22,"")&" "&IF(AND(E23=$S$11,F23=$U$6),A23,"")&" "&IF(AND(E24=$S$11,F24=$U$6),A24,"")&" "&IF(AND(E25=$S$11,F25=$U$6),A25,"")&" "&IF(AND(E26=$S$11,F26=$U$6),A26,"") | M11: =+IF(AND(E7=$S$11,F7=$V$6),A7,"")&" "&IF(AND(E8=$S$11,F8=$V$6),A8,"")&" "&IF(AND(E9=$S$11,F9=$V$6),A9,"")&" "&IF(AND(E10=$S$11,F10=$V$6),A10,"")&" "&IF(AND(E11=$S$11,F11=$V$6),A11,"")&" "&IF(AND(E12=$S$11,F12=$V$6),A12,"")&" "&IF(AND(E13=$S$11,F13=$V$6),A13,"")&" "&IF(AND(E14=$S$11,F14=$V$6),A14,"")&" "&IF(AND(E15=$S$11,F15=$V$6),A15,"")&" "&IF(AND(E16=$S$11,F16=$V$6),A16,"")&" "&IF(AND(E17=$S$11,F17=$V$6),A17,"")&" "&IF(AND(E18=$S$11,F18=$V$6),A18,"")&" "&IF(AND(E19=$S$11,F19=$V$6),A19,"")&" "&IF(AND(E20=$S$11,F20=$V$6),A20,"")&" "&IF(AND(E21=$S$11,F21=$V$6),A21,"")&" "&IF(AND(E22=$S$11,F22=$V$6),A22,"")&" "&IF(AND(E23=$S$11,F23=$V$6),A23,"")&" "&IF(AND(E24=$S$11,F24=$V$6),A24,"")&" "&IF(AND(E25=$S$11,F25=$V$6),A25,"")&" "&IF(AND(E26=$S$11,F26=$V$6),A26,"") -> GC6 GC7 GC8 | N11: =+IF(AND(E7=$S$11,F7=$W$6),A7,"")&" "&IF(AND(E8=$S$11,F8=$W$6),A8,"")&" "&IF(AND(E9=$S$11,F9=$W$6),A9,"")&" "&IF(AND(E10=$S$11,F10=$W$6),A10,"")&" "&IF(AND(E11=$S$11,F11=$W$6),A11,"")&" "&IF(AND(E12=$S$11,F12=$W$6),A12,"")&" "&IF(AND(E13=$S$11,F13=$W$6),A13,"")&" "&IF(AND(E14=$S$11,F14=$W$6),A14,"")&" "&IF(AND(E15=$S$11,F15=$W$6),A15,"")&" "&IF(AND(E16=$S$11,F16=$W$6),A16,"")&" "&IF(AND(E17=$S$11,F17=$W$6),A17,"")&" "&IF(AND(E18=$S$11,F18=$W$6),A18,"")&" "&IF(AND(E19=$S$11,F19=$W$6),A19,"")&" "&IF(AND(E20=$S$11,F20=$W$6),A20,"")&" "&IF(AND(E21=$S$11,F21=$W$6),A21,"")&" "&IF(AND(E22=$S$11,F22=$W$6),A22,"")&" "&IF(AND(E23=$S$11,F23=$W$6),A23,"")&" "&IF(AND(E24=$S$11,F24=$W$6),A24,"")&" "&IF(AND(E25=$S$11,F25=$W$6),A25,"")&" "&IF(AND(E26=$S$11,F26=$W$6),A26,"") | O11: =+IF(AND(E7=$S$11,F7=$X$6),A7,"")&" "&IF(AND(E8=$S$11,F8=$X$6),A8,"")&" "&IF(AND(E9=$S$11,F9=$X$6),A9,"")&" "&IF(AND(E10=$S$11,F10=$X$6),A10,"")&" "&IF(AND(E11=$S$11,F11=$X$6),A11,"")&" "&IF(AND(E12=$S$11,F12=$X$6),A12,"")&" "&IF(AND(E13=$S$11,F13=$X$6),A13,"")&" "&IF(AND(E14=$S$11,F14=$X$6),A14,"")&" "&IF(AND(E15=$S$11,F15=$X$6),A15,"")&" "&IF(AND(E16=$S$11,F16=$X$6),A16,"")&" "&IF(AND(E17=$S$11,F17=$X$6),A17,"")&" "&IF(AND(E18=$S$11,F18=$X$6),A18,"")&" "&IF(AND(E19=$S$11,F19=$X$6),A19,"")&" "&IF(AND(E20=$S$11,F20=$X$6),A20,"")&" "&IF(AND(E21=$S$11,F21=$X$6),A21,"")&" "&IF(AND(E22=$S$11,F22=$X$6),A22,"")&" "&IF(AND(E23=$S$11,F23=$X$6),A23,"")&" "&IF(AND(E24=$S$11,F24=$X$6),A24,"")&" "&IF(AND(E25=$S$11,F25=$X$6),A25,"")&" "&IF(AND(E26=$S$11,F26=$X$6),A26,"") | R11: 0.2 | S11: Muy Baja | T11: Bajo | U11: Bajo | V11: Moderado | W11: Alto | X11: Extremo
A12: R6 | B12: 0 | D12: 0 | E12: =+IF(C12=0,"",IF(C12<=$R$11,$S$11,IF(C12<=$R$10,$S$10,IF(C12<=$R$9,$S$9,IF(C12<=$R$8,$S$8,IF(C12<=$R$7,$S$7,"")))))) | F12: =+IF(D12=0,"",IF(D12<=$T$5,$T$6,IF(D12<=$U$5,$U$6,IF(D12<=$V$5,$V$6,IF(D12<=$W$5,$W$6,IF(D12<=$X$5,$X$6,"")))))) | G12: =+IF(E12=$S$7,IF(F12=$T$6,$T$7,IF(F12=$U$6,$U$7,IF(F12=$V$6,$V$7,IF(F12=$W$6,$W$7,IF(F12=$X$6,$X$7))))),IF(E12=$S$8,IF(F12=$T$6,$T$8,IF(F12=$U$6,$U$8,IF(F12=$V$6,$V$8,IF(F12=$W$6,$W$8,IF(F12=$X$6,$X$8))))),IF(E12=$S$9,IF(F12=$T$6,$T$9,IF(F12=$U$6,$U$9,IF(F12=$V$6,$V$9,IF(F12=$W$6,$W$9,IF(F12=$X$6,$X$9))))),IF(E12=$S$10,IF(F12=$T$6,$T$10,IF(F12=$U$6,$U$10,IF(F12=$V$6,$V$10,IF(F12=$W$6,$W$10,IF(F12=$X$6,$X$10))))),IF(E12=$S$11,IF(F12=$T$6,$T$11,IF(F12=$U$6,$U$11,IF(F12=$V$6,$V$11,IF(F12=$W$6,$W$11,IF(F12=$X$6,$X$11))))),"")))))
A13: R7 | B13: 0 | D13: 0 | E13: =+IF(C13=0,"",IF(C13<=$R$11,$S$11,IF(C13<=$R$10,$S$10,IF(C13<=$R$9,$S$9,IF(C13<=$R$8,$S$8,IF(C13<=$R$7,$S$7,"")))))) | F13: =+IF(D13=0,"",IF(D13<=$T$5,$T$6,IF(D13<=$U$5,$U$6,IF(D13<=$V$5,$V$6,IF(D13<=$W$5,$W$6,IF(D13<=$X$5,$X$6,"")))))) | G13: =+IF(E13=$S$7,IF(F13=$T$6,$T$7,IF(F13=$U$6,$U$7,IF(F13=$V$6,$V$7,IF(F13=$W$6,$W$7,IF(F13=$X$6,$X$7))))),IF(E13=$S$8,IF(F13=$T$6,$T$8,IF(F13=$U$6,$U$8,IF(F13=$V$6,$V$8,IF(F13=$W$6,$W$8,IF(F13=$X$6,$X$8))))),IF(E13=$S$9,IF(F13=$T$6,$T$9,IF(F13=$U$6,$U$9,IF(F13=$V$6,$V$9,IF(F13=$W$6,$W$9,IF(F13=$X$6,$X$9))))),IF(E13=$S$10,IF(F13=$T$6,$T$10,IF(F13=$U$6,$U$10,IF(F13=$V$6,$V$10,IF(F13=$W$6,$W$10,IF(F13=$X$6,$X$10))))),IF(E13=$S$11,IF(F13=$T$6,$T$11,IF(F13=$U$6,$U$11,IF(F13=$V$6,$V$11,IF(F13=$W$6,$W$11,IF(F13=$X$6,$X$11))))),""))))) | J13: NIVELES DE RIESGO
A14: R8 | B14: 0 | D14: 0 | E14: =+IF(C14=0,"",IF(C14<=$R$11,$S$11,IF(C14<=$R$10,$S$10,IF(C14<=$R$9,$S$9,IF(C14<=$R$8,$S$8,IF(C14<=$R$7,$S$7,"")))))) | F14: =+IF(D14=0,"",IF(D14<=$T$5,$T$6,IF(D14<=$U$5,$U$6,IF(D14<=$V$5,$V$6,IF(D14<=$W$5,$W$6,IF(D14<=$X$5,$X$6,"")))))) | G14: =+IF(E14=$S$7,IF(F14=$T$6,$T$7,IF(F14=$U$6,$U$7,IF(F14=$V$6,$V$7,IF(F14=$W$6,$W$7,IF(F14=$X$6,$X$7))))),IF(E14=$S$8,IF(F14=$T$6,$T$8,IF(F14=$U$6,$U$8,IF(F14=$V$6,$V$8,IF(F14=$W$6,$W$8,IF(F14=$X$6,$X$8))))),IF(E14=$S$9,IF(F14=$T$6,$T$9,IF(F14=$U$6,$U$9,IF(F14=$V$6,$V$9,IF(F14=$W$6,$W$9,IF(F14=$X$6,$X$9))))),IF(E14=$S$10,IF(F14=$T$6,$T$10,IF(F14=$U$6,$U$10,IF(F14=$V$6,$V$10,IF(F14=$W$6,$W$10,IF(F14=$X$6,$X$10))))),IF(E14=$S$11,IF(F14=$T$6,$T$11,IF(F14=$U$6,$U$11,IF(F14=$V$6,$V$11,IF(F14=$W$6,$W$11,IF(F14=$X$6,$X$11))))),""))))) | J14: Extremo
A15: R9 | B15: 0 | D15: 0 | E15: =+IF(C15=0,"",IF(C15<=$R$11,$S$11,IF(C15<=$R$10,$S$10,IF(C15<=$R$9,$S$9,IF(C15<=$R$8,$S$8,IF(C15<=$R$7,$S$7,"")))))) | F15: =+IF(D15=0,"",IF(D15<=$T$5,$T$6,IF(D15<=$U$5,$U$6,IF(D15<=$V$5,$V$6,IF(D15<=$W$5,$W$6,IF(D15<=$X$5,$X$6,"")))))) | G15: =+IF(E15=$S$7,IF(F15=$T$6,$T$7,IF(F15=$U$6,$U$7,IF(F15=$V$6,$V$7,IF(F15=$W$6,$W$7,IF(F15=$X$6,$X$7))))),IF(E15=$S$8,IF(F15=$T$6,$T$8,IF(F15=$U$6,$U$8,IF(F15=$V$6,$V$8,IF(F15=$W$6,$W$8,IF(F15=$X$6,$X$8))))),IF(E15=$S$9,IF(F15=$T$6,$T$9,IF(F15=$U$6,$U$9,IF(F15=$V$6,$V$9,IF(F15=$W$6,$W$9,IF(F15=$X$6,$X$9))))),IF(E15=$S$10,IF(F15=$T$6,$T$10,IF(F15=$U$6,$U$10,IF(F15=$V$6,$V$10,IF(F15=$W$6,$W$10,IF(F15=$X$6,$X$10))))),IF(E15=$S$11,IF(F15=$T$6,$T$11,IF(F15=$U$6,$U$11,IF(F15=$V$6,$V$11,IF(F15=$W$6,$W$11,IF(F15=$X$6,$X$11))))),""))))) | J15: Alto
A16: R10 | B16: 0 | D16: 0 | E16: =+IF(C16=0,"",IF(C16<=$R$11,$S$11,IF(C16<=$R$10,$S$10,IF(C16<=$R$9,$S$9,IF(C16<=$R$8,$S$8,IF(C16<=$R$7,$S$7,"")))))) | F16: =+IF(D16=0,"",IF(D16<=$T$5,$T$6,IF(D16<=$U$5,$U$6,IF(D16<=$V$5,$V$6,IF(D16<=$W$5,$W$6,IF(D16<=$X$5,$X$6,"")))))) | G16: =+IF(E16=$S$7,IF(F16=$T$6,$T$7,IF(F16=$U$6,$U$7,IF(F16=$V$6,$V$7,IF(F16=$W$6,$W$7,IF(F16=$X$6,$X$7))))),IF(E16=$S$8,IF(F16=$T$6,$T$8,IF(F16=$U$6,$U$8,IF(F16=$V$6,$V$8,IF(F16=$W$6,$W$8,IF(F16=$X$6,$X$8))))),IF(E16=$S$9,IF(F16=$T$6,$T$9,IF(F16=$U$6,$U$9,IF(F16=$V$6,$V$9,IF(F16=$W$6,$W$9,IF(F16=$X$6,$X$9))))),IF(E16=$S$10,IF(F16=$T$6,$T$10,IF(F16=$U$6,$U$10,IF(F16=$V$6,$V$10,IF(F16=$W$6,$W$10,IF(F16=$X$6,$X$10))))),IF(E16=$S$11,IF(F16=$T$6,$T$11,IF(F16=$U$6,$U$11,IF(F16=$V$6,$V$11,IF(F16=$W$6,$W$11,IF(F16=$X$6,$X$11))))),""))))) | J16: Moderado
A17: R11 | B17: 0 | D17: 0 | E17: =+IF(C17=0,"",IF(C17<=$R$11,$S$11,IF(C17<=$R$10,$S$10,IF(C17<=$R$9,$S$9,IF(C17<=$R$8,$S$8,IF(C17<=$R$7,$S$7,"")))))) | F17: =+IF(D17=0,"",IF(D17<=$T$5,$T$6,IF(D17<=$U$5,$U$6,IF(D17<=$V$5,$V$6,IF(D17<=$W$5,$W$6,IF(D17<=$X$5,$X$6,"")))))) | G17: =+IF(E17=$S$7,IF(F17=$T$6,$T$7,IF(F17=$U$6,$U$7,IF(F17=$V$6,$V$7,IF(F17=$W$6,$W$7,IF(F17=$X$6,$X$7))))),IF(E17=$S$8,IF(F17=$T$6,$T$8,IF(F17=$U$6,$U$8,IF(F17=$V$6,$V$8,IF(F17=$W$6,$W$8,IF(F17=$X$6,$X$8))))),IF(E17=$S$9,IF(F17=$T$6,$T$9,IF(F17=$U$6,$U$9,IF(F17=$V$6,$V$9,IF(F17=$W$6,$W$9,IF(F17=$X$6,$X$9))))),IF(E17=$S$10,IF(F17=$T$6,$T$10,IF(F17=$U$6,$U$10,IF(F17=$V$6,$V$10,IF(F17=$W$6,$W$10,IF(F17=$X$6,$X$10))))),IF(E17=$S$11,IF(F17=$T$6,$T$11,IF(F17=$U$6,$U$11,IF(F17=$V$6,$V$11,IF(F17=$W$6,$W$11,IF(F17=$X$6,$X$11))))),""))))) | J17: Bajo
A18: R12 | B18: 0 | D18: 0 | E18: =+IF(C18=0,"",IF(C18<=$R$11,$S$11,IF(C18<=$R$10,$S$10,IF(C18<=$R$9,$S$9,IF(C18<=$R$8,$S$8,IF(C18<=$R$7,$S$7,"")))))) | F18: =+IF(D18=0,"",IF(D18<=$T$5,$T$6,IF(D18<=$U$5,$U$6,IF(D18<=$V$5,$V$6,IF(D18<=$W$5,$W$6,IF(D18<=$X$5,$X$6,"")))))) | G18: =+IF(E18=$S$7,IF(F18=$T$6,$T$7,IF(F18=$U$6,$U$7,IF(F18=$V$6,$V$7,IF(F18=$W$6,$W$7,IF(F18=$X$6,$X$7))))),IF(E18=$S$8,IF(F18=$T$6,$T$8,IF(F18=$U$6,$U$8,IF(F18=$V$6,$V$8,IF(F18=$W$6,$W$8,IF(F18=$X$6,$X$8))))),IF(E18=$S$9,IF(F18=$T$6,$T$9,IF(F18=$U$6,$U$9,IF(F18=$V$6,$V$9,IF(F18=$W$6,$W$9,IF(F18=$X$6,$X$9))))),IF(E18=$S$10,IF(F18=$T$6,$T$10,IF(F18=$U$6,$U$10,IF(F18=$V$6,$V$10,IF(F18=$W$6,$W$10,IF(F18=$X$6,$X$10))))),IF(E18=$S$11,IF(F18=$T$6,$T$11,IF(F18=$U$6,$U$11,IF(F18=$V$6,$V$11,IF(F18=$W$6,$W$11,IF(F18=$X$6,$X$11))))),"")))))
A19: R13 | B19: 0 | D19: 0 | E19: =+IF(C19=0,"",IF(C19<=$R$11,$S$11,IF(C19<=$R$10,$S$10,IF(C19<=$R$9,$S$9,IF(C19<=$R$8,$S$8,IF(C19<=$R$7,$S$7,"")))))) | F19: =+IF(D19=0,"",IF(D19<=$T$5,$T$6,IF(D19<=$U$5,$U$6,IF(D19<=$V$5,$V$6,IF(D19<=$W$5,$W$6,IF(D19<=$X$5,$X$6,"")))))) | G19: =+IF(E19=$S$7,IF(F19=$T$6,$T$7,IF(F19=$U$6,$U$7,IF(F19=$V$6,$V$7,IF(F19=$W$6,$W$7,IF(F19=$X$6,$X$7))))),IF(E19=$S$8,IF(F19=$T$6,$T$8,IF(F19=$U$6,$U$8,IF(F19=$V$6,$V$8,IF(F19=$W$6,$W$8,IF(F19=$X$6,$X$8))))),IF(E19=$S$9,IF(F19=$T$6,$T$9,IF(F19=$U$6,$U$9,IF(F19=$V$6,$V$9,IF(F19=$W$6,$W$9,IF(F19=$X$6,$X$9))))),IF(E19=$S$10,IF(F19=$T$6,$T$10,IF(F19=$U$6,$U$10,IF(F19=$V$6,$V$10,IF(F19=$W$6,$W$10,IF(F19=$X$6,$X$10))))),IF(E19=$S$11,IF(F19=$T$6,$T$11,IF(F19=$U$6,$U$11,IF(F19=$V$6,$V$11,IF(F19=$W$6,$W$11,IF(F19=$X$6,$X$11))))),"")))))
A20: R14 | B20: 0 | D20: 0 | E20: =+IF(C20=0,"",IF(C20<=$R$11,$S$11,IF(C20<=$R$10,$S$10,IF(C20<=$R$9,$S$9,IF(C20<=$R$8,$S$8,IF(C20<=$R$7,$S$7,"")))))) | F20: =+IF(D20=0,"",IF(D20<=$T$5,$T$6,IF(D20<=$U$5,$U$6,IF(D20<=$V$5,$V$6,IF(D20<=$W$5,$W$6,IF(D20<=$X$5,$X$6,"")))))) | G20: =+IF(E20=$S$7,IF(F20=$T$6,$T$7,IF(F20=$U$6,$U$7,IF(F20=$V$6,$V$7,IF(F20=$W$6,$W$7,IF(F20=$X$6,$X$7))))),IF(E20=$S$8,IF(F20=$T$6,$T$8,IF(F20=$U$6,$U$8,IF(F20=$V$6,$V$8,IF(F20=$W$6,$W$8,IF(F20=$X$6,$X$8))))),IF(E20=$S$9,IF(F20=$T$6,$T$9,IF(F20=$U$6,$U$9,IF(F20=$V$6,$V$9,IF(F20=$W$6,$W$9,IF(F20=$X$6,$X$9))))),IF(E20=$S$10,IF(F20=$T$6,$T$10,IF(F20=$U$6,$U$10,IF(F20=$V$6,$V$10,IF(F20=$W$6,$W$10,IF(F20=$X$6,$X$10))))),IF(E20=$S$11,IF(F20=$T$6,$T$11,IF(F20=$U$6,$U$11,IF(F20=$V$6,$V$11,IF(F20=$W$6,$W$11,IF(F20=$X$6,$X$11))))),"")))))
A21: R15 | B21: 0 | D21: 0 | E21: =+IF(C21=0,"",IF(C21<=$R$11,$S$11,IF(C21<=$R$10,$S$10,IF(C21<=$R$9,$S$9,IF(C21<=$R$8,$S$8,IF(C21<=$R$7,$S$7,"")))))) | F21: =+IF(D21=0,"",IF(D21<=$T$5,$T$6,IF(D21<=$U$5,$U$6,IF(D21<=$V$5,$V$6,IF(D21<=$W$5,$W$6,IF(D21<=$X$5,$X$6,"")))))) | G21: =+IF(E21=$S$7,IF(F21=$T$6,$T$7,IF(F21=$U$6,$U$7,IF(F21=$V$6,$V$7,IF(F21=$W$6,$W$7,IF(F21=$X$6,$X$7))))),IF(E21=$S$8,IF(F21=$T$6,$T$8,IF(F21=$U$6,$U$8,IF(F21=$V$6,$V$8,IF(F21=$W$6,$W$8,IF(F21=$X$6,$X$8))))),IF(E21=$S$9,IF(F21=$T$6,$T$9,IF(F21=$U$6,$U$9,IF(F21=$V$6,$V$9,IF(F21=$W$6,$W$9,IF(F21=$X$6,$X$9))))),IF(E21=$S$10,IF(F21=$T$6,$T$10,IF(F21=$U$6,$U$10,IF(F21=$V$6,$V$10,IF(F21=$W$6,$W$10,IF(F21=$X$6,$X$10))))),IF(E21=$S$11,IF(F21=$T$6,$T$11,IF(F21=$U$6,$U$11,IF(F21=$V$6,$V$11,IF(F21=$W$6,$W$11,IF(F21=$X$6,$X$11))))),"")))))
A22: R16 | B22: 0 | D22: 0 | E22: =+IF(C22=0,"",IF(C22<=$R$11,$S$11,IF(C22<=$R$10,$S$10,IF(C22<=$R$9,$S$9,IF(C22<=$R$8,$S$8,IF(C22<=$R$7,$S$7,"")))))) | F22: =+IF(D22=0,"",IF(D22<=$T$5,$T$6,IF(D22<=$U$5,$U$6,IF(D22<=$V$5,$V$6,IF(D22<=$W$5,$W$6,IF(D22<=$X$5,$X$6,"")))))) | G22: =+IF(E22=$S$7,IF(F22=$T$6,$T$7,IF(F22=$U$6,$U$7,IF(F22=$V$6,$V$7,IF(F22=$W$6,$W$7,IF(F22=$X$6,$X$7))))),IF(E22=$S$8,IF(F22=$T$6,$T$8,IF(F22=$U$6,$U$8,IF(F22=$V$6,$V$8,IF(F22=$W$6,$W$8,IF(F22=$X$6,$X$8))))),IF(E22=$S$9,IF(F22=$T$6,$T$9,IF(F22=$U$6,$U$9,IF(F22=$V$6,$V$9,IF(F22=$W$6,$W$9,IF(F22=$X$6,$X$9))))),IF(E22=$S$10,IF(F22=$T$6,$T$10,IF(F22=$U$6,$U$10,IF(F22=$V$6,$V$10,IF(F22=$W$6,$W$10,IF(F22=$X$6,$X$10))))),IF(E22=$S$11,IF(F22=$T$6,$T$11,IF(F22=$U$6,$U$11,IF(F22=$V$6,$V$11,IF(F22=$W$6,$W$11,IF(F22=$X$6,$X$11))))),"")))))
A23: R17 | B23: 0 | D23: 0 | E23: =+IF(C23=0,"",IF(C23<=$R$11,$S$11,IF(C23<=$R$10,$S$10,IF(C23<=$R$9,$S$9,IF(C23<=$R$8,$S$8,IF(C23<=$R$7,$S$7,"")))))) | F23: =+IF(D23=0,"",IF(D23<=$T$5,$T$6,IF(D23<=$U$5,$U$6,IF(D23<=$V$5,$V$6,IF(D23<=$W$5,$W$6,IF(D23<=$X$5,$X$6,"")))))) | G23: =+IF(E23=$S$7,IF(F23=$T$6,$T$7,IF(F23=$U$6,$U$7,IF(F23=$V$6,$V$7,IF(F23=$W$6,$W$7,IF(F23=$X$6,$X$7))))),IF(E23=$S$8,IF(F23=$T$6,$T$8,IF(F23=$U$6,$U$8,IF(F23=$V$6,$V$8,IF(F23=$W$6,$W$8,IF(F23=$X$6,$X$8))))),IF(E23=$S$9,IF(F23=$T$6,$T$9,IF(F23=$U$6,$U$9,IF(F23=$V$6,$V$9,IF(F23=$W$6,$W$9,IF(F23=$X$6,$X$9))))),IF(E23=$S$10,IF(F23=$T$6,$T$10,IF(F23=$U$6,$U$10,IF(F23=$V$6,$V$10,IF(F23=$W$6,$W$10,IF(F23=$X$6,$X$10))))),IF(E23=$S$11,IF(F23=$T$6,$T$11,IF(F23=$U$6,$U$11,IF(F23=$V$6,$V$11,IF(F23=$W$6,$W$11,IF(F23=$X$6,$X$11))))),"")))))
A24: R18 | B24: 0 | D24: 0 | E24: =+IF(C24=0,"",IF(C24<=$R$11,$S$11,IF(C24<=$R$10,$S$10,IF(C24<=$R$9,$S$9,IF(C24<=$R$8,$S$8,IF(C24<=$R$7,$S$7,"")))))) | F24: =+IF(D24=0,"",IF(D24<=$T$5,$T$6,IF(D24<=$U$5,$U$6,IF(D24<=$V$5,$V$6,IF(D24<=$W$5,$W$6,IF(D24<=$X$5,$X$6,"")))))) | G24: =+IF(E24=$S$7,IF(F24=$T$6,$T$7,IF(F24=$U$6,$U$7,IF(F24=$V$6,$V$7,IF(F24=$W$6,$W$7,IF(F24=$X$6,$X$7))))),IF(E24=$S$8,IF(F24=$T$6,$T$8,IF(F24=$U$6,$U$8,IF(F24=$V$6,$V$8,IF(F24=$W$6,$W$8,IF(F24=$X$6,$X$8))))),IF(E24=$S$9,IF(F24=$T$6,$T$9,IF(F24=$U$6,$U$9,IF(F24=$V$6,$V$9,IF(F24=$W$6,$W$9,IF(F24=$X$6,$X$9))))),IF(E24=$S$10,IF(F24=$T$6,$T$10,IF(F24=$U$6,$U$10,IF(F24=$V$6,$V$10,IF(F24=$W$6,$W$10,IF(F24=$X$6,$X$10))))),IF(E24=$S$11,IF(F24=$T$6,$T$11,IF(F24=$U$6,$U$11,IF(F24=$V$6,$V$11,IF(F24=$W$6,$W$11,IF(F24=$X$6,$X$11))))),"")))))
A25: R19 | B25: 0 | D25: 0 | E25: =+IF(C25=0,"",IF(C25<=$R$11,$S$11,IF(C25<=$R$10,$S$10,IF(C25<=$R$9,$S$9,IF(C25<=$R$8,$S$8,IF(C25<=$R$7,$S$7,"")))))) | F25: =+IF(D25=0,"",IF(D25<=$T$5,$T$6,IF(D25<=$U$5,$U$6,IF(D25<=$V$5,$V$6,IF(D25<=$W$5,$W$6,IF(D25<=$X$5,$X$6,"")))))) | G25: =+IF(E25=$S$7,IF(F25=$T$6,$T$7,IF(F25=$U$6,$U$7,IF(F25=$V$6,$V$7,IF(F25=$W$6,$W$7,IF(F25=$X$6,$X$7))))),IF(E25=$S$8,IF(F25=$T$6,$T$8,IF(F25=$U$6,$U$8,IF(F25=$V$6,$V$8,IF(F25=$W$6,$W$8,IF(F25=$X$6,$X$8))))),IF(E25=$S$9,IF(F25=$T$6,$T$9,IF(F25=$U$6,$U$9,IF(F25=$V$6,$V$9,IF(F25=$W$6,$W$9,IF(F25=$X$6,$X$9))))),IF(E25=$S$10,IF(F25=$T$6,$T$10,IF(F25=$U$6,$U$10,IF(F25=$V$6,$V$10,IF(F25=$W$6,$W$10,IF(F25=$X$6,$X$10))))),IF(E25=$S$11,IF(F25=$T$6,$T$11,IF(F25=$U$6,$U$11,IF(F25=$V$6,$V$11,IF(F25=$W$6,$W$11,IF(F25=$X$6,$X$11))))),"")))))
A26: R20 | B26: 0 | D26: 0 | E26: =+IF(C26=0,"",IF(C26<=$R$11,$S$11,IF(C26<=$R$10,$S$10,IF(C26<=$R$9,$S$9,IF(C26<=$R$8,$S$8,IF(C26<=$R$7,$S$7,"")))))) | F26: =+IF(D26=0,"",IF(D26<=$T$5,$T$6,IF(D26<=$U$5,$U$6,IF(D26<=$V$5,$V$6,IF(D26<=$W$5,$W$6,IF(D26<=$X$5,$X$6,"")))))) | G26: =+IF(E26=$S$7,IF(F26=$T$6,$T$7,IF(F26=$U$6,$U$7,IF(F26=$V$6,$V$7,IF(F26=$W$6,$W$7,IF(F26=$X$6,$X$7))))),IF(E26=$S$8,IF(F26=$T$6,$T$8,IF(F26=$U$6,$U$8,IF(F26=$V$6,$V$8,IF(F26=$W$6,$W$8,IF(F26=$X$6,$X$8))))),IF(E26=$S$9,IF(F26=$T$6,$T$9,IF(F26=$U$6,$U$9,IF(F26=$V$6,$V$9,IF(F26=$W$6,$W$9,IF(F26=$X$6,$X$9))))),IF(E26=$S$10,IF(F26=$T$6,$T$10,IF(F26=$U$6,$U$10,IF(F26=$V$6,$V$10,IF(F26=$W$6,$W$10,IF(F26=$X$6,$X$10))))),IF(E26=$S$11,IF(F26=$T$6,$T$11,IF(F26=$U$6,$U$11,IF(F26=$V$6,$V$11,IF(F26=$W$6,$W$11,IF(F26=$X$6,$X$11))))),"")))))

Sheet 3.MAPA CALOR INHEREN Y RESIDUAL
A2: MAPA DE CALOR INHERENTE Y RESIDUAL
A3: PROCESO: | B3: ='2. MATRIZ DE RIESGOS'!D6 -> Gestión de Comunicaciones
A5: MAPA DE CALOR RIESGO INHERENTE | I5: MAPA DE CALOR RIESGO RESIDUAL | T5: Impacto
C6: Impacto | K6: Impacto | T6: 0.2 | U6: 0.4 | V6: 0.6 | W6: 0.8 | X6: 1
C7: Leve | D7: Menor | E7: Moderado | F7: Mayor | G7: Catastrófico | K7: Leve | L7: Menor | M7: Moderado | N7: Mayor | O7: Catastrófico | T7: Leve | U7: Menor | V7: Moderado | W7: Mayor | X7: Catastrófico
A8: Probabilidad | B8: Muy Alta | C8: =+'MAPA CALOR INHERENTE'!I7 | D8: =+'MAPA CALOR INHERENTE'!J7 | E8: =+'MAPA CALOR INHERENTE'!K7 | F8: =+'MAPA CALOR INHERENTE'!L7 | G8: =+'MAPA CALOR INHERENTE'!M7 | I8: Probabilidad | J8: Muy Alta | K8: =+'MAPA CALOR RESIDUAL'!K7 | L8: =+'MAPA CALOR RESIDUAL'!L7 | M8: =+'MAPA CALOR RESIDUAL'!M7 | N8: =+'MAPA CALOR RESIDUAL'!N7 | O8: =+'MAPA CALOR RESIDUAL'!O7 | Q8: Probabilidad | R8: 1 | S8: Muy Alta | T8: Alto | U8: Alto | V8: Alto | W8: Alto | X8: Extremo
B9: Alta | C9: =+'MAPA CALOR INHERENTE'!I8 | D9: =+'MAPA CALOR INHERENTE'!J8 | E9: =+'MAPA CALOR INHERENTE'!K8 -> GC7 | F9: =+'MAPA CALOR INHERENTE'!L8 -> GC5 | G9: =+'MAPA CALOR INHERENTE'!M8 | J9: Alta | K9: =+'MAPA CALOR RESIDUAL'!K8 | L9: =+'MAPA CALOR RESIDUAL'!L8 | N9: =+'MAPA CALOR RESIDUAL'!N8 | O9: =+'MAPA CALOR RESIDUAL'!O8 | R9: 0.8 | S9: Alta | T9: Moderado | U9: Moderado | V9: Alto | W9: Alto | X9: Extremo
B10: Media | C10: =+'MAPA CALOR INHERENTE'!I9 | D10: =+'MAPA CALOR INHERENTE'!J9 | E10: =+'MAPA CALOR INHERENTE'!K9 -> GC6 | F10: =+'MAPA CALOR INHERENTE'!L9 | G10: =+'MAPA CALOR INHERENTE'!M9 | J10: Media | K10: =+'MAPA CALOR RESIDUAL'!K9 | L10: =+'MAPA CALOR RESIDUAL'!L9 | M10: =+'MAPA CALOR RESIDUAL'!M9 -> GC5 | N10: =+'MAPA CALOR RESIDUAL'!N9 | O10: =+'MAPA CALOR RESIDUAL'!O9 | R10: 0.6 | S10: Media | T10: Moderado | U10: Moderado | V10: Moderado | W10: Alto | X10: Extremo
B11: Baja | D11: =+'MAPA CALOR INHERENTE'!J10 | E11: =+'MAPA CALOR INHERENTE'!K10 | F11: =+'MAPA CALOR INHERENTE'!L10 -> GC8 | G11: =+'MAPA CALOR INHERENTE'!M10 | J11: Baja | K11: =+'MAPA CALOR RESIDUAL'!K10 | L11: =+'MAPA CALOR RESIDUAL'!L10 | M11: =+'MAPA CALOR RESIDUAL'!M10 | N11: =+'MAPA CALOR RESIDUAL'!N10 | O11: =+'MAPA CALOR RESIDUAL'!O10 | R11: 0.4 | S11: Baja | T11: Bajo | U11: Moderado | V11: Moderado | W11: Alto | X11: Extremo
B12: Muy Baja | C12: =+'MAPA CALOR INHERENTE'!I11 | D12: =+'MAPA CALOR INHERENTE'!J11 | E12: =+'MAPA CALOR INHERENTE'!K11 | F12: =+'MAPA CALOR INHERENTE'!L11 | G12: =+'MAPA CALOR INHERENTE'!M11 | J12: Muy Baja | K12: =+'MAPA CALOR RESIDUAL'!K11 | L12: =+'MAPA CALOR RESIDUAL'!L11 | M12: =+'MAPA CALOR RESIDUAL'!M11 -> GC6 GC7 GC8 | N12: =+'MAPA CALOR RESIDUAL'!N11 | O12: =+'MAPA CALOR RESIDUAL'!O11 | R12: 0.2 | S12: Muy Baja | T12: Bajo | U12: Bajo | V12: Moderado | W12: Alto | X12: Extremo
T14: NIVELES DE RIESGO
T15: Extremo
T16: Alto
T17: Moderado
T18: Bajo

Sheet 4. PEFIL RIESGO DEL PROCESO
A2: PERFIL DE RIESGO DEL PROCESO
A4: PROCESO: | B4: ='2. MATRIZ DE RIESGOS'!D6 -> Gestión de Comunicaciones
A5: RIESGO INHERENTE Y RESIDUAL DEL PROCESO
A7: Explicaciones Para realizar la ponderación de Riesgos. 1. Si en la sumatoria de los riesgos los Extremos representan mas o igual al 20% de los Riesgos, la calificación del Proceso será EXTREMO.
A8: 2. Si en la sumatoria de los riesgos Extermos y altos representan mas o igual al 30% de los Riesgos Calificados, y menos del 20% de los Riesgos Extremos la calificación del Proceso será ALTO.
A9: 3. Si en la sumatoria de los riesgos Extremos, altos y moderados representan mas o igual al 40% de los Riesgos Calificados, y menos del 30% de los Riesgos Extremos y Altos, y Menos del 20% de los Riesgos Extremos, la calificación del Proceso será MODERADO.
A10: 4. Si en la sumatoria de los riesgos Extremos, altos, moderados y bajos representan mas o igual al 50% de los Riesgos Calificados, y menos del 40% de los riesgos Extremos, altos y moderados, y menos del 30% de los riesgos calificados en Extremos y Altos, y menos del 20% de los riesgos Extremos, la calificación del proceso sera BAJO. Nota: Adapatado de Instituto de Auditores Internos COSO ERM Agosto 2014
B12: RIESGO INHERENTE DEL PROCESO | D12: RIESGO RESIDUAL DEL PROCESO | G12: NIVELES DE RIESGO
A13: Sumatoria de riesgos Extremos | B13: =+COUNTIF('MAPA CALOR INHERENTE'!$E$6:$E$26,'4. PEFIL RIESGO DEL PROCESO'!G13) -> 0 | C13: =+B13/$B$17 -> 0 | D13: =+COUNTIF('MAPA CALOR RESIDUAL'!$G$7:$G$26,'4. PEFIL RIESGO DEL PROCESO'!G13) -> 0 | E13: =+D13/$D$17 -> 0 | G13: Extremo
A14: Sumatoria de riesgos altos | B14: =+COUNTIF('MAPA CALOR INHERENTE'!$E$6:$E$26,'4. PEFIL RIESGO DEL PROCESO'!G14) -> 3 | C14: =+B14/$B$17 -> 0.75 | D14: =+COUNTIF('MAPA CALOR RESIDUAL'!$G$7:$G$26,'4. PEFIL RIESGO DEL PROCESO'!G14) -> 0 | E14: =+D14/$D$17 -> 0 | G14: Alto
A15: Sumatoria de riesgos moderados | B15: =+COUNTIF('MAPA CALOR INHERENTE'!$E$6:$E$26,'4. PEFIL RIESGO DEL PROCESO'!G15) -> 1 | C15: =+B15/$B$17 -> 0.25 | D15: =+COUNTIF('MAPA CALOR RESIDUAL'!$G$7:$G$26,'4. PEFIL RIESGO DEL PROCESO'!G15) -> 4 | E15: =+D15/$D$17 -> 1 | G15: Moderado
A16: Sumatoria de Riesgos bajos | B16: =+COUNTIF('MAPA CALOR INHERENTE'!$E$6:$E$26,'4. PEFIL RIESGO DEL PROCESO'!G16) -> 0 | C16: =+B16/$B$17 -> 0 | D16: =+COUNTIF('MAPA CALOR RESIDUAL'!$G$7:$G$26,'4. PEFIL RIESGO DEL PROCESO'!G16) -> 0 | E16: =+D16/$D$17 -> 0 | G16: Bajo
A17: Total | B17: =+SUM(B13:B16) -> 4 | C17: =+B17/$B$17 -> 1 | D17: =+SUM(D13:D16) -> 4 | E17: =+D17/$D$17 -> 1
B19: RIESGO INHERENTE DEL PROCESO | D19: RIESGO RESIDUAL DEL PROCESO
B20: =+IF((B13/B17)>=0.2,G13,+IF(((B13/B17)+(B14/B17))>=0.3,G14,+IF(((B13/B17)+(B14/B17)+(B15/B17))>=0.4,G15,+IF((B13/B17)+(B14/B17)+(B15/B17)+(B16/B17)>=0.5,G16,"")))) -> Alto | D20: =+IF((D13/D17)>=0.2,G13,+IF(((D13/D17)+(D14/D17))>=0.3,G14,+IF(((D13/D17)+(D14/D17)+(D15/D17))>=0.4,G15,+IF((D13/D17)+(D14/D17)+(D15/D17)+(D16/D17)>=0.5,G16,"")))) -> Moderado
D22: Total Riesgos Críticos | E22: =SUM(D13:D14) -> 0

Sheet Tabla probabilidad
B1: Tabla Criterios para definir el nivel de probabilidad Inherente
C3: Frecuencia de la Actividad | D3: Probabilidad
B4: Muy Baja | C4: La actividad que conlleva el riesgo se ejecuta como máximos 2 veces por año | D4: 0.2
B5: Baja | C5: La actividad que conlleva el riesgo se ejecuta de 3 a 24 veces por año | D5: 0.4
B6: Media | C6: La actividad que conlleva el riesgo se ejecuta de 24 a 500 veces por año | D6: 0.6
B7: Alta | C7: La actividad que conlleva el riesgo se ejecuta mínimo 500 veces al año y máximo 5000 veces por año | D7: 0.8
B8: Muy Alta | C8: La actividad que conlleva el riesgo se ejecuta más de 5000 veces por año | D8: 1

Sheet Tabla Impacto
B1: Tabla Criterios para definir el nivel de impacto Inherente
B3: IMPACTO
B4: Nivel | C4: % Impacto | D4: Afectación_Económica | E4: Reputacional
B5: Leve | C5: 0.2 | D5: Menor a 10 SMLMV | E5: El riesgo afecta la imagen de algún área de la organización.
B6: Menor | C6: 0.4 | D6: Entre 10 y 50 SMLMV | E6: El riesgo afecta la imagen de la entidad internamente, de conocimiento general nivel interno, de junta directiva y accionistas y/o de proveedores.
B7: Moderado | C7: 0.6 | D7: Entre 50 y 100 SMLMV | E7: El riesgo afecta la imagen de la entidad con algunos usuarios de relevancia frente al logro de los objetivos.
B8: Mayor | C8: 0.8 | D8: Entre 100 y 500 SMLMV | E8: El riesgo afecta la imagen de la entidad con efecto publicitario sostenido a nivel de sector administrativo, nivel departamental o municipal.
B9: Catastrófico | C9: 1 | D9: Mayor a 500 SMLMV | E9: El riesgo afecta la imagen de la entidad a nivel nacional, con efecto publicitario sostenido a nivel país
B177: Criterios | C177: Subcriterios | F177: Criterios | G177: Subcriterios
B178: Afectación Económica o presupuestal | C178: Afectación menor a 10 SMLMV . | F178: Afectación Económica o presupuestal | H178: =IF(NOT(ISBLANK(F178)),F178,IF(NOT(ISBLANK(G178))," "&G178,FALSE)) -> Afectación Económica o presupuestal | I178: Afectación Económica o presupuestal | J178: =IF(NOT(ISERROR(MATCH(I178,ANCHORARRAY(B189),0))),H191&"Por favor no seleccionar los criterios de impacto",I178) -> Afectación Económica o presupuestal
B179: Afectación Económica o presupuestal | C179: Entre 10 y 50 SMLMV | G179: Afectación menor a 10 SMLMV . | H179: =IF(NOT(ISBLANK(F179)),F179,IF(NOT(ISBLANK(G179))," "&G179,FALSE)) -> Afectación menor a 10 SMLMV .
B180: Afectación Económica o presupuestal | C180: Entre 50 y 100 SMLMV | G180: Entre 10 y 50 SMLMV | H180: =IF(NOT(ISBLANK(F180)),F180,IF(NOT(ISBLANK(G180))," "&G180,FALSE)) -> Entre 10 y 50 SMLMV
B181: Afectación Económica o presupuestal | C181: Entre 100 y 500 SMLMV | G181: Entre 50 y 100 SMLMV | H181: =IF(NOT(ISBLANK(F181)),F181,IF(NOT(ISBLANK(G181))," "&G181,FALSE)) -> Entre 50 y 100 SMLMV
B182: Afectación Económica o presupuestal | C182: Mayor a 500 SMLMV | G182: Entre 100 y 500 SMLMV | H182: =IF(NOT(ISBLANK(F182)),F182,IF(NOT(ISBLANK(G182))," "&G182,FALSE)) -> Entre 100 y 500 SMLMV
B183: Pérdida Reputacional | C183: El riesgo afecta la imagen de alguna área de la organización | G183: Mayor a 500 SMLMV | H183: =IF(NOT(ISBLANK(F183)),F183,IF(NOT(ISBLANK(G183))," "&G183,FALSE)) -> Mayor a 500 SMLMV
B184: Pérdida Reputacional | C184: El riesgo afecta la imagen de la entidad internamente, de conocimiento general, nivel interno, de junta dircetiva y accionistas y/o de provedores | F184: Pérdida Reputacional | H184: =IF(NOT(ISBLANK(F184)),F184,IF(NOT(ISBLANK(G184))," "&G184,FALSE)) -> Pérdida Reputacional
B185: Pérdida Reputacional | C185: El riesgo afecta la imagen de la entidad con algunos usuarios de relevancia frente al logro de los objetivos | G185: El riesgo afecta la imagen de alguna área de la organización | H185: =IF(NOT(ISBLANK(F185)),F185,IF(NOT(ISBLANK(G185))," "&G185,FALSE)) -> El riesgo afecta la imagen de alguna área de la organización
B186: Pérdida Reputacional | C186: El riesgo afecta la imagen de de la entidad con efecto publicitario sostenido a nivel de sector administrativo, nivel departamental o municipal | G186: El riesgo afecta la imagen de la entidad internamente, de conocimiento general, nivel interno, de junta dircetiva y accionistas y/o de provedores | H186: =IF(NOT(ISBLANK(F186)),F186,IF(NOT(ISBLANK(G186))," "&G186,FALSE)) -> El riesgo afecta la imagen de la entidad internamente, de conocimiento general, nivel interno, de junta dircetiva y accionistas y/o de provedores
B187: Pérdida Reputacional | C187: El riesgo afecta la imagen de la entidad a nivel nacional, con efecto publicitarios sostenible a nivel país | G187: El riesgo afecta la imagen de la entidad con algunos usuarios de relevancia frente al logro de los objetivos | H187: =IF(NOT(ISBLANK(F187)),F187,IF(NOT(ISBLANK(G187))," "&G187,FALSE)) -> El riesgo afecta la imagen de la entidad con algunos usuarios de relevancia frente al logro de los objetivos
G188: El riesgo afecta la imagen de de la entidad con efecto publicitario sostenido a nivel de sector administrativo, nivel departamental o municipal | H188: =IF(NOT(ISBLANK(F188)),F188,IF(NOT(ISBLANK(G188))," "&G188,FALSE)) -> El riesgo afecta la imagen de de la entidad con efecto publicitario sostenido a nivel de sector administrativo, nivel departamental o municipal
B189: {=_xlfn.TAKE((_xlfn.UNIQUE('Tabla Impacto'!$B$177:$B$187)), 3, 1)} -> Criterios | G189: El riesgo afecta la imagen de la entidad a nivel nacional, con efecto publicitarios sostenible a nivel país | H189: =IF(NOT(ISBLANK(F189)),F189,IF(NOT(ISBLANK(G189))," "&G189,FALSE)) -> El riesgo afecta la imagen de la entidad a nivel nacional, con efecto publicitarios sostenible a nivel país
B190: Afectación Económica o presupuestal
B191: Pérdida Reputacional | H191: ❌
H192: ✔

Sheet Opciones Tratamiento
B2: Aceptar | E2: Económico
B3: Evitar | E3: Reputacional
B4: Reducir (compartir) | E4: Económico y Reputacional
B5: Reducir (mitigar)
B8: Plan de accion (solo para la opción reducir) | E8: Probabilidad Inherente | F8: Impacto Inherente
B9: Finalizado | E9: Muy Baja | F9: Leve
B10: En curso | E10: Baja | F10: Menor
E11: Media | F11: Moderado
B12: TIPOLOGÍA | E12: Alta | F12: Mayor
B13: Gestión | E13: Muy Alta | F13: Catastrófico
B14: Fiscal
B15: Seg. de la Información
B16: Integridad Pùblica - Corrupción
B17: Integridad Pùblica - LA/FT/FP
B21: Procesos Institucionales
B22: Gestión Estratégica
B23: Gestión Social
B24: Gestión de Desarrollo de Soluciones Habitacionales
B25: Gestión de Atención al Usuario
B26: Gestión del Talento Humano
B27: Gestión de Comunicaciones
B28: Gestión Financiera
... B34: Gesión de Evaluación Indpendiente

Sheet Hoja1
A3: Preventivo
A4: Detectivo
A5: Correctivo
A6: Automático
A7: Manual
A8: Documentado
A9: Sin Documentar
A10: Continua
A11: Aleatoria
A12: Registro Sustancial
A13: Registro Material
A14: Sin registro
... A21: En curso

Sheet Tabla Valoración controles
B1: Tabla Atributos de para el diseño del control
B3: Características | E3: Descripción | F3: Peso
B4: Atributos de Eficiencia | C4: Tipo | D4: Preventivo | E4: Va hacia las causas del riesgo, aseguran el resultado final esperado. | F4: 0.25
D5: Detectivo | E5: Detecta que algo ocurre y devuelve el proceso a los controles preventivos. Se pueden generar reprocesos. | F5: 0.15
D6: Correctivo | E6: Dado que permiten reducir el impacto de la materialización del riesgo, tienen un costo en su implementación. | F6: 0.1
D7: N/A
C8: Implementación | D8: Automático | E8: Son actividades de procesamiento o validación de información que se ejecutan por un sistema y/o aplicativo de manera automática sin la intervención de personas para su realización. | F8: 0.25
D9: Manual | E9: Controles que son ejecutados por una persona., tiene implícito el error humano. | F9: 0.15
D10: N/A
B11: *Atributos de Formalización | C11: Documentación | D11: Documentado | E11: Controles que están documentados en el proceso, ya sea en manuales, procedimientos, flujogramas o cualquier otro documento propio del proceso. | F11: -
D12: Sin Documentar | E12: Identifica a los controles que pese a que se ejecutan en el proceso no se encuentran documentados en ningún documento propio del proceso | F12: -
D13: N/A
C14: Frecuencia | D14: Continua | E14: Este atributo identifica a los controles que se ejecutan siempre que se realiza la actividad originadora del riesgo. | F14: -
D15: Aleatoria | E15: Este atributo identifica a los controles que no siempre se ejecutan cuando se realiza la actividad originadora del riesgo | F15: -
D16: N/A
C17: Evidencia | D17: Con Registro | E17: El control deja un registro que permite evidenciar la ejecución del control | F17: -
D18: Sin Registro | E18: El control no deja registro de la ejecución del control | F18: -
D19: N/A
B20: *Nota 1: Los atributos de formalización se recogerán de manera informativa, con el fin de conocer el entorno del control y complementar el análisis con elementos cualitativos; éstos no tienen una incidencia directa en su efectividad.
